Workbook
Name _MailAutoSig: 'Pay Range Booklet'!$B$1051
Name BusinessUnit: #REF!
Name ChangeOptions: #REF!

Sheet Pay Range Booklet
A1: JOB CODE | B1: JOB TITLE | C1: EFF DATE | D1: BU | E1: RNG | F1: STEP 1 | G1: STEP 2 | H1: STEP 3 | I1: STEP 4 | J1: STEP 5 | K1: STEP 6 | L1: STEP 7 | M1: STEP 8 | N1: STEP 9
A2: 12121 | B2: Statistics Clerk | C2: 38053 | D2: 9 | E2: 27 | F2: =SUMIFS('Salary_OTM Query'!$F:$F,'Salary_OTM Query'!$B:$B,$A2,'Salary_OTM Query'!$E:$E,"=1") -> 22.59 | G2: =SUMIFS('Salary_OTM Query'!$F:$F,'Salary_OTM Query'!$B:$B,$A2,'Salary_OTM Query'!$E:$E,"=2") -> 23.28 | H2: =SUMIFS('Salary_OTM Query'!$F:$F,'Salary_OTM Query'!$B:$B,$A2,'Salary_OTM Query'!$E:$E,"=3") -> 23.65 | I2: =SUMIFS('Salary_OTM Query'!$F:$F,'Salary_OTM Query'!$B:$B,$A2,'Salary_OTM Query'!$E:$E,"=4") -> 24.27 | J2: =SUMIFS('Salary_OTM Query'!$F:$F,'Salary_OTM Query'!$B:$B,$A2,'Salary_OTM Query'!$E:$E,"=5") -> 24.88 | K2: =SUMIFS('Salary_OTM Query'!$F:$F,'Salary_OTM Query'!$B:$B,$A2,'Salary_OTM Query'!$E:$E,"=6") -> 25.61 | L2: =SUMIFS('Salary_OTM Query'!$F:$F,'Salary_OTM Query'!$B:$B,$A2,'Salary_OTM Query'!$E:$E,"=7") -> 26.54 | M2: =SUMIFS('Salary_OTM Query'!$F:$F,'Salary_OTM Query'!$B:$B,$A2,'Salary_OTM Query'!$E:$E,"=8") -> 0 | N2: =SUMIFS('Salary_OTM Query'!$F:$F,'Salary_OTM Query'!$B:$B,$A2,'Salary_OTM Query'!$E:$E,"=9") -> 0
A3: 12131 | B3: Telephone Operator 1 | C3: 36247 | D3: 9 | E3: 4 | F3: =SUMIFS('Salary_OTM Query'!$F:$F,'Salary_OTM Query'!$B:$B,$A3,'Salary_OTM Query'!$E:$E,"=1") -> 20.78 | G3: =SUMIFS('Salary_OTM Query'!$F:$F,'Salary_OTM Query'!$B:$B,$A3,'Salary_OTM Query'!$E:$E,"=2") -> 21.28 | H3: =SUMIFS('Salary_OTM Query'!$F:$F,'Salary_OTM Query'!$B:$B,$A3,'Salary_OTM Query'!$E:$E,"=3") -> 21.83 | I3: =SUMIFS('Salary_OTM Query'!$F:$F,'Salary_OTM Query'!$B:$B,$A3,'Salary_OTM Query'!$E:$E,"=4") -> 22.29 | J3: =SUMIFS('Salary_OTM Query'!$F:$F,'Salary_OTM Query'!$B:$B,$A3,'Salary_OTM Query'!$E:$E,"=5") -> 0 | K3: =SUMIFS('Salary_OTM Query'!$F:$F,'Salary_OTM Query'!$B:$B,$A3,'Salary_OTM Query'!$E:$E,"=6") -> 0 | L3: =SUMIFS('Salary_OTM Query'!$F:$F,'Salary_OTM Query'!$B:$B,$A3,'Salary_OTM Query'!$E:$E,"=7") -> 0 | M3: =SUMIFS('Salary_OTM Query'!$F:$F,'Salary_OTM Query'!$B:$B,$A3,'Salary_OTM Query'!$E:$E,"=8") -> 0 | N3: =SUMIFS('Salary_OTM Query'!$F:$F,'Salary_OTM Query'!$B:$B,$A3,'Salary_OTM Query'!$E:$E,"=9") -> 0
A4: 12132 | B4: Telephone Operator 2 | C4: 36247 | D4: 9 | E4: 25 | F4: =SUMIFS('Salary_OTM Query'!$F:$F,'Salary_OTM Query'!$B:$B,$A4,'Salary_OTM Query'!$E:$E,"=1") -> 21.02 | G4: =SUMIFS('Salary_OTM Query'!$F:$F,'Salary_OTM Query'!$B:$B,$A4,'Salary_OTM Query'!$E:$E,"=2") -> 21.48 | H4: =SUMIFS('Salary_OTM Query'!$F:$F,'Salary_OTM Query'!$B:$B,$A4,'Salary_OTM Query'!$E:$E,"=3") -> 22.04 | I4: =SUMIFS('Salary_OTM Query'!$F:$F,'Salary_OTM Query'!$B:$B,$A4,'Salary_OTM Query'!$E:$E,"=4") -> 22.59 | J4: =SUMIFS('Salary_OTM Query'!$F:$F,'Salary_OTM Query'!$B:$B,$A4,'Salary_OTM Query'!$E:$E,"=5") -> 23.28 | K4: =SUMIFS('Salary_OTM Query'!$F:$F,'Salary_OTM Query'!$B:$B,$A4,'Salary_OTM Query'!$E:$E,"=6") -> 23.65 | L4: =SUMIFS('Salary_OTM Query'!$F:$F,'Salary_OTM Query'!$B:$B,$A4,'Salary_OTM Query'!$E:$E,"=7") -> 0 | M4: =SUMIFS('Salary_OTM Query'!$F:$F,'Salary_OTM Query'!$B:$B,$A4,'Salary_OTM Query'!$E:$E,"=8") -> 0 | N4: =SUMIFS('Salary_OTM Query'!$F:$F,'Salary_OTM Query'!$B:$B,$A4,'Salary_OTM Query'!$E:$E,"=9") -> 0
A5: 12141 | B5: Office Professional 1 | C5: 42953 | D5: 9 | E5: 24 | F5: =SUMIFS('Salary_OTM Query'!$F:$F,'Salary_OTM Query'!$B:$B,$A5,'Salary_OTM Query'!$E:$E,"=1") -> 20.3 | G5: =SUMIFS('Salary_OTM Query'!$F:$F,'Salary_OTM Query'!$B:$B,$A5,'Salary_OTM Query'!$E:$E,"=2") -> 20.78 | H5: =SUMIFS('Salary_OTM Query'!$F:$F,'Salary_OTM Query'!$B:$B,$A5,'Salary_OTM Query'!$E:$E,"=3") -> 21.28 | I5: =SUMIFS('Salary_OTM Query'!$F:$F,'Salary_OTM Query'!$B:$B,$A5,'Salary_OTM Query'!$E:$E,"=4") -> 21.83 | J5: =SUMIFS('Salary_OTM Query'!$F:$F,'Salary_OTM Query'!$B:$B,$A5,'Salary_OTM Query'!$E:$E,"=5") -> 22.29 | K5: =SUMIFS('Salary_OTM Query'!$F:$F,'Salary_OTM Query'!$B:$B,$A5,'Salary_OTM Query'!$E:$E,"=6") -> 0 | L5: =SUMIFS('Salary_OTM Query'!$F:$F,'Salary_OTM Query'!$B:$B,$A5,'Salary_OTM Query'!$E:$E,"=7") -> 0 | M5: =SUMIFS('Salary_OTM Query'!$F:$F,'Salary_OTM Query'!$B:$B,$A5,'Salary_OTM Query'!$E:$E,"=8") -> 0 | N5: =SUMIFS('Salary_OTM Query'!$F:$F,'Salary_OTM Query'!$B:$B,$A5,'Salary_OTM Query'!$E:$E,"=9") -> 0
A6: 12142 | B6: Office Professional 2 | C6: 43079 | D6: 9 | E6: 26 | F6: =SUMIFS('Salary_OTM Query'!$F:$F,'Salary_OTM Query'!$B:$B,$A6,'Salary_OTM Query'!$E:$E,"=1") -> 21.83 | G6: =SUMIFS('Salary_OTM Query'!$F:$F,'Salary_OTM Query'!$B:$B,$A6,'Salary_OTM Query'!$E:$E,"=2") -> 22.29 | H6: =SUMIFS('Salary_OTM Query'!$F:$F,'Salary_OTM Query'!$B:$B,$A6,'Salary_OTM Query'!$E:$E,"=3") -> 22.86 | I6: =SUMIFS('Salary_OTM Query'!$F:$F,'Salary_OTM Query'!$B:$B,$A6,'Salary_OTM Query'!$E:$E,"=4") -> 23.45 | J6: =SUMIFS('Salary_OTM Query'!$F:$F,'Salary_OTM Query'!$B:$B,$A6,'Salary_OTM Query'!$E:$E,"=5") -> 24.02 | K6: =SUMIFS('Salary_OTM Query'!$F:$F,'Salary_OTM Query'!$B:$B,$A6,'Salary_OTM Query'!$E:$E,"=6") -> 24.63 | L6: =SUMIFS('Salary_OTM Query'!$F:$F,'Salary_OTM Query'!$B:$B,$A6,'Salary_OTM Query'!$E:$E,"=7") -> 0 | M6: =SUMIFS('Salary_OTM Query'!$F:$F,'Salary_OTM Query'!$B:$B,$A6,'Salary_OTM Query'!$E:$E,"=8") -> 0 | N6: =SUMIFS('Salary_OTM Query'!$F:$F,'Salary_OTM Query'!$B:$B,$A6,'Salary_OTM Query'!$E:$E,"=9") -> 0
A7: 12145 | B7: Office Professional Supervisor | C7: 42953 | D7: 22 | E7: 9 | F7: =SUMIFS('Salary_OTM Query'!$F:$F,'Salary_OTM Query'!$B:$B,$A7,'Salary_OTM Query'!$E:$E,"=1") -> 25.72 | G7: =SUMIFS('Salary_OTM Query'!$F:$F,'Salary_OTM Query'!$B:$B,$A7,'Salary_OTM Query'!$E:$E,"=2") -> 27.06 | H7: =SUMIFS('Salary_OTM Query'!$F:$F,'Salary_OTM Query'!$B:$B,$A7,'Salary_OTM Query'!$E:$E,"=3") -> 28.39 | I7: =SUMIFS('Salary_OTM Query'!$F:$F,'Salary_OTM Query'!$B:$B,$A7,'Salary_OTM Query'!$E:$E,"=4") -> 29.81 | J7: =SUMIFS('Salary_OTM Query'!$F:$F,'Salary_OTM Query'!$B:$B,$A7,'Salary_OTM Query'!$E:$E,"=5") -> 31.31 | K7: =SUMIFS('Salary_OTM Query'!$F:$F,'Salary_OTM Query'!$B:$B,$A7,'Salary_OTM Query'!$E:$E,"=6") -> 0 | L7: =SUMIFS('Salary_OTM Query'!$F:$F,'Salary_OTM Query'!$B:$B,$A7,'Salary_OTM Query'!$E:$E,"=7") -> 0 | M7: =SUMIFS('Salary_OTM Query'!$F:$F,'Salary_OTM Query'!$B:$B,$A7,'Salary_OTM Query'!$E:$E,"=8") -> 0 | N7: =SUMIFS('Salary_OTM Query'!$F:$F,'Salary_OTM Query'!$B:$B,$A7,'Salary_OTM Query'!$E:$E,"=9") -> 0
A8: 12311 | B8: Data Storage Technician 1 | C8: 38053 | D8: 9 | E8: 27 | F8: =SUMIFS('Salary_OTM Query'!$F:$F,'Salary_OTM Query'!$B:$B,$A8,'Salary_OTM Query'!$E:$E,"=1") -> 22.59 | G8: =SUMIFS('Salary_OTM Query'!$F:$F,'Salary_OTM Query'!$B:$B,$A8,'Salary_OTM Query'!$E:$E,"=2") -> 23.28 | H8: =SUMIFS('Salary_OTM Query'!$F:$F,'Salary_OTM Query'!$B:$B,$A8,'Salary_OTM Query'!$E:$E,"=3") -> 23.65 | I8: =SUMIFS('Salary_OTM Query'!$F:$F,'Salary_OTM Query'!$B:$B,$A8,'Salary_OTM Query'!$E:$E,"=4") -> 24.27 | J8: =SUMIFS('Salary_OTM Query'!$F:$F,'Salary_OTM Query'!$B:$B,$A8,'Salary_OTM Query'!$E:$E,"=5") -> 24.88 | K8: =SUMIFS('Salary_OTM Query'!$F:$F,'Salary_OTM Query'!$B:$B,$A8,'Salary_OTM Query'!$E:$E,"=6") -> 25.61 | L8: =SUMIFS('Salary_OTM Query'!$F:$F,'Salary_OTM Query'!$B:$B,$A8,'Salary_OTM Query'!$E:$E,"=7") -> 26.54 | M8: =SUMIFS('Salary_OTM Query'!$F:$F,'Salary_OTM Query'!$B:$B,$A8,'Salary_OTM Query'!$E:$E,"=8") -> 0 | N8: =SUMIFS('Salary_OTM Query'!$F:$F,'Salary_OTM Query'!$B:$B,$A8,'Salary_OTM Query'!$E:$E,"=9") -> 0
A9: 12312 | B9: Data Storage Technician 2 | C9: 32958 | D9: 9 | E9: 28 | F9: =SUMIFS('Salary_OTM Query'!$F:$F,'Salary_OTM Query'!$B:$B,$A9,'Salary_OTM Query'!$E:$E,"=1") -> 23.65 | G9: =SUMIFS('Salary_OTM Query'!$F:$F,'Salary_OTM Query'!$B:$B,$A9,'Salary_OTM Query'!$E:$E,"=2") -> 24.27 | H9: =SUMIFS('Salary_OTM Query'!$F:$F,'Salary_OTM Query'!$B:$B,$A9,'Salary_OTM Query'!$E:$E,"=3") -> 24.88 | I9: =SUMIFS('Salary_OTM Query'!$F:$F,'Salary_OTM Query'!$B:$B,$A9,'Salary_OTM Query'!$E:$E,"=4") -> 25.61 | J9: =SUMIFS('Salary_OTM Query'!$F:$F,'Salary_OTM Query'!$B:$B,$A9,'Salary_OTM Query'!$E:$E,"=5") -> 26.54 | K9: =SUMIFS('Salary_OTM Query'!$F:$F,'Salary_OTM Query'!$B:$B,$A9,'Salary_OTM Query'!$E:$E,"=6") -> 27.56 | L9: =SUMIFS('Salary_OTM Query'!$F:$F,'Salary_OTM Query'!$B:$B,$A9,'Salary_OTM Query'!$E:$E,"=7") -> 28.76 | M9: =SUMIFS('Salary_OTM Query'!$F:$F,'Salary_OTM Query'!$B:$B,$A9,'Salary_OTM Query'!$E:$E,"=8") -> 0 | N9: =SUMIFS('Salary_OTM Query'!$F:$F,'Salary_OTM Query'!$B:$B,$A9,'Salary_OTM Query'!$E:$E,"=9") -> 0
A10: 12321 | B10: Data Processor 1 | C10: 32958 | D10: 9 | E10: 4 | F10: =SUMIFS('Salary_OTM Query'!$F:$F,'Salary_OTM Query'!$B:$B,$A10,'Salary_OTM Query'!$E:$E,"=1") -> 20.78 | G10: =SUMIFS('Salary_OTM Query'!$F:$F,'Salary_OTM Query'!$B:$B,$A10,'Salary_OTM Query'!$E:$E,"=2") -> 21.28 | H10: =SUMIFS('Salary_OTM Query'!$F:$F,'Salary_OTM Query'!$B:$B,$A10,'Salary_OTM Query'!$E:$E,"=3") -> 21.83 | I10: =SUMIFS('Salary_OTM Query'!$F:$F,'Salary_OTM Query'!$B:$B,$A10,'Salary_OTM Query'!$E:$E,"=4") -> 22.29 | J10: =SUMIFS('Salary_OTM Query'!$F:$F,'Salary_OTM Query'!$B:$B,$A10,'Salary_OTM Query'!$E:$E,"=5") -> 0 | K10: =SUMIFS('Salary_OTM Query'!$F:$F,'Salary_OTM Query'!$B:$B,$A10,'Salary_OTM Query'!$E:$E,"=6") -> 0 | L10: =SUMIFS('Salary_OTM Query'!$F:$F,'Salary_OTM Query'!$B:$B,$A10,'Salary_OTM Query'!$E:$E,"=7") -> 0 | M10: =SUMIFS('Salary_OTM Query'!$F:$F,'Salary_OTM Query'!$B:$B,$A10,'Salary_OTM Query'!$E:$E,"=8") -> 0 | N10: =SUMIFS('Salary_OTM Query'!$F:$F,'Salary_OTM Query'!$B:$B,$A10,'Salary_OTM Query'!$E:$E,"=9") -> 0
A11: 12322 | B11: Data Processor 2 | C11: 32958 | D11: 9 | E11: 25 | F11: =SUMIFS('Salary_OTM Query'!$F:$F,'Salary_OTM Query'!$B:$B,$A11,'Salary_OTM Query'!$E:$E,"=1") -> 21.02 | G11: =SUMIFS('Salary_OTM Query'!$F:$F,'Salary_OTM Query'!$B:$B,$A11,'Salary_OTM Query'!$E:$E,"=2") -> 21.48 | H11: =SUMIFS('Salary_OTM Query'!$F:$F,'Salary_OTM Query'!$B:$B,$A11,'Salary_OTM Query'!$E:$E,"=3") -> 22.04 | I11: =SUMIFS('Salary_OTM Query'!$F:$F,'Salary_OTM Query'!$B:$B,$A11,'Salary_OTM Query'!$E:$E,"=4") -> 22.59 | J11: =SUMIFS('Salary_OTM Query'!$F:$F,'Salary_OTM Query'!$B:$B,$A11,'Salary_OTM Query'!$E:$E,"=5") -> 23.28 | K11: =SUMIFS('Salary_OTM Query'!$F:$F,'Salary_OTM Query'!$B:$B,$A11,'Salary_OTM Query'!$E:$E,"=6") -> 23.65 | L11: =SUMIFS('Salary_OTM Query'!$F:$F,'Salary_OTM Query'!$B:$B,$A11,'Salary_OTM Query'!$E:$E,"=7") -> 0 | M11: =SUMIFS('Salary_OTM Query'!$F:$F,'Salary_OTM Query'!$B:$B,$A11,'Salary_OTM Query'!$E:$E,"=8") -> 0 | N11: =SUMIFS('Salary_OTM Query'!$F:$F,'Salary_OTM Query'!$B:$B,$A11,'Salary_OTM Query'!$E:$E,"=9") -> 0
A12: 12323 | B12: Data Processor 3 | C12: 32958 | D12: 9 | E12: 26 | F12: =SUMIFS('Salary_OTM Query'!$F:$F,'Salary_OTM Query'!$B:$B,$A12,'Salary_OTM Query'!$E:$E,"=1") -> 21.83 | G12: =SUMIFS('Salary_OTM Query'!$F:$F,'Salary_OTM Query'!$B:$B,$A12,'Salary_OTM Query'!$E:$E,"=2") -> 22.29 | H12: =SUMIFS('Salary_OTM Query'!$F:$F,'Salary_OTM Query'!$B:$B,$A12,'Salary_OTM Query'!$E:$E,"=3") -> 22.86 | I12: =SUMIFS('Salary_OTM Query'!$F:$F,'Salary_OTM Query'!$B:$B,$A12,'Salary_OTM Query'!$E:$E,"=4") -> 23.45 | J12: =SUMIFS('Salary_OTM Query'!$F:$F,'Salary_OTM Query'!$B:$B,$A12,'Salary_OTM Query'!$E:$E,"=5") -> 24.02 | K12: =SUMIFS('Salary_OTM Query'!$F:$F,'Salary_OTM Query'!$B:$B,$A12,'Salary_OTM Query'!$E:$E,"=6") -> 24.63 | L12: =SUMIFS('Salary_OTM Query'!$F:$F,'Salary_OTM Query'!$B:$B,$A12,'Salary_OTM Query'!$E:$E,"=7") -> 0 | M12: =SUMIFS('Salary_OTM Query'!$F:$F,'Salary_OTM Query'!$B:$B,$A12,'Salary_OTM Query'!$E:$E,"=8") -> 0 | N12: =SUMIFS('Salary_OTM Query'!$F:$F,'Salary_OTM Query'!$B:$B,$A12,'Salary_OTM Query'!$E:$E,"=9") -> 0
A13: 12331 | B13: Data Entry Operator 1 | C13: 32958 | D13: 9 | E13: 4 | F13: =SUMIFS('Salary_OTM Query'!$F:$F,'Salary_OTM Query'!$B:$B,$A13,'Salary_OTM Query'!$E:$E,"=1") -> 20.78 | G13: =SUMIFS('Salary_OTM Query'!$F:$F,'Salary_OTM Query'!$B:$B,$A13,'Salary_OTM Query'!$E:$E,"=2") -> 21.28 | H13: =SUMIFS('Salary_OTM Query'!$F:$F,'Salary_OTM Query'!$B:$B,$A13,'Salary_OTM Query'!$E:$E,"=3") -> 21.83 | I13: =SUMIFS('Salary_OTM Query'!$F:$F,'Salary_OTM Query'!$B:$B,$A13,'Salary_OTM Query'!$E:$E,"=4") -> 22.29 | J13: =SUMIFS('Salary_OTM Query'!$F:$F,'Salary_OTM Query'!$B:$B,$A13,'Salary_OTM Query'!$E:$E,"=5") -> 0 | K13: =SUMIFS('Salary_OTM Query'!$F:$F,'Salary_OTM Query'!$B:$B,$A13,'Salary_OTM Query'!$E:$E,"=6") -> 0 | L13: =SUMIFS('Salary_OTM Query'!$F:$F,'Salary_OTM Query'!$B:$B,$A13,'Salary_OTM Query'!$E:$E,"=7") -> 0 | M13: =SUMIFS('Salary_OTM Query'!$F:$F,'Salary_OTM Query'!$B:$B,$A13,'Salary_OTM Query'!$E:$E,"=8") -> 0 | N13: =SUMIFS('Salary_OTM Query'!$F:$F,'Salary_OTM Query'!$B:$B,$A13,'Salary_OTM Query'!$E:$E,"=9") -> 0
... A183: 22333 | B183: Forest Manager 3 | C183: 45823 | D183: 22 | E183: 12 | F183: =SUMIFS('Salary_OTM Query'!$F:$F,'Salary_OTM Query'!$B:$B,$A183,'Salary_OTM Query'!$E:$E,"=1") -> 33.32 | G183: =SUMIFS('Salary_OTM Query'!$F:$F,'Salary_OTM Query'!$B:$B,$A183,'Salary_OTM Query'!$E:$E,"=2") -> 35.21 | H183: =SUMIFS('Salary_OTM Query'!$F:$F,'Salary_OTM Query'!$B:$B,$A183,'Salary_OTM Query'!$E:$E,"=3") -> 37.09 | I183: =SUMIFS('Salary_OTM Query'!$F:$F,'Salary_OTM Query'!$B:$B,$A183,'Salary_OTM Query'!$E:$E,"=4") -> 39.14 | J183: =SUMIFS('Salary_OTM Query'!$F:$F,'Salary_OTM Query'!$B:$B,$A183,'Salary_OTM Query'!$E:$E,"=5") -> 41.31 | K183: =SUMIFS('Salary_OTM Query'!$F:$F,'Salary_OTM Query'!$B:$B,$A183,'Salary_OTM Query'!$E:$E,"=6") -> 43.57 | L183: =SUMIFS('Salary_OTM Query'!$F:$F,'Salary_OTM Query'!$B:$B,$A183,'Salary_OTM Query'!$E:$E,"=7") -> 45.35 | M183: =SUMIFS('Salary_OTM Query'!$F:$F,'Salary_OTM Query'!$B:$B,$A183,'Salary_OTM Query'!$E:$E,"=8") -> 47.47 | N183: =SUMIFS('Salary_OTM Query'!$F:$F,'Salary_OTM Query'!$B:$B,$A183,'Salary_OTM Query'!$E:$E,"=9") -> 0
A184: 22334 | B184: Forest Manager 4 | C184: 45823 | D184: 22 | E184: 13 | F184: =SUMIFS('Salary_OTM Query'!$F:$F,'Salary_OTM Query'!$B:$B,$A184,'Salary_OTM Query'!$E:$E,"=1") -> 36.75 | G184: =SUMIFS('Salary_OTM Query'!$F:$F,'Salary_OTM Query'!$B:$B,$A184,'Salary_OTM Query'!$E:$E,"=2") -> 38.75 | H184: =SUMIFS('Salary_OTM Query'!$F:$F,'Salary_OTM Query'!$B:$B,$A184,'Salary_OTM Query'!$E:$E,"=3") -> 40.87 | I184: =SUMIFS('Salary_OTM Query'!$F:$F,'Salary_OTM Query'!$B:$B,$A184,'Salary_OTM Query'!$E:$E,"=4") -> 43.07 | J184: =SUMIFS('Salary_OTM Query'!$F:$F,'Salary_OTM Query'!$B:$B,$A184,'Salary_OTM Query'!$E:$E,"=5") -> 45.5 | K184: =SUMIFS('Salary_OTM Query'!$F:$F,'Salary_OTM Query'!$B:$B,$A184,'Salary_OTM Query'!$E:$E,"=6") -> 47.95 | L184: =SUMIFS('Salary_OTM Query'!$F:$F,'Salary_OTM Query'!$B:$B,$A184,'Salary_OTM Query'!$E:$E,"=7") -> 49.92 | M184: =SUMIFS('Salary_OTM Query'!$F:$F,'Salary_OTM Query'!$B:$B,$A184,'Salary_OTM Query'!$E:$E,"=8") -> 52.27
A185: 22336 | B185: District Forest Manager | C185: 45823 | D185: 22 | E185: 14 | F185: =SUMIFS('Salary_OTM Query'!$F:$F,'Salary_OTM Query'!$B:$B,$A185,'Salary_OTM Query'!$E:$E,"=1") -> 40.4 | G185: =SUMIFS('Salary_OTM Query'!$F:$F,'Salary_OTM Query'!$B:$B,$A185,'Salary_OTM Query'!$E:$E,"=2") -> 42.7 | H185: =SUMIFS('Salary_OTM Query'!$F:$F,'Salary_OTM Query'!$B:$B,$A185,'Salary_OTM Query'!$E:$E,"=3") -> 44.99 | I185: =SUMIFS('Salary_OTM Query'!$F:$F,'Salary_OTM Query'!$B:$B,$A185,'Salary_OTM Query'!$E:$E,"=4") -> 47.43 | J185: =SUMIFS('Salary_OTM Query'!$F:$F,'Salary_OTM Query'!$B:$B,$A185,'Salary_OTM Query'!$E:$E,"=5") -> 50.12 | K185: =SUMIFS('Salary_OTM Query'!$F:$F,'Salary_OTM Query'!$B:$B,$A185,'Salary_OTM Query'!$E:$E,"=6") -> 52.9 | L185: =SUMIFS('Salary_OTM Query'!$F:$F,'Salary_OTM Query'!$B:$B,$A185,'Salary_OTM Query'!$E:$E,"=7") -> 55.09 | M185: =SUMIFS('Salary_OTM Query'!$F:$F,'Salary_OTM Query'!$B:$B,$A185,'Salary_OTM Query'!$E:$E,"=8") -> 57.67 | N185: =SUMIFS('Salary_OTM Query'!$F:$F,'Salary_OTM Query'!$B:$B,$A185,'Salary_OTM Query'!$E:$E,"=9") -> 0
A186: 22356 | B186: Nursery Manager | C186: 45361 | D186: 22 | E186: 12 | F186: =SUMIFS('Salary_OTM Query'!$F:$F,'Salary_OTM Query'!$B:$B,$A186,'Salary_OTM Query'!$E:$E,"=1") -> 33.32 | G186: =SUMIFS('Salary_OTM Query'!$F:$F,'Salary_OTM Query'!$B:$B,$A186,'Salary_OTM Query'!$E:$E,"=2") -> 35.21 | H186: =SUMIFS('Salary_OTM Query'!$F:$F,'Salary_OTM Query'!$B:$B,$A186,'Salary_OTM Query'!$E:$E,"=3") -> 37.09 | I186: =SUMIFS('Salary_OTM Query'!$F:$F,'Salary_OTM Query'!$B:$B,$A186,'Salary_OTM Query'!$E:$E,"=4") -> 39.14 | J186: =SUMIFS('Salary_OTM Query'!$F:$F,'Salary_OTM Query'!$B:$B,$A186,'Salary_OTM Query'!$E:$E,"=5") -> 41.31 | K186: =SUMIFS('Salary_OTM Query'!$F:$F,'Salary_OTM Query'!$B:$B,$A186,'Salary_OTM Query'!$E:$E,"=6") -> 43.57 | L186: =SUMIFS('Salary_OTM Query'!$F:$F,'Salary_OTM Query'!$B:$B,$A186,'Salary_OTM Query'!$E:$E,"=7") -> 45.35 | M186: =SUMIFS('Salary_OTM Query'!$F:$F,'Salary_OTM Query'!$B:$B,$A186,'Salary_OTM Query'!$E:$E,"=8") -> 47.47 | N186: =SUMIFS('Salary_OTM Query'!$F:$F,'Salary_OTM Query'!$B:$B,$A186,'Salary_OTM Query'!$E:$E,"=9") -> 0
A187: 22365 | B187: Wildlife Propagation Unit Supervisor | C187: 35771 | D187: 22 | E187: 11 | F187: =SUMIFS('Salary_OTM Query'!$F:$F,'Salary_OTM Query'!$B:$B,$A187,'Salary_OTM Query'!$E:$E,"=1") -> 30.22 | G187: =SUMIFS('Salary_OTM Query'!$F:$F,'Salary_OTM Query'!$B:$B,$A187,'Salary_OTM Query'!$E:$E,"=2") -> 31.96 | H187: =SUMIFS('Salary_OTM Query'!$F:$F,'Salary_OTM Query'!$B:$B,$A187,'Salary_OTM Query'!$E:$E,"=3") -> 33.81 | I187: =SUMIFS('Salary_OTM Query'!$F:$F,'Salary_OTM Query'!$B:$B,$A187,'Salary_OTM Query'!$E:$E,"=4") -> 35.72 | J187: =SUMIFS('Salary_OTM Query'!$F:$F,'Salary_OTM Query'!$B:$B,$A187,'Salary_OTM Query'!$E:$E,"=5") -> 37.75 | K187: =SUMIFS('Salary_OTM Query'!$F:$F,'Salary_OTM Query'!$B:$B,$A187,'Salary_OTM Query'!$E:$E,"=6") -> 0 | L187: =SUMIFS('Salary_OTM Query'!$F:$F,'Salary_OTM Query'!$B:$B,$A187,'Salary_OTM Query'!$E:$E,"=7") -> 0 | M187: =SUMIFS('Salary_OTM Query'!$F:$F,'Salary_OTM Query'!$B:$B,$A187,'Salary_OTM Query'!$E:$E,"=8") -> 0 | N187: =SUMIFS('Salary_OTM Query'!$F:$F,'Salary_OTM Query'!$B:$B,$A187,'Salary_OTM Query'!$E:$E,"=9") -> 0
A188: 22411 | B188: Preserve Manager Aide | C188: 35757 | D188: 6 | E188: 28 | F188: =SUMIFS('Salary_OTM Query'!$F:$F,'Salary_OTM Query'!$B:$B,$A188,'Salary_OTM Query'!$E:$E,"=1") -> 23.65 | G188: =SUMIFS('Salary_OTM Query'!$F:$F,'Salary_OTM Query'!$B:$B,$A188,'Salary_OTM Query'!$E:$E,"=2") -> 24.27 | H188: =SUMIFS('Salary_OTM Query'!$F:$F,'Salary_OTM Query'!$B:$B,$A188,'Salary_OTM Query'!$E:$E,"=3") -> 24.88 | I188: =SUMIFS('Salary_OTM Query'!$F:$F,'Salary_OTM Query'!$B:$B,$A188,'Salary_OTM Query'!$E:$E,"=4") -> 25.61 | J188: =SUMIFS('Salary_OTM Query'!$F:$F,'Salary_OTM Query'!$B:$B,$A188,'Salary_OTM Query'!$E:$E,"=5") -> 26.54 | K188: =SUMIFS('Salary_OTM Query'!$F:$F,'Salary_OTM Query'!$B:$B,$A188,'Salary_OTM Query'!$E:$E,"=6") -> 27.56 | L188: =SUMIFS('Salary_OTM Query'!$F:$F,'Salary_OTM Query'!$B:$B,$A188,'Salary_OTM Query'!$E:$E,"=7") -> 28.76 | M188: =SUMIFS('Salary_OTM Query'!$F:$F,'Salary_OTM Query'!$B:$B,$A188,'Salary_OTM Query'!$E:$E,"=8") -> 0 | N188: =SUMIFS('Salary_OTM Query'!$F:$F,'Salary_OTM Query'!$B:$B,$A188,'Salary_OTM Query'!$E:$E,"=9") -> 0
A189: 22415 | B189: Preserve Manager | C189: 43709 | D189: 22 | E189: 10 | F189: =SUMIFS('Salary_OTM Query'!$F:$F,'Salary_OTM Query'!$B:$B,$A189,'Salary_OTM Query'!$E:$E,"=1") -> 27.73 | G189: =SUMIFS('Salary_OTM Query'!$F:$F,'Salary_OTM Query'!$B:$B,$A189,'Salary_OTM Query'!$E:$E,"=2") -> 29.25 | H189: =SUMIFS('Salary_OTM Query'!$F:$F,'Salary_OTM Query'!$B:$B,$A189,'Salary_OTM Query'!$E:$E,"=3") -> 30.83 | I189: =SUMIFS('Salary_OTM Query'!$F:$F,'Salary_OTM Query'!$B:$B,$A189,'Salary_OTM Query'!$E:$E,"=4") -> 32.61 | J189: =SUMIFS('Salary_OTM Query'!$F:$F,'Salary_OTM Query'!$B:$B,$A189,'Salary_OTM Query'!$E:$E,"=5") -> 34.35 | K189: =SUMIFS('Salary_OTM Query'!$F:$F,'Salary_OTM Query'!$B:$B,$A189,'Salary_OTM Query'!$E:$E,"=6") -> 0 | L189: =SUMIFS('Salary_OTM Query'!$F:$F,'Salary_OTM Query'!$B:$B,$A189,'Salary_OTM Query'!$E:$E,"=7") -> 0 | M189: =SUMIFS('Salary_OTM Query'!$F:$F,'Salary_OTM Query'!$B:$B,$A189,'Salary_OTM Query'!$E:$E,"=8") -> 0 | N189: =SUMIFS('Salary_OTM Query'!$F:$F,'Salary_OTM Query'!$B:$B,$A189,'Salary_OTM Query'!$E:$E,"=9") -> 0
A190: 22416 | B190: District Preserve Manager | C190: 43709 | D190: 22 | E190: 11 | F190: =SUMIFS('Salary_OTM Query'!$F:$F,'Salary_OTM Query'!$B:$B,$A190,'Salary_OTM Query'!$E:$E,"=1") -> 30.22 | G190: =SUMIFS('Salary_OTM Query'!$F:$F,'Salary_OTM Query'!$B:$B,$A190,'Salary_OTM Query'!$E:$E,"=2") -> 31.96 | H190: =SUMIFS('Salary_OTM Query'!$F:$F,'Salary_OTM Query'!$B:$B,$A190,'Salary_OTM Query'!$E:$E,"=3") -> 33.81 | I190: =SUMIFS('Salary_OTM Query'!$F:$F,'Salary_OTM Query'!$B:$B,$A190,'Salary_OTM Query'!$E:$E,"=4") -> 35.72 | J190: =SUMIFS('Salary_OTM Query'!$F:$F,'Salary_OTM Query'!$B:$B,$A190,'Salary_OTM Query'!$E:$E,"=5") -> 37.75 | K190: =SUMIFS('Salary_OTM Query'!$F:$F,'Salary_OTM Query'!$B:$B,$A190,'Salary_OTM Query'!$E:$E,"=6") -> 0 | L190: =SUMIFS('Salary_OTM Query'!$F:$F,'Salary_OTM Query'!$B:$B,$A190,'Salary_OTM Query'!$E:$E,"=7") -> 0 | M190: =SUMIFS('Salary_OTM Query'!$F:$F,'Salary_OTM Query'!$B:$B,$A190,'Salary_OTM Query'!$E:$E,"=8") -> 0 | N190: =SUMIFS('Salary_OTM Query'!$F:$F,'Salary_OTM Query'!$B:$B,$A190,'Salary_OTM Query'!$E:$E,"=9") -> 0
A191: 22417 | B191: Regional Preserve Manager | C191: 43149 | D191: 22 | E191: 12 | F191: =SUMIFS('Salary_OTM Query'!$F:$F,'Salary_OTM Query'!$B:$B,$A191,'Salary_OTM Query'!$E:$E,"=1") -> 33.32 | G191: =SUMIFS('Salary_OTM Query'!$F:$F,'Salary_OTM Query'!$B:$B,$A191,'Salary_OTM Query'!$E:$E,"=2") -> 35.21 | H191: =SUMIFS('Salary_OTM Query'!$F:$F,'Salary_OTM Query'!$B:$B,$A191,'Salary_OTM Query'!$E:$E,"=3") -> 37.09 | I191: =SUMIFS('Salary_OTM Query'!$F:$F,'Salary_OTM Query'!$B:$B,$A191,'Salary_OTM Query'!$E:$E,"=4") -> 39.14 | J191: =SUMIFS('Salary_OTM Query'!$F:$F,'Salary_OTM Query'!$B:$B,$A191,'Salary_OTM Query'!$E:$E,"=5") -> 41.31 | K191: =SUMIFS('Salary_OTM Query'!$F:$F,'Salary_OTM Query'!$B:$B,$A191,'Salary_OTM Query'!$E:$E,"=6") -> 43.57 | L191: =SUMIFS('Salary_OTM Query'!$F:$F,'Salary_OTM Query'!$B:$B,$A191,'Salary_OTM Query'!$E:$E,"=7") -> 45.35 | M191: =SUMIFS('Salary_OTM Query'!$F:$F,'Salary_OTM Query'!$B:$B,$A191,'Salary_OTM Query'!$E:$E,"=8") -> 47.47 | N191: =SUMIFS('Salary_OTM Query'!$F:$F,'Salary_OTM Query'!$B:$B,$A191,'Salary_OTM Query'!$E:$E,"=9") -> 0
A192: 22515 | B192: Assistant Park & Watercraft Manager | C192: 43373 | D192: 22 | E192: 10 | F192: =SUMIFS('Salary_OTM Query'!$F:$F,'Salary_OTM Query'!$B:$B,$A192,'Salary_OTM Query'!$E:$E,"=1") -> 27.73 | G192: =SUMIFS('Salary_OTM Query'!$F:$F,'Salary_OTM Query'!$B:$B,$A192,'Salary_OTM Query'!$E:$E,"=2") -> 29.25 | H192: =SUMIFS('Salary_OTM Query'!$F:$F,'Salary_OTM Query'!$B:$B,$A192,'Salary_OTM Query'!$E:$E,"=3") -> 30.83 | I192: =SUMIFS('Salary_OTM Query'!$F:$F,'Salary_OTM Query'!$B:$B,$A192,'Salary_OTM Query'!$E:$E,"=4") -> 32.61 | J192: =SUMIFS('Salary_OTM Query'!$F:$F,'Salary_OTM Query'!$B:$B,$A192,'Salary_OTM Query'!$E:$E,"=5") -> 34.35 | K192: =SUMIFS('Salary_OTM Query'!$F:$F,'Salary_OTM Query'!$B:$B,$A192,'Salary_OTM Query'!$E:$E,"=6") -> 0 | L192: =SUMIFS('Salary_OTM Query'!$F:$F,'Salary_OTM Query'!$B:$B,$A192,'Salary_OTM Query'!$E:$E,"=7") -> 0 | M192: =SUMIFS('Salary_OTM Query'!$F:$F,'Salary_OTM Query'!$B:$B,$A192,'Salary_OTM Query'!$E:$E,"=8") -> 0 | N192: =SUMIFS('Salary_OTM Query'!$F:$F,'Salary_OTM Query'!$B:$B,$A192,'Salary_OTM Query'!$E:$E,"=9") -> 0
A193: 22516 | B193: Park & Watercraft Manager 1 | C193: 43373 | D193: 22 | E193: 12 | F193: =SUMIFS('Salary_OTM Query'!$F:$F,'Salary_OTM Query'!$B:$B,$A193,'Salary_OTM Query'!$E:$E,"=1") -> 33.32 | G193: =SUMIFS('Salary_OTM Query'!$F:$F,'Salary_OTM Query'!$B:$B,$A193,'Salary_OTM Query'!$E:$E,"=2") -> 35.21 | H193: =SUMIFS('Salary_OTM Query'!$F:$F,'Salary_OTM Query'!$B:$B,$A193,'Salary_OTM Query'!$E:$E,"=3") -> 37.09 | I193: =SUMIFS('Salary_OTM Query'!$F:$F,'Salary_OTM Query'!$B:$B,$A193,'Salary_OTM Query'!$E:$E,"=4") -> 39.14 | J193: =SUMIFS('Salary_OTM Query'!$F:$F,'Salary_OTM Query'!$B:$B,$A193,'Salary_OTM Query'!$E:$E,"=5") -> 41.31 | K193: =SUMIFS('Salary_OTM Query'!$F:$F,'Salary_OTM Query'!$B:$B,$A193,'Salary_OTM Query'!$E:$E,"=6") -> 43.57 | L193: =SUMIFS('Salary_OTM Query'!$F:$F,'Salary_OTM Query'!$B:$B,$A193,'Salary_OTM Query'!$E:$E,"=7") -> 45.35 | M193: =SUMIFS('Salary_OTM Query'!$F:$F,'Salary_OTM Query'!$B:$B,$A193,'Salary_OTM Query'!$E:$E,"=8") -> 47.47 | N193: =SUMIFS('Salary_OTM Query'!$F:$F,'Salary_OTM Query'!$B:$B,$A193,'Salary_OTM Query'!$E:$E,"=9") -> 0
A194: 22517 | B194: Park & Watercraft Manager 2 | C194: 43373 | D194: 22 | E194: 13 | F194: =SUMIFS('Salary_OTM Query'!$F:$F,'Salary_OTM Query'!$B:$B,$A194,'Salary_OTM Query'!$E:$E,"=1") -> 36.75 | G194: =SUMIFS('Salary_OTM Query'!$F:$F,'Salary_OTM Query'!$B:$B,$A194,'Salary_OTM Query'!$E:$E,"=2") -> 38.75 | H194: =SUMIFS('Salary_OTM Query'!$F:$F,'Salary_OTM Query'!$B:$B,$A194,'Salary_OTM Query'!$E:$E,"=3") -> 40.87 | I194: =SUMIFS('Salary_OTM Query'!$F:$F,'Salary_OTM Query'!$B:$B,$A194,'Salary_OTM Query'!$E:$E,"=4") -> 43.07 | J194: =SUMIFS('Salary_OTM Query'!$F:$F,'Salary_OTM Query'!$B:$B,$A194,'Salary_OTM Query'!$E:$E,"=5") -> 45.5 | K194: =SUMIFS('Salary_OTM Query'!$F:$F,'Salary_OTM Query'!$B:$B,$A194,'Salary_OTM Query'!$E:$E,"=6") -> 47.95 | L194: =SUMIFS('Salary_OTM Query'!$F:$F,'Salary_OTM Query'!$B:$B,$A194,'Salary_OTM Query'!$E:$E,"=7") -> 49.92 | M194: =SUMIFS('Salary_OTM Query'!$F:$F,'Salary_OTM Query'!$B:$B,$A194,'Salary_OTM Query'!$E:$E,"=8") -> 52.27 | N194: =SUMIFS('Salary_OTM Query'!$F:$F,'Salary_OTM Query'!$B:$B,$A194,'Salary_OTM Query'!$E:$E,"=9") -> 0
A195: 22518 | B195: District Park & Watercraft Manager | C195: 43373 | D195: 22 | E195: 15 | F195: =SUMIFS('Salary_OTM Query'!$F:$F,'Salary_OTM Query'!$B:$B,$A195,'Salary_OTM Query'!$E:$E,"=1") -> 44.38 | G195: =SUMIFS('Salary_OTM Query'!$F:$F,'Salary_OTM Query'!$B:$B,$A195,'Salary_OTM Query'!$E:$E,"=2") -> 46.88 | H195: =SUMIFS('Salary_OTM Query'!$F:$F,'Salary_OTM Query'!$B:$B,$A195,'Salary_OTM Query'!$E:$E,"=3") -> 49.52 | I195: =SUMIFS('Salary_OTM Query'!$F:$F,'Salary_OTM Query'!$B:$B,$A195,'Salary_OTM Query'!$E:$E,"=4") -> 52.24 | J195: =SUMIFS('Salary_OTM Query'!$F:$F,'Salary_OTM Query'!$B:$B,$A195,'Salary_OTM Query'!$E:$E,"=5") -> 55.15 | K195: =SUMIFS('Salary_OTM Query'!$F:$F,'Salary_OTM Query'!$B:$B,$A195,'Salary_OTM Query'!$E:$E,"=6") -> 58.16 | L195: =SUMIFS('Salary_OTM Query'!$F:$F,'Salary_OTM Query'!$B:$B,$A195,'Salary_OTM Query'!$E:$E,"=7") -> 60.55 | M195: =SUMIFS('Salary_OTM Query'!$F:$F,'Salary_OTM Query'!$B:$B,$A195,'Salary_OTM Query'!$E:$E,"=8") -> 63.41 | N195: =SUMIFS('Salary_OTM Query'!$F:$F,'Salary_OTM Query'!$B:$B,$A195,'Salary_OTM Query'!$E:$E,"=9") -> 0
A196: 22520 | B196: Natural Resources Officer Cadet | C196: 45711 | D196: 2 | E196: 9 | F196: =SUMIFS('Salary_OTM Query'!$F:$F,'Salary_OTM Query'!$B:$B,$A196,'Salary_OTM Query'!$E:$E,"=1") -> 26.2 | G196: =SUMIFS('Salary_OTM Query'!$F:$F,'Salary_OTM Query'!$B:$B,$A196,'Salary_OTM Query'!$E:$E,"=2") -> 27.55 | H196: =SUMIFS('Salary_OTM Query'!$F:$F,'Salary_OTM Query'!$B:$B,$A196,'Salary_OTM Query'!$E:$E,"=3") -> 28.56 | I196: =SUMIFS('Salary_OTM Query'!$F:$F,'Salary_OTM Query'!$B:$B,$A196,'Salary_OTM Query'!$E:$E,"=4") -> 29.71 | J196: =SUMIFS('Salary_OTM Query'!$F:$F,'Salary_OTM Query'!$B:$B,$A196,'Salary_OTM Query'!$E:$E,"=5") -> 31.1 | K196: =SUMIFS('Salary_OTM Query'!$F:$F,'Salary_OTM Query'!$B:$B,$A196,'Salary_OTM Query'!$E:$E,"=6") -> 32.64 | L196: =SUMIFS('Salary_OTM Query'!$F:$F,'Salary_OTM Query'!$B:$B,$A196,'Salary_OTM Query'!$E:$E,"=7") -> 0 | M196: =SUMIFS('Salary_OTM Query'!$F:$F,'Salary_OTM Query'!$B:$B,$A196,'Salary_OTM Query'!$E:$E,"=8") -> 0 | N196: =SUMIFS('Salary_OTM Query'!$F:$F,'Salary_OTM Query'!$B:$B,$A196,'Salary_OTM Query'!$E:$E,"=9") -> 0
... A281: 24333 | B281: Driver License Examiner 2 (Lead Worker) | C281: 45558 | D281: 7 | E281: 29 | F281: =SUMIFS('Salary_OTM Query'!$F:$F,'Salary_OTM Query'!$B:$B,$A281,'Salary_OTM Query'!$E:$E,"=1") -> 24.88 | G281: =SUMIFS('Salary_OTM Query'!$F:$F,'Salary_OTM Query'!$B:$B,$A281,'Salary_OTM Query'!$E:$E,"=2") -> 25.61 | H281: =SUMIFS('Salary_OTM Query'!$F:$F,'Salary_OTM Query'!$B:$B,$A281,'Salary_OTM Query'!$E:$E,"=3") -> 26.54 | I281: =SUMIFS('Salary_OTM Query'!$F:$F,'Salary_OTM Query'!$B:$B,$A281,'Salary_OTM Query'!$E:$E,"=4") -> 27.56 | J281: =SUMIFS('Salary_OTM Query'!$F:$F,'Salary_OTM Query'!$B:$B,$A281,'Salary_OTM Query'!$E:$E,"=5") -> 28.76 | K281: =SUMIFS('Salary_OTM Query'!$F:$F,'Salary_OTM Query'!$B:$B,$A281,'Salary_OTM Query'!$E:$E,"=6") -> 30.1 | L281: =SUMIFS('Salary_OTM Query'!$F:$F,'Salary_OTM Query'!$B:$B,$A281,'Salary_OTM Query'!$E:$E,"=7") -> 31.47 | M281: =SUMIFS('Salary_OTM Query'!$F:$F,'Salary_OTM Query'!$B:$B,$A281,'Salary_OTM Query'!$E:$E,"=8") -> 0 | N281: =SUMIFS('Salary_OTM Query'!$F:$F,'Salary_OTM Query'!$B:$B,$A281,'Salary_OTM Query'!$E:$E,"=9") -> 0
A282: 24334 | B282: Driver License Examiner Field Rep | C282: 45558 | D282: 7 | E282: 29 | F282: =SUMIFS('Salary_OTM Query'!$F:$F,'Salary_OTM Query'!$B:$B,$A282,'Salary_OTM Query'!$E:$E,"=1") -> 24.88 | G282: =SUMIFS('Salary_OTM Query'!$F:$F,'Salary_OTM Query'!$B:$B,$A282,'Salary_OTM Query'!$E:$E,"=2") -> 25.61 | H282: =SUMIFS('Salary_OTM Query'!$F:$F,'Salary_OTM Query'!$B:$B,$A282,'Salary_OTM Query'!$E:$E,"=3") -> 26.54 | I282: =SUMIFS('Salary_OTM Query'!$F:$F,'Salary_OTM Query'!$B:$B,$A282,'Salary_OTM Query'!$E:$E,"=4") -> 27.56 | J282: =SUMIFS('Salary_OTM Query'!$F:$F,'Salary_OTM Query'!$B:$B,$A282,'Salary_OTM Query'!$E:$E,"=5") -> 28.76 | K282: =SUMIFS('Salary_OTM Query'!$F:$F,'Salary_OTM Query'!$B:$B,$A282,'Salary_OTM Query'!$E:$E,"=6") -> 30.1 | L282: =SUMIFS('Salary_OTM Query'!$F:$F,'Salary_OTM Query'!$B:$B,$A282,'Salary_OTM Query'!$E:$E,"=7") -> 31.47 | M282: =SUMIFS('Salary_OTM Query'!$F:$F,'Salary_OTM Query'!$B:$B,$A282,'Salary_OTM Query'!$E:$E,"=8") -> 0
A283: 24335 | B283: Driver License Station Supervisor | C283: 42995 | D283: 22 | E283: 10 | F283: =SUMIFS('Salary_OTM Query'!$F:$F,'Salary_OTM Query'!$B:$B,$A283,'Salary_OTM Query'!$E:$E,"=1") -> 27.73 | G283: =SUMIFS('Salary_OTM Query'!$F:$F,'Salary_OTM Query'!$B:$B,$A283,'Salary_OTM Query'!$E:$E,"=2") -> 29.25 | H283: =SUMIFS('Salary_OTM Query'!$F:$F,'Salary_OTM Query'!$B:$B,$A283,'Salary_OTM Query'!$E:$E,"=3") -> 30.83 | I283: =SUMIFS('Salary_OTM Query'!$F:$F,'Salary_OTM Query'!$B:$B,$A283,'Salary_OTM Query'!$E:$E,"=4") -> 32.61 | J283: =SUMIFS('Salary_OTM Query'!$F:$F,'Salary_OTM Query'!$B:$B,$A283,'Salary_OTM Query'!$E:$E,"=5") -> 34.35 | K283: =SUMIFS('Salary_OTM Query'!$F:$F,'Salary_OTM Query'!$B:$B,$A283,'Salary_OTM Query'!$E:$E,"=6") -> 0 | L283: =SUMIFS('Salary_OTM Query'!$F:$F,'Salary_OTM Query'!$B:$B,$A283,'Salary_OTM Query'!$E:$E,"=7") -> 0 | M283: =SUMIFS('Salary_OTM Query'!$F:$F,'Salary_OTM Query'!$B:$B,$A283,'Salary_OTM Query'!$E:$E,"=8") -> 0 | N283: =SUMIFS('Salary_OTM Query'!$F:$F,'Salary_OTM Query'!$B:$B,$A283,'Salary_OTM Query'!$E:$E,"=9") -> 0
A284: 24336 | B284: Driver License Examining Supervisor | C284: 42995 | D284: 22 | E284: 11 | F284: =SUMIFS('Salary_OTM Query'!$F:$F,'Salary_OTM Query'!$B:$B,$A284,'Salary_OTM Query'!$E:$E,"=1") -> 30.22 | G284: =SUMIFS('Salary_OTM Query'!$F:$F,'Salary_OTM Query'!$B:$B,$A284,'Salary_OTM Query'!$E:$E,"=2") -> 31.96 | H284: =SUMIFS('Salary_OTM Query'!$F:$F,'Salary_OTM Query'!$B:$B,$A284,'Salary_OTM Query'!$E:$E,"=3") -> 33.81 | I284: =SUMIFS('Salary_OTM Query'!$F:$F,'Salary_OTM Query'!$B:$B,$A284,'Salary_OTM Query'!$E:$E,"=4") -> 35.72 | J284: =SUMIFS('Salary_OTM Query'!$F:$F,'Salary_OTM Query'!$B:$B,$A284,'Salary_OTM Query'!$E:$E,"=5") -> 37.75 | K284: =SUMIFS('Salary_OTM Query'!$F:$F,'Salary_OTM Query'!$B:$B,$A284,'Salary_OTM Query'!$E:$E,"=6") -> 0 | L284: =SUMIFS('Salary_OTM Query'!$F:$F,'Salary_OTM Query'!$B:$B,$A284,'Salary_OTM Query'!$E:$E,"=7") -> 0 | M284: =SUMIFS('Salary_OTM Query'!$F:$F,'Salary_OTM Query'!$B:$B,$A284,'Salary_OTM Query'!$E:$E,"=8") -> 0 | N284: =SUMIFS('Salary_OTM Query'!$F:$F,'Salary_OTM Query'!$B:$B,$A284,'Salary_OTM Query'!$E:$E,"=9") -> 0
A285: 24341 | B285: Customer Service Specialist 1 | C285: 38949 | D285: 7 | E285: 29 | F285: =SUMIFS('Salary_OTM Query'!$F:$F,'Salary_OTM Query'!$B:$B,$A285,'Salary_OTM Query'!$E:$E,"=1") -> 24.88 | G285: =SUMIFS('Salary_OTM Query'!$F:$F,'Salary_OTM Query'!$B:$B,$A285,'Salary_OTM Query'!$E:$E,"=2") -> 25.61 | H285: =SUMIFS('Salary_OTM Query'!$F:$F,'Salary_OTM Query'!$B:$B,$A285,'Salary_OTM Query'!$E:$E,"=3") -> 26.54 | I285: =SUMIFS('Salary_OTM Query'!$F:$F,'Salary_OTM Query'!$B:$B,$A285,'Salary_OTM Query'!$E:$E,"=4") -> 27.56 | J285: =SUMIFS('Salary_OTM Query'!$F:$F,'Salary_OTM Query'!$B:$B,$A285,'Salary_OTM Query'!$E:$E,"=5") -> 28.76 | K285: =SUMIFS('Salary_OTM Query'!$F:$F,'Salary_OTM Query'!$B:$B,$A285,'Salary_OTM Query'!$E:$E,"=6") -> 30.1 | L285: =SUMIFS('Salary_OTM Query'!$F:$F,'Salary_OTM Query'!$B:$B,$A285,'Salary_OTM Query'!$E:$E,"=7") -> 31.47 | M285: =SUMIFS('Salary_OTM Query'!$F:$F,'Salary_OTM Query'!$B:$B,$A285,'Salary_OTM Query'!$E:$E,"=8") -> 0 | N285: =SUMIFS('Salary_OTM Query'!$F:$F,'Salary_OTM Query'!$B:$B,$A285,'Salary_OTM Query'!$E:$E,"=9") -> 0
A286: 24342 | B286: Customer Service Specialist 2 | C286: 38949 | D286: 7 | E286: 30 | F286: =SUMIFS('Salary_OTM Query'!$F:$F,'Salary_OTM Query'!$B:$B,$A286,'Salary_OTM Query'!$E:$E,"=1") -> 26.54 | G286: =SUMIFS('Salary_OTM Query'!$F:$F,'Salary_OTM Query'!$B:$B,$A286,'Salary_OTM Query'!$E:$E,"=2") -> 27.56 | H286: =SUMIFS('Salary_OTM Query'!$F:$F,'Salary_OTM Query'!$B:$B,$A286,'Salary_OTM Query'!$E:$E,"=3") -> 28.76 | I286: =SUMIFS('Salary_OTM Query'!$F:$F,'Salary_OTM Query'!$B:$B,$A286,'Salary_OTM Query'!$E:$E,"=4") -> 30.1 | J286: =SUMIFS('Salary_OTM Query'!$F:$F,'Salary_OTM Query'!$B:$B,$A286,'Salary_OTM Query'!$E:$E,"=5") -> 31.47 | K286: =SUMIFS('Salary_OTM Query'!$F:$F,'Salary_OTM Query'!$B:$B,$A286,'Salary_OTM Query'!$E:$E,"=6") -> 32.84 | L286: =SUMIFS('Salary_OTM Query'!$F:$F,'Salary_OTM Query'!$B:$B,$A286,'Salary_OTM Query'!$E:$E,"=7") -> 34.53 | M286: =SUMIFS('Salary_OTM Query'!$F:$F,'Salary_OTM Query'!$B:$B,$A286,'Salary_OTM Query'!$E:$E,"=8") -> 0 | N286: =SUMIFS('Salary_OTM Query'!$F:$F,'Salary_OTM Query'!$B:$B,$A286,'Salary_OTM Query'!$E:$E,"=9") -> 0
A287: 24351 | B287: Motor Vehicle Inspector | C287: 42939 | D287: 7 | E287: 28 | F287: =SUMIFS('Salary_OTM Query'!$F:$F,'Salary_OTM Query'!$B:$B,$A287,'Salary_OTM Query'!$E:$E,"=1") -> 23.65 | G287: =SUMIFS('Salary_OTM Query'!$F:$F,'Salary_OTM Query'!$B:$B,$A287,'Salary_OTM Query'!$E:$E,"=2") -> 24.27 | H287: =SUMIFS('Salary_OTM Query'!$F:$F,'Salary_OTM Query'!$B:$B,$A287,'Salary_OTM Query'!$E:$E,"=3") -> 24.88 | I287: =SUMIFS('Salary_OTM Query'!$F:$F,'Salary_OTM Query'!$B:$B,$A287,'Salary_OTM Query'!$E:$E,"=4") -> 25.61 | J287: =SUMIFS('Salary_OTM Query'!$F:$F,'Salary_OTM Query'!$B:$B,$A287,'Salary_OTM Query'!$E:$E,"=5") -> 26.54 | K287: =SUMIFS('Salary_OTM Query'!$F:$F,'Salary_OTM Query'!$B:$B,$A287,'Salary_OTM Query'!$E:$E,"=6") -> 27.56 | L287: =SUMIFS('Salary_OTM Query'!$F:$F,'Salary_OTM Query'!$B:$B,$A287,'Salary_OTM Query'!$E:$E,"=7") -> 28.76 | M287: =SUMIFS('Salary_OTM Query'!$F:$F,'Salary_OTM Query'!$B:$B,$A287,'Salary_OTM Query'!$E:$E,"=8") -> 0 | N287: =SUMIFS('Salary_OTM Query'!$F:$F,'Salary_OTM Query'!$B:$B,$A287,'Salary_OTM Query'!$E:$E,"=9") -> 0
A288: 24411 | B288: Industrial Safety Inspector | C288: 38875 | D288: 7 | E288: 29 | F288: =SUMIFS('Salary_OTM Query'!$F:$F,'Salary_OTM Query'!$B:$B,$A288,'Salary_OTM Query'!$E:$E,"=1") -> 24.88 | G288: =SUMIFS('Salary_OTM Query'!$F:$F,'Salary_OTM Query'!$B:$B,$A288,'Salary_OTM Query'!$E:$E,"=2") -> 25.61 | H288: =SUMIFS('Salary_OTM Query'!$F:$F,'Salary_OTM Query'!$B:$B,$A288,'Salary_OTM Query'!$E:$E,"=3") -> 26.54 | I288: =SUMIFS('Salary_OTM Query'!$F:$F,'Salary_OTM Query'!$B:$B,$A288,'Salary_OTM Query'!$E:$E,"=4") -> 27.56 | J288: =SUMIFS('Salary_OTM Query'!$F:$F,'Salary_OTM Query'!$B:$B,$A288,'Salary_OTM Query'!$E:$E,"=5") -> 28.76 | K288: =SUMIFS('Salary_OTM Query'!$F:$F,'Salary_OTM Query'!$B:$B,$A288,'Salary_OTM Query'!$E:$E,"=6") -> 30.1 | L288: =SUMIFS('Salary_OTM Query'!$F:$F,'Salary_OTM Query'!$B:$B,$A288,'Salary_OTM Query'!$E:$E,"=7") -> 31.47 | M288: =SUMIFS('Salary_OTM Query'!$F:$F,'Salary_OTM Query'!$B:$B,$A288,'Salary_OTM Query'!$E:$E,"=8") -> 0 | N288: =SUMIFS('Salary_OTM Query'!$F:$F,'Salary_OTM Query'!$B:$B,$A288,'Salary_OTM Query'!$E:$E,"=9") -> 0
A289: 24416 | B289: Industrial Safety Inspection Supervisor | C289: 38361 | D289: 22 | E289: 12 | F289: =SUMIFS('Salary_OTM Query'!$F:$F,'Salary_OTM Query'!$B:$B,$A289,'Salary_OTM Query'!$E:$E,"=1") -> 33.32 | G289: =SUMIFS('Salary_OTM Query'!$F:$F,'Salary_OTM Query'!$B:$B,$A289,'Salary_OTM Query'!$E:$E,"=2") -> 35.21 | H289: =SUMIFS('Salary_OTM Query'!$F:$F,'Salary_OTM Query'!$B:$B,$A289,'Salary_OTM Query'!$E:$E,"=3") -> 37.09 | I289: =SUMIFS('Salary_OTM Query'!$F:$F,'Salary_OTM Query'!$B:$B,$A289,'Salary_OTM Query'!$E:$E,"=4") -> 39.14 | J289: =SUMIFS('Salary_OTM Query'!$F:$F,'Salary_OTM Query'!$B:$B,$A289,'Salary_OTM Query'!$E:$E,"=5") -> 41.31 | K289: =SUMIFS('Salary_OTM Query'!$F:$F,'Salary_OTM Query'!$B:$B,$A289,'Salary_OTM Query'!$E:$E,"=6") -> 43.57 | L289: =SUMIFS('Salary_OTM Query'!$F:$F,'Salary_OTM Query'!$B:$B,$A289,'Salary_OTM Query'!$E:$E,"=7") -> 45.35 | M289: =SUMIFS('Salary_OTM Query'!$F:$F,'Salary_OTM Query'!$B:$B,$A289,'Salary_OTM Query'!$E:$E,"=8") -> 47.47 | N289: =SUMIFS('Salary_OTM Query'!$F:$F,'Salary_OTM Query'!$B:$B,$A289,'Salary_OTM Query'!$E:$E,"=9") -> 0
A290: 24421 | B290: Breath Alcohol Testing Inspector | C290: 42547 | D290: 7 | E290: 28 | F290: =SUMIFS('Salary_OTM Query'!$F:$F,'Salary_OTM Query'!$B:$B,$A290,'Salary_OTM Query'!$E:$E,"=1") -> 23.65 | G290: =SUMIFS('Salary_OTM Query'!$F:$F,'Salary_OTM Query'!$B:$B,$A290,'Salary_OTM Query'!$E:$E,"=2") -> 24.27 | H290: =SUMIFS('Salary_OTM Query'!$F:$F,'Salary_OTM Query'!$B:$B,$A290,'Salary_OTM Query'!$E:$E,"=3") -> 24.88 | I290: =SUMIFS('Salary_OTM Query'!$F:$F,'Salary_OTM Query'!$B:$B,$A290,'Salary_OTM Query'!$E:$E,"=4") -> 25.61 | J290: =SUMIFS('Salary_OTM Query'!$F:$F,'Salary_OTM Query'!$B:$B,$A290,'Salary_OTM Query'!$E:$E,"=5") -> 26.54 | K290: =SUMIFS('Salary_OTM Query'!$F:$F,'Salary_OTM Query'!$B:$B,$A290,'Salary_OTM Query'!$E:$E,"=6") -> 27.56 | L290: =SUMIFS('Salary_OTM Query'!$F:$F,'Salary_OTM Query'!$B:$B,$A290,'Salary_OTM Query'!$E:$E,"=7") -> 28.76 | M290: =SUMIFS('Salary_OTM Query'!$F:$F,'Salary_OTM Query'!$B:$B,$A290,'Salary_OTM Query'!$E:$E,"=8") -> 0 | N290: =SUMIFS('Salary_OTM Query'!$F:$F,'Salary_OTM Query'!$B:$B,$A290,'Salary_OTM Query'!$E:$E,"=9") -> 0
A291: 24425 | B291: Breath Alcohol Testing Inspection Supervisor | C291: 42547 | D291: 22 | E291: 11 | F291: =SUMIFS('Salary_OTM Query'!$F:$F,'Salary_OTM Query'!$B:$B,$A291,'Salary_OTM Query'!$E:$E,"=1") -> 30.22 | G291: =SUMIFS('Salary_OTM Query'!$F:$F,'Salary_OTM Query'!$B:$B,$A291,'Salary_OTM Query'!$E:$E,"=2") -> 31.96 | H291: =SUMIFS('Salary_OTM Query'!$F:$F,'Salary_OTM Query'!$B:$B,$A291,'Salary_OTM Query'!$E:$E,"=3") -> 33.81 | I291: =SUMIFS('Salary_OTM Query'!$F:$F,'Salary_OTM Query'!$B:$B,$A291,'Salary_OTM Query'!$E:$E,"=4") -> 35.72 | J291: =SUMIFS('Salary_OTM Query'!$F:$F,'Salary_OTM Query'!$B:$B,$A291,'Salary_OTM Query'!$E:$E,"=5") -> 37.75 | K291: =SUMIFS('Salary_OTM Query'!$F:$F,'Salary_OTM Query'!$B:$B,$A291,'Salary_OTM Query'!$E:$E,"=6") -> 0 | L291: =SUMIFS('Salary_OTM Query'!$F:$F,'Salary_OTM Query'!$B:$B,$A291,'Salary_OTM Query'!$E:$E,"=7") -> 0 | M291: =SUMIFS('Salary_OTM Query'!$F:$F,'Salary_OTM Query'!$B:$B,$A291,'Salary_OTM Query'!$E:$E,"=8") -> 0 | N291: =SUMIFS('Salary_OTM Query'!$F:$F,'Salary_OTM Query'!$B:$B,$A291,'Salary_OTM Query'!$E:$E,"=9") -> 0
A292: 24431 | B292: Safety and Health Inspector 1 | C292: 32958 | D292: 7 | E292: 28 | F292: =SUMIFS('Salary_OTM Query'!$F:$F,'Salary_OTM Query'!$B:$B,$A292,'Salary_OTM Query'!$E:$E,"=1") -> 23.65 | G292: =SUMIFS('Salary_OTM Query'!$F:$F,'Salary_OTM Query'!$B:$B,$A292,'Salary_OTM Query'!$E:$E,"=2") -> 24.27 | H292: =SUMIFS('Salary_OTM Query'!$F:$F,'Salary_OTM Query'!$B:$B,$A292,'Salary_OTM Query'!$E:$E,"=3") -> 24.88 | I292: =SUMIFS('Salary_OTM Query'!$F:$F,'Salary_OTM Query'!$B:$B,$A292,'Salary_OTM Query'!$E:$E,"=4") -> 25.61 | J292: =SUMIFS('Salary_OTM Query'!$F:$F,'Salary_OTM Query'!$B:$B,$A292,'Salary_OTM Query'!$E:$E,"=5") -> 26.54 | K292: =SUMIFS('Salary_OTM Query'!$F:$F,'Salary_OTM Query'!$B:$B,$A292,'Salary_OTM Query'!$E:$E,"=6") -> 27.56 | L292: =SUMIFS('Salary_OTM Query'!$F:$F,'Salary_OTM Query'!$B:$B,$A292,'Salary_OTM Query'!$E:$E,"=7") -> 28.76 | M292: =SUMIFS('Salary_OTM Query'!$F:$F,'Salary_OTM Query'!$B:$B,$A292,'Salary_OTM Query'!$E:$E,"=8") -> 0 | N292: =SUMIFS('Salary_OTM Query'!$F:$F,'Salary_OTM Query'!$B:$B,$A292,'Salary_OTM Query'!$E:$E,"=9") -> 0
A293: 24432 | B293: Safety and Health Inspector 2 | C293: 38361 | D293: 7 | E293: 29 | F293: =SUMIFS('Salary_OTM Query'!$F:$F,'Salary_OTM Query'!$B:$B,$A293,'Salary_OTM Query'!$E:$E,"=1") -> 24.88 | G293: =SUMIFS('Salary_OTM Query'!$F:$F,'Salary_OTM Query'!$B:$B,$A293,'Salary_OTM Query'!$E:$E,"=2") -> 25.61 | H293: =SUMIFS('Salary_OTM Query'!$F:$F,'Salary_OTM Query'!$B:$B,$A293,'Salary_OTM Query'!$E:$E,"=3") -> 26.54 | I293: =SUMIFS('Salary_OTM Query'!$F:$F,'Salary_OTM Query'!$B:$B,$A293,'Salary_OTM Query'!$E:$E,"=4") -> 27.56 | J293: =SUMIFS('Salary_OTM Query'!$F:$F,'Salary_OTM Query'!$B:$B,$A293,'Salary_OTM Query'!$E:$E,"=5") -> 28.76 | K293: =SUMIFS('Salary_OTM Query'!$F:$F,'Salary_OTM Query'!$B:$B,$A293,'Salary_OTM Query'!$E:$E,"=6") -> 30.1 | L293: =SUMIFS('Salary_OTM Query'!$F:$F,'Salary_OTM Query'!$B:$B,$A293,'Salary_OTM Query'!$E:$E,"=7") -> 31.47 | M293: =SUMIFS('Salary_OTM Query'!$F:$F,'Salary_OTM Query'!$B:$B,$A293,'Salary_OTM Query'!$E:$E,"=8") -> 0 | N293: =SUMIFS('Salary_OTM Query'!$F:$F,'Salary_OTM Query'!$B:$B,$A293,'Salary_OTM Query'!$E:$E,"=9") -> 0
A294: 24433 | B294: Safety and Health Compliance Inspector | C294: 32958 | D294: 7 | E294: 30 | F294: =SUMIFS('Salary_OTM Query'!$F:$F,'Salary_OTM Query'!$B:$B,$A294,'Salary_OTM Query'!$E:$E,"=1") -> 26.54 | G294: =SUMIFS('Salary_OTM Query'!$F:$F,'Salary_OTM Query'!$B:$B,$A294,'Salary_OTM Query'!$E:$E,"=2") -> 27.56 | H294: =SUMIFS('Salary_OTM Query'!$F:$F,'Salary_OTM Query'!$B:$B,$A294,'Salary_OTM Query'!$E:$E,"=3") -> 28.76 | I294: =SUMIFS('Salary_OTM Query'!$F:$F,'Salary_OTM Query'!$B:$B,$A294,'Salary_OTM Query'!$E:$E,"=4") -> 30.1 | J294: =SUMIFS('Salary_OTM Query'!$F:$F,'Salary_OTM Query'!$B:$B,$A294,'Salary_OTM Query'!$E:$E,"=5") -> 31.47 | K294: =SUMIFS('Salary_OTM Query'!$F:$F,'Salary_OTM Query'!$B:$B,$A294,'Salary_OTM Query'!$E:$E,"=6") -> 32.84 | L294: =SUMIFS('Salary_OTM Query'!$F:$F,'Salary_OTM Query'!$B:$B,$A294,'Salary_OTM Query'!$E:$E,"=7") -> 34.53 | M294: =SUMIFS('Salary_OTM Query'!$F:$F,'Salary_OTM Query'!$B:$B,$A294,'Salary_OTM Query'!$E:$E,"=8") -> 0 | N294: =SUMIFS('Salary_OTM Query'!$F:$F,'Salary_OTM Query'!$B:$B,$A294,'Salary_OTM Query'!$E:$E,"=9") -> 0
... A462: 46525 | B462: Youth Services Unit Administrator | C462: 38949 | D462: 22 | E462: 12 | F462: =SUMIFS('Salary_OTM Query'!$F:$F,'Salary_OTM Query'!$B:$B,$A462,'Salary_OTM Query'!$E:$E,"=1") -> 33.32 | G462: =SUMIFS('Salary_OTM Query'!$F:$F,'Salary_OTM Query'!$B:$B,$A462,'Salary_OTM Query'!$E:$E,"=2") -> 35.21 | H462: =SUMIFS('Salary_OTM Query'!$F:$F,'Salary_OTM Query'!$B:$B,$A462,'Salary_OTM Query'!$E:$E,"=3") -> 37.09 | I462: =SUMIFS('Salary_OTM Query'!$F:$F,'Salary_OTM Query'!$B:$B,$A462,'Salary_OTM Query'!$E:$E,"=4") -> 39.14 | J462: =SUMIFS('Salary_OTM Query'!$F:$F,'Salary_OTM Query'!$B:$B,$A462,'Salary_OTM Query'!$E:$E,"=5") -> 41.31 | K462: =SUMIFS('Salary_OTM Query'!$F:$F,'Salary_OTM Query'!$B:$B,$A462,'Salary_OTM Query'!$E:$E,"=6") -> 43.57 | L462: =SUMIFS('Salary_OTM Query'!$F:$F,'Salary_OTM Query'!$B:$B,$A462,'Salary_OTM Query'!$E:$E,"=7") -> 45.35 | M462: =SUMIFS('Salary_OTM Query'!$F:$F,'Salary_OTM Query'!$B:$B,$A462,'Salary_OTM Query'!$E:$E,"=8") -> 47.47 | N462: =SUMIFS('Salary_OTM Query'!$F:$F,'Salary_OTM Query'!$B:$B,$A462,'Salary_OTM Query'!$E:$E,"=9") -> 0
A463: 46531 | B463: Correction Officer | C463: 44661 | D463: 3 | E463: CO | F463: =SUMIFS('Salary_OTM Query'!$F:$F,'Salary_OTM Query'!$B:$B,$A463,'Salary_OTM Query'!$E:$E,"=1") -> 24.88 | G463: =SUMIFS('Salary_OTM Query'!$F:$F,'Salary_OTM Query'!$B:$B,$A463,'Salary_OTM Query'!$E:$E,"=2") -> 25.61 | H463: =SUMIFS('Salary_OTM Query'!$F:$F,'Salary_OTM Query'!$B:$B,$A463,'Salary_OTM Query'!$E:$E,"=3") -> 26.54 | I463: =SUMIFS('Salary_OTM Query'!$F:$F,'Salary_OTM Query'!$B:$B,$A463,'Salary_OTM Query'!$E:$E,"=4") -> 27.56 | J463: =SUMIFS('Salary_OTM Query'!$F:$F,'Salary_OTM Query'!$B:$B,$A463,'Salary_OTM Query'!$E:$E,"=5") -> 28.76 | K463: =SUMIFS('Salary_OTM Query'!$F:$F,'Salary_OTM Query'!$B:$B,$A463,'Salary_OTM Query'!$E:$E,"=6") -> 30.03 | L463: =SUMIFS('Salary_OTM Query'!$F:$F,'Salary_OTM Query'!$B:$B,$A463,'Salary_OTM Query'!$E:$E,"=7") -> 31.35 | M463: =SUMIFS('Salary_OTM Query'!$F:$F,'Salary_OTM Query'!$B:$B,$A463,'Salary_OTM Query'!$E:$E,"=8") -> 32.73 | N463: =SUMIFS('Salary_OTM Query'!$F:$F,'Salary_OTM Query'!$B:$B,$A463,'Salary_OTM Query'!$E:$E,"=9") -> 0
A464: 46532 | B464: Correction Sergeant/Counselor | C464: 45473 | D464: 3 | E464: SGT | F464: =SUMIFS('Salary_OTM Query'!$F:$F,'Salary_OTM Query'!$B:$B,$A464,'Salary_OTM Query'!$E:$E,"=1") -> 25.88 | G464: =SUMIFS('Salary_OTM Query'!$F:$F,'Salary_OTM Query'!$B:$B,$A464,'Salary_OTM Query'!$E:$E,"=2") -> 26.64 | H464: =SUMIFS('Salary_OTM Query'!$F:$F,'Salary_OTM Query'!$B:$B,$A464,'Salary_OTM Query'!$E:$E,"=3") -> 27.6 | I464: =SUMIFS('Salary_OTM Query'!$F:$F,'Salary_OTM Query'!$B:$B,$A464,'Salary_OTM Query'!$E:$E,"=4") -> 28.68 | J464: =SUMIFS('Salary_OTM Query'!$F:$F,'Salary_OTM Query'!$B:$B,$A464,'Salary_OTM Query'!$E:$E,"=5") -> 29.91 | K464: =SUMIFS('Salary_OTM Query'!$F:$F,'Salary_OTM Query'!$B:$B,$A464,'Salary_OTM Query'!$E:$E,"=6") -> 31.31 | L464: =SUMIFS('Salary_OTM Query'!$F:$F,'Salary_OTM Query'!$B:$B,$A464,'Salary_OTM Query'!$E:$E,"=7") -> 32.72 | M464: =SUMIFS('Salary_OTM Query'!$F:$F,'Salary_OTM Query'!$B:$B,$A464,'Salary_OTM Query'!$E:$E,"=8") -> 34.36 | N464: =SUMIFS('Salary_OTM Query'!$F:$F,'Salary_OTM Query'!$B:$B,$A464,'Salary_OTM Query'!$E:$E,"=9") -> 0
A465: 46535 | B465: Correction Lieutenant | C465: 38949 | D465: 22 | E465: 11 | F465: =SUMIFS('Salary_OTM Query'!$F:$F,'Salary_OTM Query'!$B:$B,$A465,'Salary_OTM Query'!$E:$E,"=1") -> 30.22 | G465: =SUMIFS('Salary_OTM Query'!$F:$F,'Salary_OTM Query'!$B:$B,$A465,'Salary_OTM Query'!$E:$E,"=2") -> 31.96 | H465: =SUMIFS('Salary_OTM Query'!$F:$F,'Salary_OTM Query'!$B:$B,$A465,'Salary_OTM Query'!$E:$E,"=3") -> 33.81 | I465: =SUMIFS('Salary_OTM Query'!$F:$F,'Salary_OTM Query'!$B:$B,$A465,'Salary_OTM Query'!$E:$E,"=4") -> 35.72 | J465: =SUMIFS('Salary_OTM Query'!$F:$F,'Salary_OTM Query'!$B:$B,$A465,'Salary_OTM Query'!$E:$E,"=5") -> 37.75 | K465: =SUMIFS('Salary_OTM Query'!$F:$F,'Salary_OTM Query'!$B:$B,$A465,'Salary_OTM Query'!$E:$E,"=6") -> 0 | L465: =SUMIFS('Salary_OTM Query'!$F:$F,'Salary_OTM Query'!$B:$B,$A465,'Salary_OTM Query'!$E:$E,"=7") -> 0 | M465: =SUMIFS('Salary_OTM Query'!$F:$F,'Salary_OTM Query'!$B:$B,$A465,'Salary_OTM Query'!$E:$E,"=8") -> 0 | N465: =SUMIFS('Salary_OTM Query'!$F:$F,'Salary_OTM Query'!$B:$B,$A465,'Salary_OTM Query'!$E:$E,"=9") -> 0
A466: 46536 | B466: Correction Captain | C466: 38361 | D466: 22 | E466: 12 | F466: =SUMIFS('Salary_OTM Query'!$F:$F,'Salary_OTM Query'!$B:$B,$A466,'Salary_OTM Query'!$E:$E,"=1") -> 33.32 | G466: =SUMIFS('Salary_OTM Query'!$F:$F,'Salary_OTM Query'!$B:$B,$A466,'Salary_OTM Query'!$E:$E,"=2") -> 35.21 | H466: =SUMIFS('Salary_OTM Query'!$F:$F,'Salary_OTM Query'!$B:$B,$A466,'Salary_OTM Query'!$E:$E,"=3") -> 37.09 | I466: =SUMIFS('Salary_OTM Query'!$F:$F,'Salary_OTM Query'!$B:$B,$A466,'Salary_OTM Query'!$E:$E,"=4") -> 39.14 | J466: =SUMIFS('Salary_OTM Query'!$F:$F,'Salary_OTM Query'!$B:$B,$A466,'Salary_OTM Query'!$E:$E,"=5") -> 41.31 | K466: =SUMIFS('Salary_OTM Query'!$F:$F,'Salary_OTM Query'!$B:$B,$A466,'Salary_OTM Query'!$E:$E,"=6") -> 43.57 | L466: =SUMIFS('Salary_OTM Query'!$F:$F,'Salary_OTM Query'!$B:$B,$A466,'Salary_OTM Query'!$E:$E,"=7") -> 45.35 | M466: =SUMIFS('Salary_OTM Query'!$F:$F,'Salary_OTM Query'!$B:$B,$A466,'Salary_OTM Query'!$E:$E,"=8") -> 47.47 | N466: =SUMIFS('Salary_OTM Query'!$F:$F,'Salary_OTM Query'!$B:$B,$A466,'Salary_OTM Query'!$E:$E,"=9") -> 0
A467: 46537 | B467: Correction Major | C467: 34511 | D467: 22 | E467: 13 | F467: =SUMIFS('Salary_OTM Query'!$F:$F,'Salary_OTM Query'!$B:$B,$A467,'Salary_OTM Query'!$E:$E,"=1") -> 36.75 | G467: =SUMIFS('Salary_OTM Query'!$F:$F,'Salary_OTM Query'!$B:$B,$A467,'Salary_OTM Query'!$E:$E,"=2") -> 38.75 | H467: =SUMIFS('Salary_OTM Query'!$F:$F,'Salary_OTM Query'!$B:$B,$A467,'Salary_OTM Query'!$E:$E,"=3") -> 40.87 | I467: =SUMIFS('Salary_OTM Query'!$F:$F,'Salary_OTM Query'!$B:$B,$A467,'Salary_OTM Query'!$E:$E,"=4") -> 43.07 | J467: =SUMIFS('Salary_OTM Query'!$F:$F,'Salary_OTM Query'!$B:$B,$A467,'Salary_OTM Query'!$E:$E,"=5") -> 45.5 | K467: =SUMIFS('Salary_OTM Query'!$F:$F,'Salary_OTM Query'!$B:$B,$A467,'Salary_OTM Query'!$E:$E,"=6") -> 47.95 | L467: =SUMIFS('Salary_OTM Query'!$F:$F,'Salary_OTM Query'!$B:$B,$A467,'Salary_OTM Query'!$E:$E,"=7") -> 49.92 | M467: =SUMIFS('Salary_OTM Query'!$F:$F,'Salary_OTM Query'!$B:$B,$A467,'Salary_OTM Query'!$E:$E,"=8") -> 52.27 | N467: =SUMIFS('Salary_OTM Query'!$F:$F,'Salary_OTM Query'!$B:$B,$A467,'Salary_OTM Query'!$E:$E,"=9") -> 0
A468: 46541 | B468: Correctional Farm Coordinator | C468: 35323 | D468: 6 | E468: 8 | F468: =SUMIFS('Salary_OTM Query'!$F:$F,'Salary_OTM Query'!$B:$B,$A468,'Salary_OTM Query'!$E:$E,"=1") -> 24.27 | G468: =SUMIFS('Salary_OTM Query'!$F:$F,'Salary_OTM Query'!$B:$B,$A468,'Salary_OTM Query'!$E:$E,"=2") -> 24.88 | H468: =SUMIFS('Salary_OTM Query'!$F:$F,'Salary_OTM Query'!$B:$B,$A468,'Salary_OTM Query'!$E:$E,"=3") -> 25.61 | I468: =SUMIFS('Salary_OTM Query'!$F:$F,'Salary_OTM Query'!$B:$B,$A468,'Salary_OTM Query'!$E:$E,"=4") -> 26.54 | J468: =SUMIFS('Salary_OTM Query'!$F:$F,'Salary_OTM Query'!$B:$B,$A468,'Salary_OTM Query'!$E:$E,"=5") -> 27.56 | K468: =SUMIFS('Salary_OTM Query'!$F:$F,'Salary_OTM Query'!$B:$B,$A468,'Salary_OTM Query'!$E:$E,"=6") -> 28.76 | L468: =SUMIFS('Salary_OTM Query'!$F:$F,'Salary_OTM Query'!$B:$B,$A468,'Salary_OTM Query'!$E:$E,"=7") -> 0 | M468: =SUMIFS('Salary_OTM Query'!$F:$F,'Salary_OTM Query'!$B:$B,$A468,'Salary_OTM Query'!$E:$E,"=8") -> 0 | N468: =SUMIFS('Salary_OTM Query'!$F:$F,'Salary_OTM Query'!$B:$B,$A468,'Salary_OTM Query'!$E:$E,"=9") -> 0
A469: 46551 | B469: Correctional Workshop Specialist | C469: 44969 | D469: 6 | E469: 28 | F469: =SUMIFS('Salary_OTM Query'!$F:$F,'Salary_OTM Query'!$B:$B,$A469,'Salary_OTM Query'!$E:$E,"=1") -> 23.65 | G469: =SUMIFS('Salary_OTM Query'!$F:$F,'Salary_OTM Query'!$B:$B,$A469,'Salary_OTM Query'!$E:$E,"=2") -> 24.27 | H469: =SUMIFS('Salary_OTM Query'!$F:$F,'Salary_OTM Query'!$B:$B,$A469,'Salary_OTM Query'!$E:$E,"=3") -> 24.88 | I469: =SUMIFS('Salary_OTM Query'!$F:$F,'Salary_OTM Query'!$B:$B,$A469,'Salary_OTM Query'!$E:$E,"=4") -> 25.61 | J469: =SUMIFS('Salary_OTM Query'!$F:$F,'Salary_OTM Query'!$B:$B,$A469,'Salary_OTM Query'!$E:$E,"=5") -> 26.54 | K469: =SUMIFS('Salary_OTM Query'!$F:$F,'Salary_OTM Query'!$B:$B,$A469,'Salary_OTM Query'!$E:$E,"=6") -> 27.56 | L469: =SUMIFS('Salary_OTM Query'!$F:$F,'Salary_OTM Query'!$B:$B,$A469,'Salary_OTM Query'!$E:$E,"=7") -> 28.76 | M469: =SUMIFS('Salary_OTM Query'!$F:$F,'Salary_OTM Query'!$B:$B,$A469,'Salary_OTM Query'!$E:$E,"=8") -> 0 | N469: =SUMIFS('Salary_OTM Query'!$F:$F,'Salary_OTM Query'!$B:$B,$A469,'Salary_OTM Query'!$E:$E,"=9") -> 0
A470: 46552 | B470: Correctional Workshop Quality Control Specialist | C470: 44969 | D470: 6 | E470: 29 | F470: =SUMIFS('Salary_OTM Query'!$F:$F,'Salary_OTM Query'!$B:$B,$A470,'Salary_OTM Query'!$E:$E,"=1") -> 24.88 | G470: =SUMIFS('Salary_OTM Query'!$F:$F,'Salary_OTM Query'!$B:$B,$A470,'Salary_OTM Query'!$E:$E,"=2") -> 25.61 | H470: =SUMIFS('Salary_OTM Query'!$F:$F,'Salary_OTM Query'!$B:$B,$A470,'Salary_OTM Query'!$E:$E,"=3") -> 26.54 | I470: =SUMIFS('Salary_OTM Query'!$F:$F,'Salary_OTM Query'!$B:$B,$A470,'Salary_OTM Query'!$E:$E,"=4") -> 27.56 | J470: =SUMIFS('Salary_OTM Query'!$F:$F,'Salary_OTM Query'!$B:$B,$A470,'Salary_OTM Query'!$E:$E,"=5") -> 28.76 | K470: =SUMIFS('Salary_OTM Query'!$F:$F,'Salary_OTM Query'!$B:$B,$A470,'Salary_OTM Query'!$E:$E,"=6") -> 30.1 | L470: =SUMIFS('Salary_OTM Query'!$F:$F,'Salary_OTM Query'!$B:$B,$A470,'Salary_OTM Query'!$E:$E,"=7") -> 31.47 | M470: =SUMIFS('Salary_OTM Query'!$F:$F,'Salary_OTM Query'!$B:$B,$A470,'Salary_OTM Query'!$E:$E,"=8") -> 0 | N470: =SUMIFS('Salary_OTM Query'!$F:$F,'Salary_OTM Query'!$B:$B,$A470,'Salary_OTM Query'!$E:$E,"=9") -> 0
A471: 46555 | B471: Correctional Workshop Superintendent | C471: 44969 | D471: 22 | E471: 9 | F471: =SUMIFS('Salary_OTM Query'!$F:$F,'Salary_OTM Query'!$B:$B,$A471,'Salary_OTM Query'!$E:$E,"=1") -> 25.72 | G471: =SUMIFS('Salary_OTM Query'!$F:$F,'Salary_OTM Query'!$B:$B,$A471,'Salary_OTM Query'!$E:$E,"=2") -> 27.06 | H471: =SUMIFS('Salary_OTM Query'!$F:$F,'Salary_OTM Query'!$B:$B,$A471,'Salary_OTM Query'!$E:$E,"=3") -> 28.39 | I471: =SUMIFS('Salary_OTM Query'!$F:$F,'Salary_OTM Query'!$B:$B,$A471,'Salary_OTM Query'!$E:$E,"=4") -> 29.81 | J471: =SUMIFS('Salary_OTM Query'!$F:$F,'Salary_OTM Query'!$B:$B,$A471,'Salary_OTM Query'!$E:$E,"=5") -> 31.31 | K471: =SUMIFS('Salary_OTM Query'!$F:$F,'Salary_OTM Query'!$B:$B,$A471,'Salary_OTM Query'!$E:$E,"=6") -> 0 | L471: =SUMIFS('Salary_OTM Query'!$F:$F,'Salary_OTM Query'!$B:$B,$A471,'Salary_OTM Query'!$E:$E,"=7") -> 0 | M471: =SUMIFS('Salary_OTM Query'!$F:$F,'Salary_OTM Query'!$B:$B,$A471,'Salary_OTM Query'!$E:$E,"=8") -> 0 | N471: =SUMIFS('Salary_OTM Query'!$F:$F,'Salary_OTM Query'!$B:$B,$A471,'Salary_OTM Query'!$E:$E,"=9") -> 0
A472: 46556 | B472: Correctional Industries Manager 1 | C472: 44969 | D472: 22 | E472: 11 | F472: =SUMIFS('Salary_OTM Query'!$F:$F,'Salary_OTM Query'!$B:$B,$A472,'Salary_OTM Query'!$E:$E,"=1") -> 30.22 | G472: =SUMIFS('Salary_OTM Query'!$F:$F,'Salary_OTM Query'!$B:$B,$A472,'Salary_OTM Query'!$E:$E,"=2") -> 31.96 | H472: =SUMIFS('Salary_OTM Query'!$F:$F,'Salary_OTM Query'!$B:$B,$A472,'Salary_OTM Query'!$E:$E,"=3") -> 33.81 | I472: =SUMIFS('Salary_OTM Query'!$F:$F,'Salary_OTM Query'!$B:$B,$A472,'Salary_OTM Query'!$E:$E,"=4") -> 35.72 | J472: =SUMIFS('Salary_OTM Query'!$F:$F,'Salary_OTM Query'!$B:$B,$A472,'Salary_OTM Query'!$E:$E,"=5") -> 37.75 | K472: =SUMIFS('Salary_OTM Query'!$F:$F,'Salary_OTM Query'!$B:$B,$A472,'Salary_OTM Query'!$E:$E,"=6") -> 0 | L472: =SUMIFS('Salary_OTM Query'!$F:$F,'Salary_OTM Query'!$B:$B,$A472,'Salary_OTM Query'!$E:$E,"=7") -> 0 | M472: =SUMIFS('Salary_OTM Query'!$F:$F,'Salary_OTM Query'!$B:$B,$A472,'Salary_OTM Query'!$E:$E,"=8") -> 0 | N472: =SUMIFS('Salary_OTM Query'!$F:$F,'Salary_OTM Query'!$B:$B,$A472,'Salary_OTM Query'!$E:$E,"=9") -> 0
A473: 46557 | B473: Correctional Industries Manager 2 | C473: 44969 | D473: 22 | E473: 12 | F473: =SUMIFS('Salary_OTM Query'!$F:$F,'Salary_OTM Query'!$B:$B,$A473,'Salary_OTM Query'!$E:$E,"=1") -> 33.32 | G473: =SUMIFS('Salary_OTM Query'!$F:$F,'Salary_OTM Query'!$B:$B,$A473,'Salary_OTM Query'!$E:$E,"=2") -> 35.21 | H473: =SUMIFS('Salary_OTM Query'!$F:$F,'Salary_OTM Query'!$B:$B,$A473,'Salary_OTM Query'!$E:$E,"=3") -> 37.09 | I473: =SUMIFS('Salary_OTM Query'!$F:$F,'Salary_OTM Query'!$B:$B,$A473,'Salary_OTM Query'!$E:$E,"=4") -> 39.14 | J473: =SUMIFS('Salary_OTM Query'!$F:$F,'Salary_OTM Query'!$B:$B,$A473,'Salary_OTM Query'!$E:$E,"=5") -> 41.31 | K473: =SUMIFS('Salary_OTM Query'!$F:$F,'Salary_OTM Query'!$B:$B,$A473,'Salary_OTM Query'!$E:$E,"=6") -> 43.57 | L473: =SUMIFS('Salary_OTM Query'!$F:$F,'Salary_OTM Query'!$B:$B,$A473,'Salary_OTM Query'!$E:$E,"=7") -> 45.35 | M473: =SUMIFS('Salary_OTM Query'!$F:$F,'Salary_OTM Query'!$B:$B,$A473,'Salary_OTM Query'!$E:$E,"=8") -> 47.47 | N473: =SUMIFS('Salary_OTM Query'!$F:$F,'Salary_OTM Query'!$B:$B,$A473,'Salary_OTM Query'!$E:$E,"=9") -> 0
A474: 46558 | B474: Correctional Industries Manager 3 | C474: 44969 | D474: 22 | E474: 14 | F474: =SUMIFS('Salary_OTM Query'!$F:$F,'Salary_OTM Query'!$B:$B,$A474,'Salary_OTM Query'!$E:$E,"=1") -> 40.4 | G474: =SUMIFS('Salary_OTM Query'!$F:$F,'Salary_OTM Query'!$B:$B,$A474,'Salary_OTM Query'!$E:$E,"=2") -> 42.7 | H474: =SUMIFS('Salary_OTM Query'!$F:$F,'Salary_OTM Query'!$B:$B,$A474,'Salary_OTM Query'!$E:$E,"=3") -> 44.99 | I474: =SUMIFS('Salary_OTM Query'!$F:$F,'Salary_OTM Query'!$B:$B,$A474,'Salary_OTM Query'!$E:$E,"=4") -> 47.43 | J474: =SUMIFS('Salary_OTM Query'!$F:$F,'Salary_OTM Query'!$B:$B,$A474,'Salary_OTM Query'!$E:$E,"=5") -> 50.12 | K474: =SUMIFS('Salary_OTM Query'!$F:$F,'Salary_OTM Query'!$B:$B,$A474,'Salary_OTM Query'!$E:$E,"=6") -> 52.9 | L474: =SUMIFS('Salary_OTM Query'!$F:$F,'Salary_OTM Query'!$B:$B,$A474,'Salary_OTM Query'!$E:$E,"=7") -> 55.09 | M474: =SUMIFS('Salary_OTM Query'!$F:$F,'Salary_OTM Query'!$B:$B,$A474,'Salary_OTM Query'!$E:$E,"=8") -> 57.67 | N474: =SUMIFS('Salary_OTM Query'!$F:$F,'Salary_OTM Query'!$B:$B,$A474,'Salary_OTM Query'!$E:$E,"=9") -> 0
A475: 46561 | B475: Corrections Canine Handler | C475: 44956 | D475: 3 | E475: 29 | F475: =SUMIFS('Salary_OTM Query'!$F:$F,'Salary_OTM Query'!$B:$B,$A475,'Salary_OTM Query'!$E:$E,"=1") -> 24.88 | G475: =SUMIFS('Salary_OTM Query'!$F:$F,'Salary_OTM Query'!$B:$B,$A475,'Salary_OTM Query'!$E:$E,"=2") -> 25.61 | H475: =SUMIFS('Salary_OTM Query'!$F:$F,'Salary_OTM Query'!$B:$B,$A475,'Salary_OTM Query'!$E:$E,"=3") -> 26.54 | I475: =SUMIFS('Salary_OTM Query'!$F:$F,'Salary_OTM Query'!$B:$B,$A475,'Salary_OTM Query'!$E:$E,"=4") -> 27.56 | J475: =SUMIFS('Salary_OTM Query'!$F:$F,'Salary_OTM Query'!$B:$B,$A475,'Salary_OTM Query'!$E:$E,"=5") -> 28.76 | K475: =SUMIFS('Salary_OTM Query'!$F:$F,'Salary_OTM Query'!$B:$B,$A475,'Salary_OTM Query'!$E:$E,"=6") -> 30.1 | L475: =SUMIFS('Salary_OTM Query'!$F:$F,'Salary_OTM Query'!$B:$B,$A475,'Salary_OTM Query'!$E:$E,"=7") -> 31.47 | M475: =SUMIFS('Salary_OTM Query'!$F:$F,'Salary_OTM Query'!$B:$B,$A475,'Salary_OTM Query'!$E:$E,"=8") -> 0
A476: 46562 | B476: Corrections Canine Handler Supervisor | C476: 44956 | D476: 22 | E476: 10 | F476: =SUMIFS('Salary_OTM Query'!$F:$F,'Salary_OTM Query'!$B:$B,$A476,'Salary_OTM Query'!$E:$E,"=1") -> 27.73 | G476: =SUMIFS('Salary_OTM Query'!$F:$F,'Salary_OTM Query'!$B:$B,$A476,'Salary_OTM Query'!$E:$E,"=2") -> 29.25 | H476: =SUMIFS('Salary_OTM Query'!$F:$F,'Salary_OTM Query'!$B:$B,$A476,'Salary_OTM Query'!$E:$E,"=3") -> 30.83 | I476: =SUMIFS('Salary_OTM Query'!$F:$F,'Salary_OTM Query'!$B:$B,$A476,'Salary_OTM Query'!$E:$E,"=4") -> 32.61 | J476: =SUMIFS('Salary_OTM Query'!$F:$F,'Salary_OTM Query'!$B:$B,$A476,'Salary_OTM Query'!$E:$E,"=5") -> 34.35 | K476: =SUMIFS('Salary_OTM Query'!$F:$F,'Salary_OTM Query'!$B:$B,$A476,'Salary_OTM Query'!$E:$E,"=6") -> 0 | L476: =SUMIFS('Salary_OTM Query'!$F:$F,'Salary_OTM Query'!$B:$B,$A476,'Salary_OTM Query'!$E:$E,"=7") -> 0 | M476: =SUMIFS('Salary_OTM Query'!$F:$F,'Salary_OTM Query'!$B:$B,$A476,'Salary_OTM Query'!$E:$E,"=8") -> 0
A477: 46582 | B477: Juvenile Correctional Operations Manager | C477: 43149 | D477: 22 | E477: 12 | F477: =SUMIFS('Salary_OTM Query'!$F:$F,'Salary_OTM Query'!$B:$B,$A477,'Salary_OTM Query'!$E:$E,"=1") -> 33.32 | G477: =SUMIFS('Salary_OTM Query'!$F:$F,'Salary_OTM Query'!$B:$B,$A477,'Salary_OTM Query'!$E:$E,"=2") -> 35.21 | H477: =SUMIFS('Salary_OTM Query'!$F:$F,'Salary_OTM Query'!$B:$B,$A477,'Salary_OTM Query'!$E:$E,"=3") -> 37.09 | I477: =SUMIFS('Salary_OTM Query'!$F:$F,'Salary_OTM Query'!$B:$B,$A477,'Salary_OTM Query'!$E:$E,"=4") -> 39.14 | J477: =SUMIFS('Salary_OTM Query'!$F:$F,'Salary_OTM Query'!$B:$B,$A477,'Salary_OTM Query'!$E:$E,"=5") -> 41.31 | K477: =SUMIFS('Salary_OTM Query'!$F:$F,'Salary_OTM Query'!$B:$B,$A477,'Salary_OTM Query'!$E:$E,"=6") -> 43.57 | L477: =SUMIFS('Salary_OTM Query'!$F:$F,'Salary_OTM Query'!$B:$B,$A477,'Salary_OTM Query'!$E:$E,"=7") -> 45.35 | M477: =SUMIFS('Salary_OTM Query'!$F:$F,'Salary_OTM Query'!$B:$B,$A477,'Salary_OTM Query'!$E:$E,"=8") -> 47.47 | N477: =SUMIFS('Salary_OTM Query'!$F:$F,'Salary_OTM Query'!$B:$B,$A477,'Salary_OTM Query'!$E:$E,"=9") -> 0
A478: 46583 | B478: Juvenile Correctional Operations Administrator | C478: 36415 | D478: 22 | E478: 13 | F478: =SUMIFS('Salary_OTM Query'!$F:$F,'Salary_OTM Query'!$B:$B,$A478,'Salary_OTM Query'!$E:$E,"=1") -> 36.75 | G478: =SUMIFS('Salary_OTM Query'!$F:$F,'Salary_OTM Query'!$B:$B,$A478,'Salary_OTM Query'!$E:$E,"=2") -> 38.75 | H478: =SUMIFS('Salary_OTM Query'!$F:$F,'Salary_OTM Query'!$B:$B,$A478,'Salary_OTM Query'!$E:$E,"=3") -> 40.87 | I478: =SUMIFS('Salary_OTM Query'!$F:$F,'Salary_OTM Query'!$B:$B,$A478,'Salary_OTM Query'!$E:$E,"=4") -> 43.07 | J478: =SUMIFS('Salary_OTM Query'!$F:$F,'Salary_OTM Query'!$B:$B,$A478,'Salary_OTM Query'!$E:$E,"=5") -> 45.5 | K478: =SUMIFS('Salary_OTM Query'!$F:$F,'Salary_OTM Query'!$B:$B,$A478,'Salary_OTM Query'!$E:$E,"=6") -> 47.95 | L478: =SUMIFS('Salary_OTM Query'!$F:$F,'Salary_OTM Query'!$B:$B,$A478,'Salary_OTM Query'!$E:$E,"=7") -> 49.92 | M478: =SUMIFS('Salary_OTM Query'!$F:$F,'Salary_OTM Query'!$B:$B,$A478,'Salary_OTM Query'!$E:$E,"=8") -> 52.27 | N478: =SUMIFS('Salary_OTM Query'!$F:$F,'Salary_OTM Query'!$B:$B,$A478,'Salary_OTM Query'!$E:$E,"=9") -> 0
A479: 46611 | B479: Youth Leader (Blind/Deaf School) | C479: 43709 | D479: 3 | E479: 7 | F479: =SUMIFS('Salary_OTM Query'!$F:$F,'Salary_OTM Query'!$B:$B,$A479,'Salary_OTM Query'!$E:$E,"=1") -> 23.28 | G479: =SUMIFS('Salary_OTM Query'!$F:$F,'Salary_OTM Query'!$B:$B,$A479,'Salary_OTM Query'!$E:$E,"=2") -> 23.65 | H479: =SUMIFS('Salary_OTM Query'!$F:$F,'Salary_OTM Query'!$B:$B,$A479,'Salary_OTM Query'!$E:$E,"=3") -> 24.27 | I479: =SUMIFS('Salary_OTM Query'!$F:$F,'Salary_OTM Query'!$B:$B,$A479,'Salary_OTM Query'!$E:$E,"=4") -> 24.88 | J479: =SUMIFS('Salary_OTM Query'!$F:$F,'Salary_OTM Query'!$B:$B,$A479,'Salary_OTM Query'!$E:$E,"=5") -> 25.61 | K479: =SUMIFS('Salary_OTM Query'!$F:$F,'Salary_OTM Query'!$B:$B,$A479,'Salary_OTM Query'!$E:$E,"=6") -> 26.54 | L479: =SUMIFS('Salary_OTM Query'!$F:$F,'Salary_OTM Query'!$B:$B,$A479,'Salary_OTM Query'!$E:$E,"=7") -> 0 | M479: =SUMIFS('Salary_OTM Query'!$F:$F,'Salary_OTM Query'!$B:$B,$A479,'Salary_OTM Query'!$E:$E,"=8") -> 0 | N479: =SUMIFS('Salary_OTM Query'!$F:$F,'Salary_OTM Query'!$B:$B,$A479,'Salary_OTM Query'!$E:$E,"=9") -> 0
A480: 46615 | B480: Youth Leader Supervisor (Blind/Deaf School) | C480: 43709 | D480: 22 | E480: 9 | F480: =SUMIFS('Salary_OTM Query'!$F:$F,'Salary_OTM Query'!$B:$B,$A480,'Salary_OTM Query'!$E:$E,"=1") -> 25.72 | G480: =SUMIFS('Salary_OTM Query'!$F:$F,'Salary_OTM Query'!$B:$B,$A480,'Salary_OTM Query'!$E:$E,"=2") -> 27.06 | H480: =SUMIFS('Salary_OTM Query'!$F:$F,'Salary_OTM Query'!$B:$B,$A480,'Salary_OTM Query'!$E:$E,"=3") -> 28.39 | I480: =SUMIFS('Salary_OTM Query'!$F:$F,'Salary_OTM Query'!$B:$B,$A480,'Salary_OTM Query'!$E:$E,"=4") -> 29.81 | J480: =SUMIFS('Salary_OTM Query'!$F:$F,'Salary_OTM Query'!$B:$B,$A480,'Salary_OTM Query'!$E:$E,"=5") -> 31.31 | K480: =SUMIFS('Salary_OTM Query'!$F:$F,'Salary_OTM Query'!$B:$B,$A480,'Salary_OTM Query'!$E:$E,"=6") -> 0 | L480: =SUMIFS('Salary_OTM Query'!$F:$F,'Salary_OTM Query'!$B:$B,$A480,'Salary_OTM Query'!$E:$E,"=7") -> 0 | M480: =SUMIFS('Salary_OTM Query'!$F:$F,'Salary_OTM Query'!$B:$B,$A480,'Salary_OTM Query'!$E:$E,"=8") -> 0 | N480: =SUMIFS('Salary_OTM Query'!$F:$F,'Salary_OTM Query'!$B:$B,$A480,'Salary_OTM Query'!$E:$E,"=9") -> 0
A481: 52111 | B481: Automotive Body Repair Worker 1 | C481: 38361 | D481: 6 | E481: 6 | F481: =SUMIFS('Salary_OTM Query'!$F:$F,'Salary_OTM Query'!$B:$B,$A481,'Salary_OTM Query'!$E:$E,"=1") -> 22.29 | G481: =SUMIFS('Salary_OTM Query'!$F:$F,'Salary_OTM Query'!$B:$B,$A481,'Salary_OTM Query'!$E:$E,"=2") -> 22.86 | H481: =SUMIFS('Salary_OTM Query'!$F:$F,'Salary_OTM Query'!$B:$B,$A481,'Salary_OTM Query'!$E:$E,"=3") -> 23.45 | I481: =SUMIFS('Salary_OTM Query'!$F:$F,'Salary_OTM Query'!$B:$B,$A481,'Salary_OTM Query'!$E:$E,"=4") -> 24.02 | J481: =SUMIFS('Salary_OTM Query'!$F:$F,'Salary_OTM Query'!$B:$B,$A481,'Salary_OTM Query'!$E:$E,"=5") -> 24.63 | K481: =SUMIFS('Salary_OTM Query'!$F:$F,'Salary_OTM Query'!$B:$B,$A481,'Salary_OTM Query'!$E:$E,"=6") -> 0 | L481: =SUMIFS('Salary_OTM Query'!$F:$F,'Salary_OTM Query'!$B:$B,$A481,'Salary_OTM Query'!$E:$E,"=7") -> 0 | M481: =SUMIFS('Salary_OTM Query'!$F:$F,'Salary_OTM Query'!$B:$B,$A481,'Salary_OTM Query'!$E:$E,"=8") -> 0 | N481: =SUMIFS('Salary_OTM Query'!$F:$F,'Salary_OTM Query'!$B:$B,$A481,'Salary_OTM Query'!$E:$E,"=9") -> 0
A482: 52112 | B482: Automotive Body Repair Worker 2 | C482: 38361 | D482: 6 | E482: 8 | F482: =SUMIFS('Salary_OTM Query'!$F:$F,'Salary_OTM Query'!$B:$B,$A482,'Salary_OTM Query'!$E:$E,"=1") -> 24.27 | G482: =SUMIFS('Salary_OTM Query'!$F:$F,'Salary_OTM Query'!$B:$B,$A482,'Salary_OTM Query'!$E:$E,"=2") -> 24.88 | H482: =SUMIFS('Salary_OTM Query'!$F:$F,'Salary_OTM Query'!$B:$B,$A482,'Salary_OTM Query'!$E:$E,"=3") -> 25.61 | I482: =SUMIFS('Salary_OTM Query'!$F:$F,'Salary_OTM Query'!$B:$B,$A482,'Salary_OTM Query'!$E:$E,"=4") -> 26.54 | J482: =SUMIFS('Salary_OTM Query'!$F:$F,'Salary_OTM Query'!$B:$B,$A482,'Salary_OTM Query'!$E:$E,"=5") -> 27.56 | K482: =SUMIFS('Salary_OTM Query'!$F:$F,'Salary_OTM Query'!$B:$B,$A482,'Salary_OTM Query'!$E:$E,"=6") -> 28.76 | L482: =SUMIFS('Salary_OTM Query'!$F:$F,'Salary_OTM Query'!$B:$B,$A482,'Salary_OTM Query'!$E:$E,"=7") -> 0 | M482: =SUMIFS('Salary_OTM Query'!$F:$F,'Salary_OTM Query'!$B:$B,$A482,'Salary_OTM Query'!$E:$E,"=8") -> 0 | N482: =SUMIFS('Salary_OTM Query'!$F:$F,'Salary_OTM Query'!$B:$B,$A482,'Salary_OTM Query'!$E:$E,"=9") -> 0
A483: 52130 | B483: Automotive Service Worker | C483: 36695 | D483: 6 | E483: 2 | F483: =SUMIFS('Salary_OTM Query'!$F:$F,'Salary_OTM Query'!$B:$B,$A483,'Salary_OTM Query'!$E:$E,"=1") -> 19.44 | G483: =SUMIFS('Salary_OTM Query'!$F:$F,'Salary_OTM Query'!$B:$B,$A483,'Salary_OTM Query'!$E:$E,"=2") -> 19.85 | H483: =SUMIFS('Salary_OTM Query'!$F:$F,'Salary_OTM Query'!$B:$B,$A483,'Salary_OTM Query'!$E:$E,"=3") -> 20.3 | I483: =SUMIFS('Salary_OTM Query'!$F:$F,'Salary_OTM Query'!$B:$B,$A483,'Salary_OTM Query'!$E:$E,"=4") -> 20.78 | J483: =SUMIFS('Salary_OTM Query'!$F:$F,'Salary_OTM Query'!$B:$B,$A483,'Salary_OTM Query'!$E:$E,"=5") -> 0 | K483: =SUMIFS('Salary_OTM Query'!$F:$F,'Salary_OTM Query'!$B:$B,$A483,'Salary_OTM Query'!$E:$E,"=6") -> 0 | L483: =SUMIFS('Salary_OTM Query'!$F:$F,'Salary_OTM Query'!$B:$B,$A483,'Salary_OTM Query'!$E:$E,"=7") -> 0 | M483: =SUMIFS('Salary_OTM Query'!$F:$F,'Salary_OTM Query'!$B:$B,$A483,'Salary_OTM Query'!$E:$E,"=8") -> 0 | N483: =SUMIFS('Salary_OTM Query'!$F:$F,'Salary_OTM Query'!$B:$B,$A483,'Salary_OTM Query'!$E:$E,"=9") -> 0
A484: 52131 | B484: Automotive Mechanic 1 | C484: 36695 | D484: 6 | E484: 5 | F484: =SUMIFS('Salary_OTM Query'!$F:$F,'Salary_OTM Query'!$B:$B,$A484,'Salary_OTM Query'!$E:$E,"=1") -> 21.48 | G484: =SUMIFS('Salary_OTM Query'!$F:$F,'Salary_OTM Query'!$B:$B,$A484,'Salary_OTM Query'!$E:$E,"=2") -> 22.04 | H484: =SUMIFS('Salary_OTM Query'!$F:$F,'Salary_OTM Query'!$B:$B,$A484,'Salary_OTM Query'!$E:$E,"=3") -> 22.59 | I484: =SUMIFS('Salary_OTM Query'!$F:$F,'Salary_OTM Query'!$B:$B,$A484,'Salary_OTM Query'!$E:$E,"=4") -> 23.28 | J484: =SUMIFS('Salary_OTM Query'!$F:$F,'Salary_OTM Query'!$B:$B,$A484,'Salary_OTM Query'!$E:$E,"=5") -> 23.65 | K484: =SUMIFS('Salary_OTM Query'!$F:$F,'Salary_OTM Query'!$B:$B,$A484,'Salary_OTM Query'!$E:$E,"=6") -> 0 | L484: =SUMIFS('Salary_OTM Query'!$F:$F,'Salary_OTM Query'!$B:$B,$A484,'Salary_OTM Query'!$E:$E,"=7") -> 0 | M484: =SUMIFS('Salary_OTM Query'!$F:$F,'Salary_OTM Query'!$B:$B,$A484,'Salary_OTM Query'!$E:$E,"=8") -> 0 | N484: =SUMIFS('Salary_OTM Query'!$F:$F,'Salary_OTM Query'!$B:$B,$A484,'Salary_OTM Query'!$E:$E,"=9") -> 0
A485: 52132 | B485: Automotive Mechanic 2 | C485: 38361 | D485: 6 | E485: 7 | F485: =SUMIFS('Salary_OTM Query'!$F:$F,'Salary_OTM Query'!$B:$B,$A485,'Salary_OTM Query'!$E:$E,"=1") -> 23.28 | G485: =SUMIFS('Salary_OTM Query'!$F:$F,'Salary_OTM Query'!$B:$B,$A485,'Salary_OTM Query'!$E:$E,"=2") -> 23.65 | H485: =SUMIFS('Salary_OTM Query'!$F:$F,'Salary_OTM Query'!$B:$B,$A485,'Salary_OTM Query'!$E:$E,"=3") -> 24.27 | I485: =SUMIFS('Salary_OTM Query'!$F:$F,'Salary_OTM Query'!$B:$B,$A485,'Salary_OTM Query'!$E:$E,"=4") -> 24.88 | J485: =SUMIFS('Salary_OTM Query'!$F:$F,'Salary_OTM Query'!$B:$B,$A485,'Salary_OTM Query'!$E:$E,"=5") -> 25.61 | K485: =SUMIFS('Salary_OTM Query'!$F:$F,'Salary_OTM Query'!$B:$B,$A485,'Salary_OTM Query'!$E:$E,"=6") -> 26.54 | L485: =SUMIFS('Salary_OTM Query'!$F:$F,'Salary_OTM Query'!$B:$B,$A485,'Salary_OTM Query'!$E:$E,"=7") -> 0 | M485: =SUMIFS('Salary_OTM Query'!$F:$F,'Salary_OTM Query'!$B:$B,$A485,'Salary_OTM Query'!$E:$E,"=8") -> 0 | N485: =SUMIFS('Salary_OTM Query'!$F:$F,'Salary_OTM Query'!$B:$B,$A485,'Salary_OTM Query'!$E:$E,"=9") -> 0
A486: 52133 | B486: Automotive Technician | C486: 36695 | D486: 6 | E486: 9 | F486: =SUMIFS('Salary_OTM Query'!$F:$F,'Salary_OTM Query'!$B:$B,$A486,'Salary_OTM Query'!$E:$E,"=1") -> 25.61 | G486: =SUMIFS('Salary_OTM Query'!$F:$F,'Salary_OTM Query'!$B:$B,$A486,'Salary_OTM Query'!$E:$E,"=2") -> 26.54 | H486: =SUMIFS('Salary_OTM Query'!$F:$F,'Salary_OTM Query'!$B:$B,$A486,'Salary_OTM Query'!$E:$E,"=3") -> 27.56 | I486: =SUMIFS('Salary_OTM Query'!$F:$F,'Salary_OTM Query'!$B:$B,$A486,'Salary_OTM Query'!$E:$E,"=4") -> 28.76 | J486: =SUMIFS('Salary_OTM Query'!$F:$F,'Salary_OTM Query'!$B:$B,$A486,'Salary_OTM Query'!$E:$E,"=5") -> 30.1 | K486: =SUMIFS('Salary_OTM Query'!$F:$F,'Salary_OTM Query'!$B:$B,$A486,'Salary_OTM Query'!$E:$E,"=6") -> 31.47 | L486: =SUMIFS('Salary_OTM Query'!$F:$F,'Salary_OTM Query'!$B:$B,$A486,'Salary_OTM Query'!$E:$E,"=7") -> 0 | M486: =SUMIFS('Salary_OTM Query'!$F:$F,'Salary_OTM Query'!$B:$B,$A486,'Salary_OTM Query'!$E:$E,"=8") -> 0 | N486: =SUMIFS('Salary_OTM Query'!$F:$F,'Salary_OTM Query'!$B:$B,$A486,'Salary_OTM Query'!$E:$E,"=9") -> 0
A487: 52141 | B487: Motor Fleet Coordinator | C487: 32958 | D487: 6 | E487: 6 | F487: =SUMIFS('Salary_OTM Query'!$F:$F,'Salary_OTM Query'!$B:$B,$A487,'Salary_OTM Query'!$E:$E,"=1") -> 22.29 | G487: =SUMIFS('Salary_OTM Query'!$F:$F,'Salary_OTM Query'!$B:$B,$A487,'Salary_OTM Query'!$E:$E,"=2") -> 22.86 | H487: =SUMIFS('Salary_OTM Query'!$F:$F,'Salary_OTM Query'!$B:$B,$A487,'Salary_OTM Query'!$E:$E,"=3") -> 23.45 | I487: =SUMIFS('Salary_OTM Query'!$F:$F,'Salary_OTM Query'!$B:$B,$A487,'Salary_OTM Query'!$E:$E,"=4") -> 24.02 | J487: =SUMIFS('Salary_OTM Query'!$F:$F,'Salary_OTM Query'!$B:$B,$A487,'Salary_OTM Query'!$E:$E,"=5") -> 24.63 | K487: =SUMIFS('Salary_OTM Query'!$F:$F,'Salary_OTM Query'!$B:$B,$A487,'Salary_OTM Query'!$E:$E,"=6") -> 0 | L487: =SUMIFS('Salary_OTM Query'!$F:$F,'Salary_OTM Query'!$B:$B,$A487,'Salary_OTM Query'!$E:$E,"=7") -> 0 | M487: =SUMIFS('Salary_OTM Query'!$F:$F,'Salary_OTM Query'!$B:$B,$A487,'Salary_OTM Query'!$E:$E,"=8") -> 0 | N487: =SUMIFS('Salary_OTM Query'!$F:$F,'Salary_OTM Query'!$B:$B,$A487,'Salary_OTM Query'!$E:$E,"=9") -> 0
A488: 52142 | B488: Motor Fleet Coordinator Specialist | C488: 37381 | D488: 6 | E488: 7 | F488: =SUMIFS('Salary_OTM Query'!$F:$F,'Salary_OTM Query'!$B:$B,$A488,'Salary_OTM Query'!$E:$E,"=1") -> 23.28 | G488: =SUMIFS('Salary_OTM Query'!$F:$F,'Salary_OTM Query'!$B:$B,$A488,'Salary_OTM Query'!$E:$E,"=2") -> 23.65 | H488: =SUMIFS('Salary_OTM Query'!$F:$F,'Salary_OTM Query'!$B:$B,$A488,'Salary_OTM Query'!$E:$E,"=3") -> 24.27 | I488: =SUMIFS('Salary_OTM Query'!$F:$F,'Salary_OTM Query'!$B:$B,$A488,'Salary_OTM Query'!$E:$E,"=4") -> 24.88 | J488: =SUMIFS('Salary_OTM Query'!$F:$F,'Salary_OTM Query'!$B:$B,$A488,'Salary_OTM Query'!$E:$E,"=5") -> 25.61 | K488: =SUMIFS('Salary_OTM Query'!$F:$F,'Salary_OTM Query'!$B:$B,$A488,'Salary_OTM Query'!$E:$E,"=6") -> 26.54 | L488: =SUMIFS('Salary_OTM Query'!$F:$F,'Salary_OTM Query'!$B:$B,$A488,'Salary_OTM Query'!$E:$E,"=7") -> 0 | M488: =SUMIFS('Salary_OTM Query'!$F:$F,'Salary_OTM Query'!$B:$B,$A488,'Salary_OTM Query'!$E:$E,"=8") -> 0 | N488: =SUMIFS('Salary_OTM Query'!$F:$F,'Salary_OTM Query'!$B:$B,$A488,'Salary_OTM Query'!$E:$E,"=9") -> 0
... A539: 52515 | B539: Traffic Management Center Supervisor | C539: 43065 | D539: 22 | E539: 12 | F539: =SUMIFS('Salary_OTM Query'!$F:$F,'Salary_OTM Query'!$B:$B,$A539,'Salary_OTM Query'!$E:$E,"=1") -> 33.32 | G539: =SUMIFS('Salary_OTM Query'!$F:$F,'Salary_OTM Query'!$B:$B,$A539,'Salary_OTM Query'!$E:$E,"=2") -> 35.21 | H539: =SUMIFS('Salary_OTM Query'!$F:$F,'Salary_OTM Query'!$B:$B,$A539,'Salary_OTM Query'!$E:$E,"=3") -> 37.09 | I539: =SUMIFS('Salary_OTM Query'!$F:$F,'Salary_OTM Query'!$B:$B,$A539,'Salary_OTM Query'!$E:$E,"=4") -> 39.14 | J539: =SUMIFS('Salary_OTM Query'!$F:$F,'Salary_OTM Query'!$B:$B,$A539,'Salary_OTM Query'!$E:$E,"=5") -> 41.31 | K539: =SUMIFS('Salary_OTM Query'!$F:$F,'Salary_OTM Query'!$B:$B,$A539,'Salary_OTM Query'!$E:$E,"=6") -> 43.57 | L539: =SUMIFS('Salary_OTM Query'!$F:$F,'Salary_OTM Query'!$B:$B,$A539,'Salary_OTM Query'!$E:$E,"=7") -> 45.35 | M539: =SUMIFS('Salary_OTM Query'!$F:$F,'Salary_OTM Query'!$B:$B,$A539,'Salary_OTM Query'!$E:$E,"=8") -> 47.47 | N539: =SUMIFS('Salary_OTM Query'!$F:$F,'Salary_OTM Query'!$B:$B,$A539,'Salary_OTM Query'!$E:$E,"=9") -> 0
A540: 52521 | B540: Natural Resources Dispatcher 1 | C540: 46047 | D540: 9 | E540: 29 | F540: =SUMIFS('Salary_OTM Query'!$F:$F,'Salary_OTM Query'!$B:$B,$A540,'Salary_OTM Query'!$E:$E,"=1") -> 24.88 | G540: =SUMIFS('Salary_OTM Query'!$F:$F,'Salary_OTM Query'!$B:$B,$A540,'Salary_OTM Query'!$E:$E,"=2") -> 25.61 | H540: =SUMIFS('Salary_OTM Query'!$F:$F,'Salary_OTM Query'!$B:$B,$A540,'Salary_OTM Query'!$E:$E,"=3") -> 26.54 | I540: =SUMIFS('Salary_OTM Query'!$F:$F,'Salary_OTM Query'!$B:$B,$A540,'Salary_OTM Query'!$E:$E,"=4") -> 27.56 | J540: =SUMIFS('Salary_OTM Query'!$F:$F,'Salary_OTM Query'!$B:$B,$A540,'Salary_OTM Query'!$E:$E,"=5") -> 28.76 | K540: =SUMIFS('Salary_OTM Query'!$F:$F,'Salary_OTM Query'!$B:$B,$A540,'Salary_OTM Query'!$E:$E,"=6") -> 30.1 | L540: =SUMIFS('Salary_OTM Query'!$F:$F,'Salary_OTM Query'!$B:$B,$A540,'Salary_OTM Query'!$E:$E,"=7") -> 31.47 | N540: =SUMIFS('Salary_OTM Query'!$F:$F,'Salary_OTM Query'!$B:$B,$A540,'Salary_OTM Query'!$E:$E,"=9") -> 0
A541: 52522 | B541: Natural Resources Dispatcher 2 | C541: 46047 | D541: 9 | E541: 30 | F541: =SUMIFS('Salary_OTM Query'!$F:$F,'Salary_OTM Query'!$B:$B,$A541,'Salary_OTM Query'!$E:$E,"=1") -> 26.54 | G541: =SUMIFS('Salary_OTM Query'!$F:$F,'Salary_OTM Query'!$B:$B,$A541,'Salary_OTM Query'!$E:$E,"=2") -> 27.56 | H541: =SUMIFS('Salary_OTM Query'!$F:$F,'Salary_OTM Query'!$B:$B,$A541,'Salary_OTM Query'!$E:$E,"=3") -> 28.76 | I541: =SUMIFS('Salary_OTM Query'!$F:$F,'Salary_OTM Query'!$B:$B,$A541,'Salary_OTM Query'!$E:$E,"=4") -> 30.1 | J541: =SUMIFS('Salary_OTM Query'!$F:$F,'Salary_OTM Query'!$B:$B,$A541,'Salary_OTM Query'!$E:$E,"=5") -> 31.47 | K541: =SUMIFS('Salary_OTM Query'!$F:$F,'Salary_OTM Query'!$B:$B,$A541,'Salary_OTM Query'!$E:$E,"=6") -> 32.84 | L541: =SUMIFS('Salary_OTM Query'!$F:$F,'Salary_OTM Query'!$B:$B,$A541,'Salary_OTM Query'!$E:$E,"=7") -> 34.53 | M541: =SUMIFS('Salary_OTM Query'!$F:$F,'Salary_OTM Query'!$B:$B,$A541,'Salary_OTM Query'!$E:$E,"=8") -> 0 | N541: =SUMIFS('Salary_OTM Query'!$F:$F,'Salary_OTM Query'!$B:$B,$A541,'Salary_OTM Query'!$E:$E,"=9") -> 0
A542: 52525 | B542: Natural Resources Dispatcher Supervisor | C542: 45403 | D542: 22 | E542: 12 | F542: =SUMIFS('Salary_OTM Query'!$F:$F,'Salary_OTM Query'!$B:$B,$A542,'Salary_OTM Query'!$E:$E,"=1") -> 33.32 | G542: =SUMIFS('Salary_OTM Query'!$F:$F,'Salary_OTM Query'!$B:$B,$A542,'Salary_OTM Query'!$E:$E,"=2") -> 35.21 | H542: =SUMIFS('Salary_OTM Query'!$F:$F,'Salary_OTM Query'!$B:$B,$A542,'Salary_OTM Query'!$E:$E,"=3") -> 37.09 | I542: =SUMIFS('Salary_OTM Query'!$F:$F,'Salary_OTM Query'!$B:$B,$A542,'Salary_OTM Query'!$E:$E,"=4") -> 39.14 | J542: =SUMIFS('Salary_OTM Query'!$F:$F,'Salary_OTM Query'!$B:$B,$A542,'Salary_OTM Query'!$E:$E,"=5") -> 41.31 | K542: =SUMIFS('Salary_OTM Query'!$F:$F,'Salary_OTM Query'!$B:$B,$A542,'Salary_OTM Query'!$E:$E,"=6") -> 43.57 | L542: =SUMIFS('Salary_OTM Query'!$F:$F,'Salary_OTM Query'!$B:$B,$A542,'Salary_OTM Query'!$E:$E,"=7") -> 45.35 | M542: =SUMIFS('Salary_OTM Query'!$F:$F,'Salary_OTM Query'!$B:$B,$A542,'Salary_OTM Query'!$E:$E,"=8") -> 47.47 | N542: =SUMIFS('Salary_OTM Query'!$F:$F,'Salary_OTM Query'!$B:$B,$A542,'Salary_OTM Query'!$E:$E,"=9") -> 0
A543: 52531 | B543: CAD Specialist | C543: 43639 | D543: 1 | E543: 9 | F543: =SUMIFS('Salary_OTM Query'!$F:$F,'Salary_OTM Query'!$B:$B,$A543,'Salary_OTM Query'!$E:$E,"=1") -> 27.04 | G543: =SUMIFS('Salary_OTM Query'!$F:$F,'Salary_OTM Query'!$B:$B,$A543,'Salary_OTM Query'!$E:$E,"=2") -> 28.42 | H543: =SUMIFS('Salary_OTM Query'!$F:$F,'Salary_OTM Query'!$B:$B,$A543,'Salary_OTM Query'!$E:$E,"=3") -> 29.81 | I543: =SUMIFS('Salary_OTM Query'!$F:$F,'Salary_OTM Query'!$B:$B,$A543,'Salary_OTM Query'!$E:$E,"=4") -> 31.31 | J543: =SUMIFS('Salary_OTM Query'!$F:$F,'Salary_OTM Query'!$B:$B,$A543,'Salary_OTM Query'!$E:$E,"=5") -> 32.91 | K543: =SUMIFS('Salary_OTM Query'!$F:$F,'Salary_OTM Query'!$B:$B,$A543,'Salary_OTM Query'!$E:$E,"=6") -> 0 | L543: =SUMIFS('Salary_OTM Query'!$F:$F,'Salary_OTM Query'!$B:$B,$A543,'Salary_OTM Query'!$E:$E,"=7") -> 0 | M543: =SUMIFS('Salary_OTM Query'!$F:$F,'Salary_OTM Query'!$B:$B,$A543,'Salary_OTM Query'!$E:$E,"=8") -> 0 | N543: =SUMIFS('Salary_OTM Query'!$F:$F,'Salary_OTM Query'!$B:$B,$A543,'Salary_OTM Query'!$E:$E,"=9") -> 0
A544: 52611 | B544: Broadcasting Engineer | C544: 38361 | D544: 7 | E544: 28 | F544: =SUMIFS('Salary_OTM Query'!$F:$F,'Salary_OTM Query'!$B:$B,$A544,'Salary_OTM Query'!$E:$E,"=1") -> 23.65 | G544: =SUMIFS('Salary_OTM Query'!$F:$F,'Salary_OTM Query'!$B:$B,$A544,'Salary_OTM Query'!$E:$E,"=2") -> 24.27 | H544: =SUMIFS('Salary_OTM Query'!$F:$F,'Salary_OTM Query'!$B:$B,$A544,'Salary_OTM Query'!$E:$E,"=3") -> 24.88 | I544: =SUMIFS('Salary_OTM Query'!$F:$F,'Salary_OTM Query'!$B:$B,$A544,'Salary_OTM Query'!$E:$E,"=4") -> 25.61 | J544: =SUMIFS('Salary_OTM Query'!$F:$F,'Salary_OTM Query'!$B:$B,$A544,'Salary_OTM Query'!$E:$E,"=5") -> 26.54 | K544: =SUMIFS('Salary_OTM Query'!$F:$F,'Salary_OTM Query'!$B:$B,$A544,'Salary_OTM Query'!$E:$E,"=6") -> 27.56 | L544: =SUMIFS('Salary_OTM Query'!$F:$F,'Salary_OTM Query'!$B:$B,$A544,'Salary_OTM Query'!$E:$E,"=7") -> 28.76 | M544: =SUMIFS('Salary_OTM Query'!$F:$F,'Salary_OTM Query'!$B:$B,$A544,'Salary_OTM Query'!$E:$E,"=8") -> 0 | N544: =SUMIFS('Salary_OTM Query'!$F:$F,'Salary_OTM Query'!$B:$B,$A544,'Salary_OTM Query'!$E:$E,"=9") -> 0
A545: 52641 | B545: Audio/Visual Specialist | C545: 32958 | D545: 7 | E545: 7 | F545: =SUMIFS('Salary_OTM Query'!$F:$F,'Salary_OTM Query'!$B:$B,$A545,'Salary_OTM Query'!$E:$E,"=1") -> 23.28 | G545: =SUMIFS('Salary_OTM Query'!$F:$F,'Salary_OTM Query'!$B:$B,$A545,'Salary_OTM Query'!$E:$E,"=2") -> 23.65 | H545: =SUMIFS('Salary_OTM Query'!$F:$F,'Salary_OTM Query'!$B:$B,$A545,'Salary_OTM Query'!$E:$E,"=3") -> 24.27 | I545: =SUMIFS('Salary_OTM Query'!$F:$F,'Salary_OTM Query'!$B:$B,$A545,'Salary_OTM Query'!$E:$E,"=4") -> 24.88 | J545: =SUMIFS('Salary_OTM Query'!$F:$F,'Salary_OTM Query'!$B:$B,$A545,'Salary_OTM Query'!$E:$E,"=5") -> 25.61 | K545: =SUMIFS('Salary_OTM Query'!$F:$F,'Salary_OTM Query'!$B:$B,$A545,'Salary_OTM Query'!$E:$E,"=6") -> 26.54 | L545: =SUMIFS('Salary_OTM Query'!$F:$F,'Salary_OTM Query'!$B:$B,$A545,'Salary_OTM Query'!$E:$E,"=7") -> 0 | M545: =SUMIFS('Salary_OTM Query'!$F:$F,'Salary_OTM Query'!$B:$B,$A545,'Salary_OTM Query'!$E:$E,"=8") -> 0 | N545: =SUMIFS('Salary_OTM Query'!$F:$F,'Salary_OTM Query'!$B:$B,$A545,'Salary_OTM Query'!$E:$E,"=9") -> 0
A546: 52642 | B546: Audio/Visual Production Specialist | C546: 38361 | D546: 7 | E546: 31 | F546: =SUMIFS('Salary_OTM Query'!$F:$F,'Salary_OTM Query'!$B:$B,$A546,'Salary_OTM Query'!$E:$E,"=1") -> 28.76 | G546: =SUMIFS('Salary_OTM Query'!$F:$F,'Salary_OTM Query'!$B:$B,$A546,'Salary_OTM Query'!$E:$E,"=2") -> 30.1 | H546: =SUMIFS('Salary_OTM Query'!$F:$F,'Salary_OTM Query'!$B:$B,$A546,'Salary_OTM Query'!$E:$E,"=3") -> 31.47 | I546: =SUMIFS('Salary_OTM Query'!$F:$F,'Salary_OTM Query'!$B:$B,$A546,'Salary_OTM Query'!$E:$E,"=4") -> 32.84 | J546: =SUMIFS('Salary_OTM Query'!$F:$F,'Salary_OTM Query'!$B:$B,$A546,'Salary_OTM Query'!$E:$E,"=5") -> 34.53 | K546: =SUMIFS('Salary_OTM Query'!$F:$F,'Salary_OTM Query'!$B:$B,$A546,'Salary_OTM Query'!$E:$E,"=6") -> 36.2 | L546: =SUMIFS('Salary_OTM Query'!$F:$F,'Salary_OTM Query'!$B:$B,$A546,'Salary_OTM Query'!$E:$E,"=7") -> 38.01 | M546: =SUMIFS('Salary_OTM Query'!$F:$F,'Salary_OTM Query'!$B:$B,$A546,'Salary_OTM Query'!$E:$E,"=8") -> 0 | N546: =SUMIFS('Salary_OTM Query'!$F:$F,'Salary_OTM Query'!$B:$B,$A546,'Salary_OTM Query'!$E:$E,"=9") -> 0
A547: 52643 | B547: Videographer | C547: 38361 | D547: 7 | E547: 32 | F547: =SUMIFS('Salary_OTM Query'!$F:$F,'Salary_OTM Query'!$B:$B,$A547,'Salary_OTM Query'!$E:$E,"=1") -> 31.47 | G547: =SUMIFS('Salary_OTM Query'!$F:$F,'Salary_OTM Query'!$B:$B,$A547,'Salary_OTM Query'!$E:$E,"=2") -> 32.84 | H547: =SUMIFS('Salary_OTM Query'!$F:$F,'Salary_OTM Query'!$B:$B,$A547,'Salary_OTM Query'!$E:$E,"=3") -> 34.53 | I547: =SUMIFS('Salary_OTM Query'!$F:$F,'Salary_OTM Query'!$B:$B,$A547,'Salary_OTM Query'!$E:$E,"=4") -> 36.2 | J547: =SUMIFS('Salary_OTM Query'!$F:$F,'Salary_OTM Query'!$B:$B,$A547,'Salary_OTM Query'!$E:$E,"=5") -> 38.01 | K547: =SUMIFS('Salary_OTM Query'!$F:$F,'Salary_OTM Query'!$B:$B,$A547,'Salary_OTM Query'!$E:$E,"=6") -> 39.86 | L547: =SUMIFS('Salary_OTM Query'!$F:$F,'Salary_OTM Query'!$B:$B,$A547,'Salary_OTM Query'!$E:$E,"=7") -> 41.81 | M547: =SUMIFS('Salary_OTM Query'!$F:$F,'Salary_OTM Query'!$B:$B,$A547,'Salary_OTM Query'!$E:$E,"=8") -> 43.9 | N547: =SUMIFS('Salary_OTM Query'!$F:$F,'Salary_OTM Query'!$B:$B,$A547,'Salary_OTM Query'!$E:$E,"=9") -> 46.08
A548: 52646 | B548: Video Production Manager | C548: 38361 | D548: 22 | E548: 13 | F548: =SUMIFS('Salary_OTM Query'!$F:$F,'Salary_OTM Query'!$B:$B,$A548,'Salary_OTM Query'!$E:$E,"=1") -> 36.75 | G548: =SUMIFS('Salary_OTM Query'!$F:$F,'Salary_OTM Query'!$B:$B,$A548,'Salary_OTM Query'!$E:$E,"=2") -> 38.75 | H548: =SUMIFS('Salary_OTM Query'!$F:$F,'Salary_OTM Query'!$B:$B,$A548,'Salary_OTM Query'!$E:$E,"=3") -> 40.87 | I548: =SUMIFS('Salary_OTM Query'!$F:$F,'Salary_OTM Query'!$B:$B,$A548,'Salary_OTM Query'!$E:$E,"=4") -> 43.07 | J548: =SUMIFS('Salary_OTM Query'!$F:$F,'Salary_OTM Query'!$B:$B,$A548,'Salary_OTM Query'!$E:$E,"=5") -> 45.5 | K548: =SUMIFS('Salary_OTM Query'!$F:$F,'Salary_OTM Query'!$B:$B,$A548,'Salary_OTM Query'!$E:$E,"=6") -> 47.95 | L548: =SUMIFS('Salary_OTM Query'!$F:$F,'Salary_OTM Query'!$B:$B,$A548,'Salary_OTM Query'!$E:$E,"=7") -> 49.92 | M548: =SUMIFS('Salary_OTM Query'!$F:$F,'Salary_OTM Query'!$B:$B,$A548,'Salary_OTM Query'!$E:$E,"=8") -> 52.27 | N548: =SUMIFS('Salary_OTM Query'!$F:$F,'Salary_OTM Query'!$B:$B,$A548,'Salary_OTM Query'!$E:$E,"=9") -> 0
A549: 52661 | B549: Electronic Design Coordinator | C549: 37353 | D549: 7 | E549: 31 | F549: =SUMIFS('Salary_OTM Query'!$F:$F,'Salary_OTM Query'!$B:$B,$A549,'Salary_OTM Query'!$E:$E,"=1") -> 28.76 | G549: =SUMIFS('Salary_OTM Query'!$F:$F,'Salary_OTM Query'!$B:$B,$A549,'Salary_OTM Query'!$E:$E,"=2") -> 30.1 | H549: =SUMIFS('Salary_OTM Query'!$F:$F,'Salary_OTM Query'!$B:$B,$A549,'Salary_OTM Query'!$E:$E,"=3") -> 31.47 | I549: =SUMIFS('Salary_OTM Query'!$F:$F,'Salary_OTM Query'!$B:$B,$A549,'Salary_OTM Query'!$E:$E,"=4") -> 32.84 | J549: =SUMIFS('Salary_OTM Query'!$F:$F,'Salary_OTM Query'!$B:$B,$A549,'Salary_OTM Query'!$E:$E,"=5") -> 34.53 | K549: =SUMIFS('Salary_OTM Query'!$F:$F,'Salary_OTM Query'!$B:$B,$A549,'Salary_OTM Query'!$E:$E,"=6") -> 36.2 | L549: =SUMIFS('Salary_OTM Query'!$F:$F,'Salary_OTM Query'!$B:$B,$A549,'Salary_OTM Query'!$E:$E,"=7") -> 38.01 | M549: =SUMIFS('Salary_OTM Query'!$F:$F,'Salary_OTM Query'!$B:$B,$A549,'Salary_OTM Query'!$E:$E,"=8") -> 0 | N549: =SUMIFS('Salary_OTM Query'!$F:$F,'Salary_OTM Query'!$B:$B,$A549,'Salary_OTM Query'!$E:$E,"=9") -> 0
A550: 52662 | B550: Electronic Design Specialist | C550: 36219 | D550: 7 | E550: 32 | F550: =SUMIFS('Salary_OTM Query'!$F:$F,'Salary_OTM Query'!$B:$B,$A550,'Salary_OTM Query'!$E:$E,"=1") -> 31.47 | G550: =SUMIFS('Salary_OTM Query'!$F:$F,'Salary_OTM Query'!$B:$B,$A550,'Salary_OTM Query'!$E:$E,"=2") -> 32.84 | H550: =SUMIFS('Salary_OTM Query'!$F:$F,'Salary_OTM Query'!$B:$B,$A550,'Salary_OTM Query'!$E:$E,"=3") -> 34.53 | I550: =SUMIFS('Salary_OTM Query'!$F:$F,'Salary_OTM Query'!$B:$B,$A550,'Salary_OTM Query'!$E:$E,"=4") -> 36.2 | J550: =SUMIFS('Salary_OTM Query'!$F:$F,'Salary_OTM Query'!$B:$B,$A550,'Salary_OTM Query'!$E:$E,"=5") -> 38.01 | K550: =SUMIFS('Salary_OTM Query'!$F:$F,'Salary_OTM Query'!$B:$B,$A550,'Salary_OTM Query'!$E:$E,"=6") -> 39.86 | L550: =SUMIFS('Salary_OTM Query'!$F:$F,'Salary_OTM Query'!$B:$B,$A550,'Salary_OTM Query'!$E:$E,"=7") -> 41.81 | M550: =SUMIFS('Salary_OTM Query'!$F:$F,'Salary_OTM Query'!$B:$B,$A550,'Salary_OTM Query'!$E:$E,"=8") -> 43.9 | N550: =SUMIFS('Salary_OTM Query'!$F:$F,'Salary_OTM Query'!$B:$B,$A550,'Salary_OTM Query'!$E:$E,"=9") -> 46.08
A551: 52665 | B551: Visual Communications Manager | C551: 36569 | D551: 22 | E551: 13 | F551: =SUMIFS('Salary_OTM Query'!$F:$F,'Salary_OTM Query'!$B:$B,$A551,'Salary_OTM Query'!$E:$E,"=1") -> 36.75 | G551: =SUMIFS('Salary_OTM Query'!$F:$F,'Salary_OTM Query'!$B:$B,$A551,'Salary_OTM Query'!$E:$E,"=2") -> 38.75 | H551: =SUMIFS('Salary_OTM Query'!$F:$F,'Salary_OTM Query'!$B:$B,$A551,'Salary_OTM Query'!$E:$E,"=3") -> 40.87 | I551: =SUMIFS('Salary_OTM Query'!$F:$F,'Salary_OTM Query'!$B:$B,$A551,'Salary_OTM Query'!$E:$E,"=4") -> 43.07 | J551: =SUMIFS('Salary_OTM Query'!$F:$F,'Salary_OTM Query'!$B:$B,$A551,'Salary_OTM Query'!$E:$E,"=5") -> 45.5 | K551: =SUMIFS('Salary_OTM Query'!$F:$F,'Salary_OTM Query'!$B:$B,$A551,'Salary_OTM Query'!$E:$E,"=6") -> 47.95 | L551: =SUMIFS('Salary_OTM Query'!$F:$F,'Salary_OTM Query'!$B:$B,$A551,'Salary_OTM Query'!$E:$E,"=7") -> 49.92 | M551: =SUMIFS('Salary_OTM Query'!$F:$F,'Salary_OTM Query'!$B:$B,$A551,'Salary_OTM Query'!$E:$E,"=8") -> 52.27 | N551: =SUMIFS('Salary_OTM Query'!$F:$F,'Salary_OTM Query'!$B:$B,$A551,'Salary_OTM Query'!$E:$E,"=9") -> 0
A552: 52731 | B552: Printing Machine Operator | C552: 38361 | D552: 7 | E552: 8 | F552: =SUMIFS('Salary_OTM Query'!$F:$F,'Salary_OTM Query'!$B:$B,$A552,'Salary_OTM Query'!$E:$E,"=1") -> 24.27 | G552: =SUMIFS('Salary_OTM Query'!$F:$F,'Salary_OTM Query'!$B:$B,$A552,'Salary_OTM Query'!$E:$E,"=2") -> 24.88 | H552: =SUMIFS('Salary_OTM Query'!$F:$F,'Salary_OTM Query'!$B:$B,$A552,'Salary_OTM Query'!$E:$E,"=3") -> 25.61 | I552: =SUMIFS('Salary_OTM Query'!$F:$F,'Salary_OTM Query'!$B:$B,$A552,'Salary_OTM Query'!$E:$E,"=4") -> 26.54 | J552: =SUMIFS('Salary_OTM Query'!$F:$F,'Salary_OTM Query'!$B:$B,$A552,'Salary_OTM Query'!$E:$E,"=5") -> 27.56 | K552: =SUMIFS('Salary_OTM Query'!$F:$F,'Salary_OTM Query'!$B:$B,$A552,'Salary_OTM Query'!$E:$E,"=6") -> 28.76 | L552: =SUMIFS('Salary_OTM Query'!$F:$F,'Salary_OTM Query'!$B:$B,$A552,'Salary_OTM Query'!$E:$E,"=7") -> 0 | M552: =SUMIFS('Salary_OTM Query'!$F:$F,'Salary_OTM Query'!$B:$B,$A552,'Salary_OTM Query'!$E:$E,"=8") -> 0 | N552: =SUMIFS('Salary_OTM Query'!$F:$F,'Salary_OTM Query'!$B:$B,$A552,'Salary_OTM Query'!$E:$E,"=9") -> 0
... A611: 54422 | B611: Dredge Operator 2 | C611: 45277 | D611: 6 | E611: 6 | F611: =SUMIFS('Salary_OTM Query'!$F:$F,'Salary_OTM Query'!$B:$B,$A611,'Salary_OTM Query'!$E:$E,"=1") -> 22.29 | G611: =SUMIFS('Salary_OTM Query'!$F:$F,'Salary_OTM Query'!$B:$B,$A611,'Salary_OTM Query'!$E:$E,"=2") -> 22.86 | H611: =SUMIFS('Salary_OTM Query'!$F:$F,'Salary_OTM Query'!$B:$B,$A611,'Salary_OTM Query'!$E:$E,"=3") -> 23.45 | I611: =SUMIFS('Salary_OTM Query'!$F:$F,'Salary_OTM Query'!$B:$B,$A611,'Salary_OTM Query'!$E:$E,"=4") -> 24.02 | J611: =SUMIFS('Salary_OTM Query'!$F:$F,'Salary_OTM Query'!$B:$B,$A611,'Salary_OTM Query'!$E:$E,"=5") -> 24.63 | K611: =SUMIFS('Salary_OTM Query'!$F:$F,'Salary_OTM Query'!$B:$B,$A611,'Salary_OTM Query'!$E:$E,"=6") -> 0 | L611: =SUMIFS('Salary_OTM Query'!$F:$F,'Salary_OTM Query'!$B:$B,$A611,'Salary_OTM Query'!$E:$E,"=7") -> 0 | M611: =SUMIFS('Salary_OTM Query'!$F:$F,'Salary_OTM Query'!$B:$B,$A611,'Salary_OTM Query'!$E:$E,"=8") -> 0 | N611: =SUMIFS('Salary_OTM Query'!$F:$F,'Salary_OTM Query'!$B:$B,$A611,'Salary_OTM Query'!$E:$E,"=9") -> 0
A612: 54423 | B612: Dredge Operator 3 | C612: 45277 | D612: 6 | E612: 7 | F612: =SUMIFS('Salary_OTM Query'!$F:$F,'Salary_OTM Query'!$B:$B,$A612,'Salary_OTM Query'!$E:$E,"=1") -> 23.28 | G612: =SUMIFS('Salary_OTM Query'!$F:$F,'Salary_OTM Query'!$B:$B,$A612,'Salary_OTM Query'!$E:$E,"=2") -> 23.65 | H612: =SUMIFS('Salary_OTM Query'!$F:$F,'Salary_OTM Query'!$B:$B,$A612,'Salary_OTM Query'!$E:$E,"=3") -> 24.27 | I612: =SUMIFS('Salary_OTM Query'!$F:$F,'Salary_OTM Query'!$B:$B,$A612,'Salary_OTM Query'!$E:$E,"=4") -> 24.88 | J612: =SUMIFS('Salary_OTM Query'!$F:$F,'Salary_OTM Query'!$B:$B,$A612,'Salary_OTM Query'!$E:$E,"=5") -> 25.61 | K612: =SUMIFS('Salary_OTM Query'!$F:$F,'Salary_OTM Query'!$B:$B,$A612,'Salary_OTM Query'!$E:$E,"=6") -> 26.54 | L612: =SUMIFS('Salary_OTM Query'!$F:$F,'Salary_OTM Query'!$B:$B,$A612,'Salary_OTM Query'!$E:$E,"=7") -> 0
A613: 54441 | B613: Vehicle Operator 1 | C613: 33881 | D613: 6 | E613: 4 | F613: =SUMIFS('Salary_OTM Query'!$F:$F,'Salary_OTM Query'!$B:$B,$A613,'Salary_OTM Query'!$E:$E,"=1") -> 20.78 | G613: =SUMIFS('Salary_OTM Query'!$F:$F,'Salary_OTM Query'!$B:$B,$A613,'Salary_OTM Query'!$E:$E,"=2") -> 21.28 | H613: =SUMIFS('Salary_OTM Query'!$F:$F,'Salary_OTM Query'!$B:$B,$A613,'Salary_OTM Query'!$E:$E,"=3") -> 21.83 | I613: =SUMIFS('Salary_OTM Query'!$F:$F,'Salary_OTM Query'!$B:$B,$A613,'Salary_OTM Query'!$E:$E,"=4") -> 22.29 | J613: =SUMIFS('Salary_OTM Query'!$F:$F,'Salary_OTM Query'!$B:$B,$A613,'Salary_OTM Query'!$E:$E,"=5") -> 0 | K613: =SUMIFS('Salary_OTM Query'!$F:$F,'Salary_OTM Query'!$B:$B,$A613,'Salary_OTM Query'!$E:$E,"=6") -> 0 | L613: =SUMIFS('Salary_OTM Query'!$F:$F,'Salary_OTM Query'!$B:$B,$A613,'Salary_OTM Query'!$E:$E,"=7") -> 0 | M613: =SUMIFS('Salary_OTM Query'!$F:$F,'Salary_OTM Query'!$B:$B,$A613,'Salary_OTM Query'!$E:$E,"=8") -> 0 | N613: =SUMIFS('Salary_OTM Query'!$F:$F,'Salary_OTM Query'!$B:$B,$A613,'Salary_OTM Query'!$E:$E,"=9") -> 0
A614: 54442 | B614: Vehicle Operator 2 | C614: 32958 | D614: 6 | E614: 6 | F614: =SUMIFS('Salary_OTM Query'!$F:$F,'Salary_OTM Query'!$B:$B,$A614,'Salary_OTM Query'!$E:$E,"=1") -> 22.29 | G614: =SUMIFS('Salary_OTM Query'!$F:$F,'Salary_OTM Query'!$B:$B,$A614,'Salary_OTM Query'!$E:$E,"=2") -> 22.86 | H614: =SUMIFS('Salary_OTM Query'!$F:$F,'Salary_OTM Query'!$B:$B,$A614,'Salary_OTM Query'!$E:$E,"=3") -> 23.45 | I614: =SUMIFS('Salary_OTM Query'!$F:$F,'Salary_OTM Query'!$B:$B,$A614,'Salary_OTM Query'!$E:$E,"=4") -> 24.02 | J614: =SUMIFS('Salary_OTM Query'!$F:$F,'Salary_OTM Query'!$B:$B,$A614,'Salary_OTM Query'!$E:$E,"=5") -> 24.63 | K614: =SUMIFS('Salary_OTM Query'!$F:$F,'Salary_OTM Query'!$B:$B,$A614,'Salary_OTM Query'!$E:$E,"=6") -> 0 | L614: =SUMIFS('Salary_OTM Query'!$F:$F,'Salary_OTM Query'!$B:$B,$A614,'Salary_OTM Query'!$E:$E,"=7") -> 0 | M614: =SUMIFS('Salary_OTM Query'!$F:$F,'Salary_OTM Query'!$B:$B,$A614,'Salary_OTM Query'!$E:$E,"=8") -> 0 | N614: =SUMIFS('Salary_OTM Query'!$F:$F,'Salary_OTM Query'!$B:$B,$A614,'Salary_OTM Query'!$E:$E,"=9") -> 0
A615: 54461 | B615: Research Vessel Operator | C615: 38249 | D615: 6 | E615: 31 | F615: =SUMIFS('Salary_OTM Query'!$F:$F,'Salary_OTM Query'!$B:$B,$A615,'Salary_OTM Query'!$E:$E,"=1") -> 28.76 | G615: =SUMIFS('Salary_OTM Query'!$F:$F,'Salary_OTM Query'!$B:$B,$A615,'Salary_OTM Query'!$E:$E,"=2") -> 30.1 | H615: =SUMIFS('Salary_OTM Query'!$F:$F,'Salary_OTM Query'!$B:$B,$A615,'Salary_OTM Query'!$E:$E,"=3") -> 31.47 | I615: =SUMIFS('Salary_OTM Query'!$F:$F,'Salary_OTM Query'!$B:$B,$A615,'Salary_OTM Query'!$E:$E,"=4") -> 32.84 | J615: =SUMIFS('Salary_OTM Query'!$F:$F,'Salary_OTM Query'!$B:$B,$A615,'Salary_OTM Query'!$E:$E,"=5") -> 34.53 | K615: =SUMIFS('Salary_OTM Query'!$F:$F,'Salary_OTM Query'!$B:$B,$A615,'Salary_OTM Query'!$E:$E,"=6") -> 36.2 | L615: =SUMIFS('Salary_OTM Query'!$F:$F,'Salary_OTM Query'!$B:$B,$A615,'Salary_OTM Query'!$E:$E,"=7") -> 38.01 | M615: =SUMIFS('Salary_OTM Query'!$F:$F,'Salary_OTM Query'!$B:$B,$A615,'Salary_OTM Query'!$E:$E,"=8") -> 0 | N615: =SUMIFS('Salary_OTM Query'!$F:$F,'Salary_OTM Query'!$B:$B,$A615,'Salary_OTM Query'!$E:$E,"=9") -> 0
A616: 54531 | B616: Stationary Engineer 1 | C616: 40027 | D616: 6 | E616: 8 | F616: =SUMIFS('Salary_OTM Query'!$F:$F,'Salary_OTM Query'!$B:$B,$A616,'Salary_OTM Query'!$E:$E,"=1") -> 24.27 | G616: =SUMIFS('Salary_OTM Query'!$F:$F,'Salary_OTM Query'!$B:$B,$A616,'Salary_OTM Query'!$E:$E,"=2") -> 24.88 | H616: =SUMIFS('Salary_OTM Query'!$F:$F,'Salary_OTM Query'!$B:$B,$A616,'Salary_OTM Query'!$E:$E,"=3") -> 25.61 | I616: =SUMIFS('Salary_OTM Query'!$F:$F,'Salary_OTM Query'!$B:$B,$A616,'Salary_OTM Query'!$E:$E,"=4") -> 26.54 | J616: =SUMIFS('Salary_OTM Query'!$F:$F,'Salary_OTM Query'!$B:$B,$A616,'Salary_OTM Query'!$E:$E,"=5") -> 27.56 | K616: =SUMIFS('Salary_OTM Query'!$F:$F,'Salary_OTM Query'!$B:$B,$A616,'Salary_OTM Query'!$E:$E,"=6") -> 28.76 | L616: =SUMIFS('Salary_OTM Query'!$F:$F,'Salary_OTM Query'!$B:$B,$A616,'Salary_OTM Query'!$E:$E,"=7") -> 0 | M616: =SUMIFS('Salary_OTM Query'!$F:$F,'Salary_OTM Query'!$B:$B,$A616,'Salary_OTM Query'!$E:$E,"=8") -> 0 | N616: =SUMIFS('Salary_OTM Query'!$F:$F,'Salary_OTM Query'!$B:$B,$A616,'Salary_OTM Query'!$E:$E,"=9") -> 0
A617: 54532 | B617: Stationary Engineer 2 | C617: 40027 | D617: 6 | E617: 9 | F617: =SUMIFS('Salary_OTM Query'!$F:$F,'Salary_OTM Query'!$B:$B,$A617,'Salary_OTM Query'!$E:$E,"=1") -> 25.61 | G617: =SUMIFS('Salary_OTM Query'!$F:$F,'Salary_OTM Query'!$B:$B,$A617,'Salary_OTM Query'!$E:$E,"=2") -> 26.54 | H617: =SUMIFS('Salary_OTM Query'!$F:$F,'Salary_OTM Query'!$B:$B,$A617,'Salary_OTM Query'!$E:$E,"=3") -> 27.56 | I617: =SUMIFS('Salary_OTM Query'!$F:$F,'Salary_OTM Query'!$B:$B,$A617,'Salary_OTM Query'!$E:$E,"=4") -> 28.76 | J617: =SUMIFS('Salary_OTM Query'!$F:$F,'Salary_OTM Query'!$B:$B,$A617,'Salary_OTM Query'!$E:$E,"=5") -> 30.1 | K617: =SUMIFS('Salary_OTM Query'!$F:$F,'Salary_OTM Query'!$B:$B,$A617,'Salary_OTM Query'!$E:$E,"=6") -> 31.47 | L617: =SUMIFS('Salary_OTM Query'!$F:$F,'Salary_OTM Query'!$B:$B,$A617,'Salary_OTM Query'!$E:$E,"=7") -> 0 | M617: =SUMIFS('Salary_OTM Query'!$F:$F,'Salary_OTM Query'!$B:$B,$A617,'Salary_OTM Query'!$E:$E,"=8") -> 0 | N617: =SUMIFS('Salary_OTM Query'!$F:$F,'Salary_OTM Query'!$B:$B,$A617,'Salary_OTM Query'!$E:$E,"=9") -> 0
A618: 54542 | B618: Boiler Operator | C618: 32958 | D618: 6 | E618: 6 | F618: =SUMIFS('Salary_OTM Query'!$F:$F,'Salary_OTM Query'!$B:$B,$A618,'Salary_OTM Query'!$E:$E,"=1") -> 22.29 | G618: =SUMIFS('Salary_OTM Query'!$F:$F,'Salary_OTM Query'!$B:$B,$A618,'Salary_OTM Query'!$E:$E,"=2") -> 22.86 | H618: =SUMIFS('Salary_OTM Query'!$F:$F,'Salary_OTM Query'!$B:$B,$A618,'Salary_OTM Query'!$E:$E,"=3") -> 23.45 | I618: =SUMIFS('Salary_OTM Query'!$F:$F,'Salary_OTM Query'!$B:$B,$A618,'Salary_OTM Query'!$E:$E,"=4") -> 24.02 | J618: =SUMIFS('Salary_OTM Query'!$F:$F,'Salary_OTM Query'!$B:$B,$A618,'Salary_OTM Query'!$E:$E,"=5") -> 24.63 | K618: =SUMIFS('Salary_OTM Query'!$F:$F,'Salary_OTM Query'!$B:$B,$A618,'Salary_OTM Query'!$E:$E,"=6") -> 0 | L618: =SUMIFS('Salary_OTM Query'!$F:$F,'Salary_OTM Query'!$B:$B,$A618,'Salary_OTM Query'!$E:$E,"=7") -> 0 | M618: =SUMIFS('Salary_OTM Query'!$F:$F,'Salary_OTM Query'!$B:$B,$A618,'Salary_OTM Query'!$E:$E,"=8") -> 0 | N618: =SUMIFS('Salary_OTM Query'!$F:$F,'Salary_OTM Query'!$B:$B,$A618,'Salary_OTM Query'!$E:$E,"=9") -> 0
A619: 54552 | B619: Plant Maintenance Engineer 2 | C619: 43149 | D619: 22 | E619: 11 | F619: =SUMIFS('Salary_OTM Query'!$F:$F,'Salary_OTM Query'!$B:$B,$A619,'Salary_OTM Query'!$E:$E,"=1") -> 30.22 | G619: =SUMIFS('Salary_OTM Query'!$F:$F,'Salary_OTM Query'!$B:$B,$A619,'Salary_OTM Query'!$E:$E,"=2") -> 31.96 | H619: =SUMIFS('Salary_OTM Query'!$F:$F,'Salary_OTM Query'!$B:$B,$A619,'Salary_OTM Query'!$E:$E,"=3") -> 33.81 | I619: =SUMIFS('Salary_OTM Query'!$F:$F,'Salary_OTM Query'!$B:$B,$A619,'Salary_OTM Query'!$E:$E,"=4") -> 35.72 | J619: =SUMIFS('Salary_OTM Query'!$F:$F,'Salary_OTM Query'!$B:$B,$A619,'Salary_OTM Query'!$E:$E,"=5") -> 37.75 | K619: =SUMIFS('Salary_OTM Query'!$F:$F,'Salary_OTM Query'!$B:$B,$A619,'Salary_OTM Query'!$E:$E,"=6") -> 0 | L619: =SUMIFS('Salary_OTM Query'!$F:$F,'Salary_OTM Query'!$B:$B,$A619,'Salary_OTM Query'!$E:$E,"=7") -> 0 | M619: =SUMIFS('Salary_OTM Query'!$F:$F,'Salary_OTM Query'!$B:$B,$A619,'Salary_OTM Query'!$E:$E,"=8") -> 0 | N619: =SUMIFS('Salary_OTM Query'!$F:$F,'Salary_OTM Query'!$B:$B,$A619,'Salary_OTM Query'!$E:$E,"=9") -> 0
A620: 54610 | B620: Treatment Plant Aide | C620: 38361 | D620: 6 | E620: 6 | F620: =SUMIFS('Salary_OTM Query'!$F:$F,'Salary_OTM Query'!$B:$B,$A620,'Salary_OTM Query'!$E:$E,"=1") -> 22.29 | G620: =SUMIFS('Salary_OTM Query'!$F:$F,'Salary_OTM Query'!$B:$B,$A620,'Salary_OTM Query'!$E:$E,"=2") -> 22.86 | H620: =SUMIFS('Salary_OTM Query'!$F:$F,'Salary_OTM Query'!$B:$B,$A620,'Salary_OTM Query'!$E:$E,"=3") -> 23.45 | I620: =SUMIFS('Salary_OTM Query'!$F:$F,'Salary_OTM Query'!$B:$B,$A620,'Salary_OTM Query'!$E:$E,"=4") -> 24.02 | J620: =SUMIFS('Salary_OTM Query'!$F:$F,'Salary_OTM Query'!$B:$B,$A620,'Salary_OTM Query'!$E:$E,"=5") -> 24.63 | K620: =SUMIFS('Salary_OTM Query'!$F:$F,'Salary_OTM Query'!$B:$B,$A620,'Salary_OTM Query'!$E:$E,"=6") -> 0 | L620: =SUMIFS('Salary_OTM Query'!$F:$F,'Salary_OTM Query'!$B:$B,$A620,'Salary_OTM Query'!$E:$E,"=7") -> 0 | M620: =SUMIFS('Salary_OTM Query'!$F:$F,'Salary_OTM Query'!$B:$B,$A620,'Salary_OTM Query'!$E:$E,"=8") -> 0 | N620: =SUMIFS('Salary_OTM Query'!$F:$F,'Salary_OTM Query'!$B:$B,$A620,'Salary_OTM Query'!$E:$E,"=9") -> 0
A621: 54611 | B621: Treatment Plant Operator In Training | C621: 40727 | D621: 6 | E621: 6 | F621: =SUMIFS('Salary_OTM Query'!$F:$F,'Salary_OTM Query'!$B:$B,$A621,'Salary_OTM Query'!$E:$E,"=1") -> 22.29 | G621: =SUMIFS('Salary_OTM Query'!$F:$F,'Salary_OTM Query'!$B:$B,$A621,'Salary_OTM Query'!$E:$E,"=2") -> 22.86 | H621: =SUMIFS('Salary_OTM Query'!$F:$F,'Salary_OTM Query'!$B:$B,$A621,'Salary_OTM Query'!$E:$E,"=3") -> 23.45 | I621: =SUMIFS('Salary_OTM Query'!$F:$F,'Salary_OTM Query'!$B:$B,$A621,'Salary_OTM Query'!$E:$E,"=4") -> 24.02 | J621: =SUMIFS('Salary_OTM Query'!$F:$F,'Salary_OTM Query'!$B:$B,$A621,'Salary_OTM Query'!$E:$E,"=5") -> 24.63 | K621: =SUMIFS('Salary_OTM Query'!$F:$F,'Salary_OTM Query'!$B:$B,$A621,'Salary_OTM Query'!$E:$E,"=6") -> 0 | L621: =SUMIFS('Salary_OTM Query'!$F:$F,'Salary_OTM Query'!$B:$B,$A621,'Salary_OTM Query'!$E:$E,"=7") -> 0 | M621: =SUMIFS('Salary_OTM Query'!$F:$F,'Salary_OTM Query'!$B:$B,$A621,'Salary_OTM Query'!$E:$E,"=8") -> 0 | N621: =SUMIFS('Salary_OTM Query'!$F:$F,'Salary_OTM Query'!$B:$B,$A621,'Salary_OTM Query'!$E:$E,"=9") -> 0
A622: 54612 | B622: Treatment Plant Operator | C622: 40727 | D622: 6 | E622: 8 | F622: =SUMIFS('Salary_OTM Query'!$F:$F,'Salary_OTM Query'!$B:$B,$A622,'Salary_OTM Query'!$E:$E,"=1") -> 24.27 | G622: =SUMIFS('Salary_OTM Query'!$F:$F,'Salary_OTM Query'!$B:$B,$A622,'Salary_OTM Query'!$E:$E,"=2") -> 24.88 | H622: =SUMIFS('Salary_OTM Query'!$F:$F,'Salary_OTM Query'!$B:$B,$A622,'Salary_OTM Query'!$E:$E,"=3") -> 25.61 | I622: =SUMIFS('Salary_OTM Query'!$F:$F,'Salary_OTM Query'!$B:$B,$A622,'Salary_OTM Query'!$E:$E,"=4") -> 26.54 | J622: =SUMIFS('Salary_OTM Query'!$F:$F,'Salary_OTM Query'!$B:$B,$A622,'Salary_OTM Query'!$E:$E,"=5") -> 27.56 | K622: =SUMIFS('Salary_OTM Query'!$F:$F,'Salary_OTM Query'!$B:$B,$A622,'Salary_OTM Query'!$E:$E,"=6") -> 28.76 | L622: =SUMIFS('Salary_OTM Query'!$F:$F,'Salary_OTM Query'!$B:$B,$A622,'Salary_OTM Query'!$E:$E,"=7") -> 0 | M622: =SUMIFS('Salary_OTM Query'!$F:$F,'Salary_OTM Query'!$B:$B,$A622,'Salary_OTM Query'!$E:$E,"=8") -> 0 | N622: =SUMIFS('Salary_OTM Query'!$F:$F,'Salary_OTM Query'!$B:$B,$A622,'Salary_OTM Query'!$E:$E,"=9") -> 0
A623: 54613 | B623: Treatment Plant Coordinator 1 | C623: 40727 | D623: 6 | E623: 9 | F623: =SUMIFS('Salary_OTM Query'!$F:$F,'Salary_OTM Query'!$B:$B,$A623,'Salary_OTM Query'!$E:$E,"=1") -> 25.61 | G623: =SUMIFS('Salary_OTM Query'!$F:$F,'Salary_OTM Query'!$B:$B,$A623,'Salary_OTM Query'!$E:$E,"=2") -> 26.54 | H623: =SUMIFS('Salary_OTM Query'!$F:$F,'Salary_OTM Query'!$B:$B,$A623,'Salary_OTM Query'!$E:$E,"=3") -> 27.56 | I623: =SUMIFS('Salary_OTM Query'!$F:$F,'Salary_OTM Query'!$B:$B,$A623,'Salary_OTM Query'!$E:$E,"=4") -> 28.76 | J623: =SUMIFS('Salary_OTM Query'!$F:$F,'Salary_OTM Query'!$B:$B,$A623,'Salary_OTM Query'!$E:$E,"=5") -> 30.1 | K623: =SUMIFS('Salary_OTM Query'!$F:$F,'Salary_OTM Query'!$B:$B,$A623,'Salary_OTM Query'!$E:$E,"=6") -> 31.47 | L623: =SUMIFS('Salary_OTM Query'!$F:$F,'Salary_OTM Query'!$B:$B,$A623,'Salary_OTM Query'!$E:$E,"=7") -> 0 | M623: =SUMIFS('Salary_OTM Query'!$F:$F,'Salary_OTM Query'!$B:$B,$A623,'Salary_OTM Query'!$E:$E,"=8") -> 0 | N623: =SUMIFS('Salary_OTM Query'!$F:$F,'Salary_OTM Query'!$B:$B,$A623,'Salary_OTM Query'!$E:$E,"=9") -> 0
A624: 54614 | B624: Treatment Plant Coordinator 2 | C624: 40727 | D624: 6 | E624: 31 | F624: =SUMIFS('Salary_OTM Query'!$F:$F,'Salary_OTM Query'!$B:$B,$A624,'Salary_OTM Query'!$E:$E,"=1") -> 28.76 | G624: =SUMIFS('Salary_OTM Query'!$F:$F,'Salary_OTM Query'!$B:$B,$A624,'Salary_OTM Query'!$E:$E,"=2") -> 30.1 | H624: =SUMIFS('Salary_OTM Query'!$F:$F,'Salary_OTM Query'!$B:$B,$A624,'Salary_OTM Query'!$E:$E,"=3") -> 31.47 | I624: =SUMIFS('Salary_OTM Query'!$F:$F,'Salary_OTM Query'!$B:$B,$A624,'Salary_OTM Query'!$E:$E,"=4") -> 32.84 | J624: =SUMIFS('Salary_OTM Query'!$F:$F,'Salary_OTM Query'!$B:$B,$A624,'Salary_OTM Query'!$E:$E,"=5") -> 34.53 | K624: =SUMIFS('Salary_OTM Query'!$F:$F,'Salary_OTM Query'!$B:$B,$A624,'Salary_OTM Query'!$E:$E,"=6") -> 36.2 | L624: =SUMIFS('Salary_OTM Query'!$F:$F,'Salary_OTM Query'!$B:$B,$A624,'Salary_OTM Query'!$E:$E,"=7") -> 38.01 | M624: =SUMIFS('Salary_OTM Query'!$F:$F,'Salary_OTM Query'!$B:$B,$A624,'Salary_OTM Query'!$E:$E,"=8") -> 0 | N624: =SUMIFS('Salary_OTM Query'!$F:$F,'Salary_OTM Query'!$B:$B,$A624,'Salary_OTM Query'!$E:$E,"=9") -> 0
... A907: 64618 | B907: Human Capital Management Administrator 3 | C907: 46257 | D907: 22 | E907: 17 | F907: =SUMIFS('Salary_OTM Query'!$F:$F,'Salary_OTM Query'!$B:$B,$A907,'Salary_OTM Query'!$E:$E,"=1") -> 53.91 | G907: =SUMIFS('Salary_OTM Query'!$F:$F,'Salary_OTM Query'!$B:$B,$A907,'Salary_OTM Query'!$E:$E,"=2") -> 56.89 | H907: =SUMIFS('Salary_OTM Query'!$F:$F,'Salary_OTM Query'!$B:$B,$A907,'Salary_OTM Query'!$E:$E,"=3") -> 60.07 | I907: =SUMIFS('Salary_OTM Query'!$F:$F,'Salary_OTM Query'!$B:$B,$A907,'Salary_OTM Query'!$E:$E,"=4") -> 63.38 | J907: =SUMIFS('Salary_OTM Query'!$F:$F,'Salary_OTM Query'!$B:$B,$A907,'Salary_OTM Query'!$E:$E,"=5") -> 66.94 | K907: =SUMIFS('Salary_OTM Query'!$F:$F,'Salary_OTM Query'!$B:$B,$A907,'Salary_OTM Query'!$E:$E,"=6") -> 70.67 | L907: =SUMIFS('Salary_OTM Query'!$F:$F,'Salary_OTM Query'!$B:$B,$A907,'Salary_OTM Query'!$E:$E,"=7") -> 0 | M907: =SUMIFS('Salary_OTM Query'!$F:$F,'Salary_OTM Query'!$B:$B,$A907,'Salary_OTM Query'!$E:$E,"=8") -> 0 | N907: =SUMIFS('Salary_OTM Query'!$F:$F,'Salary_OTM Query'!$B:$B,$A907,'Salary_OTM Query'!$E:$E,"=9") -> 0
A908: 64623 | B908: Instructional Service Provider | C908: 45389 | D908: 12 | E908: 11 | F908: =SUMIFS('Salary_OTM Query'!$F:$F,'Salary_OTM Query'!$B:$B,$A908,'Salary_OTM Query'!$E:$E,"=1") -> 29.95 | G908: =SUMIFS('Salary_OTM Query'!$F:$F,'Salary_OTM Query'!$B:$B,$A908,'Salary_OTM Query'!$E:$E,"=2") -> 31.34 | H908: =SUMIFS('Salary_OTM Query'!$F:$F,'Salary_OTM Query'!$B:$B,$A908,'Salary_OTM Query'!$E:$E,"=3") -> 32.69 | I908: =SUMIFS('Salary_OTM Query'!$F:$F,'Salary_OTM Query'!$B:$B,$A908,'Salary_OTM Query'!$E:$E,"=4") -> 34.35 | J908: =SUMIFS('Salary_OTM Query'!$F:$F,'Salary_OTM Query'!$B:$B,$A908,'Salary_OTM Query'!$E:$E,"=5") -> 36.01 | K908: =SUMIFS('Salary_OTM Query'!$F:$F,'Salary_OTM Query'!$B:$B,$A908,'Salary_OTM Query'!$E:$E,"=6") -> 37.75 | L908: =SUMIFS('Salary_OTM Query'!$F:$F,'Salary_OTM Query'!$B:$B,$A908,'Salary_OTM Query'!$E:$E,"=7") -> 0 | M908: =SUMIFS('Salary_OTM Query'!$F:$F,'Salary_OTM Query'!$B:$B,$A908,'Salary_OTM Query'!$E:$E,"=8") -> 0
A909: 64631 | B909: Organizational Assessment Research Analyst | C909: 41945 | D909: 22 | E909: 12 | F909: =SUMIFS('Salary_OTM Query'!$F:$F,'Salary_OTM Query'!$B:$B,$A909,'Salary_OTM Query'!$E:$E,"=1") -> 33.32 | G909: =SUMIFS('Salary_OTM Query'!$F:$F,'Salary_OTM Query'!$B:$B,$A909,'Salary_OTM Query'!$E:$E,"=2") -> 35.21 | H909: =SUMIFS('Salary_OTM Query'!$F:$F,'Salary_OTM Query'!$B:$B,$A909,'Salary_OTM Query'!$E:$E,"=3") -> 37.09 | I909: =SUMIFS('Salary_OTM Query'!$F:$F,'Salary_OTM Query'!$B:$B,$A909,'Salary_OTM Query'!$E:$E,"=4") -> 39.14 | J909: =SUMIFS('Salary_OTM Query'!$F:$F,'Salary_OTM Query'!$B:$B,$A909,'Salary_OTM Query'!$E:$E,"=5") -> 41.31 | K909: =SUMIFS('Salary_OTM Query'!$F:$F,'Salary_OTM Query'!$B:$B,$A909,'Salary_OTM Query'!$E:$E,"=6") -> 43.57 | L909: =SUMIFS('Salary_OTM Query'!$F:$F,'Salary_OTM Query'!$B:$B,$A909,'Salary_OTM Query'!$E:$E,"=7") -> 45.35 | M909: =SUMIFS('Salary_OTM Query'!$F:$F,'Salary_OTM Query'!$B:$B,$A909,'Salary_OTM Query'!$E:$E,"=8") -> 47.47 | N909: =SUMIFS('Salary_OTM Query'!$F:$F,'Salary_OTM Query'!$B:$B,$A909,'Salary_OTM Query'!$E:$E,"=9") -> 0
A910: 64635 | B910: Organizational Assessment Research Administrator | C910: 44479 | D910: 22 | E910: 15 | F910: =SUMIFS('Salary_OTM Query'!$F:$F,'Salary_OTM Query'!$B:$B,$A910,'Salary_OTM Query'!$E:$E,"=1") -> 44.38 | G910: =SUMIFS('Salary_OTM Query'!$F:$F,'Salary_OTM Query'!$B:$B,$A910,'Salary_OTM Query'!$E:$E,"=2") -> 46.88 | H910: =SUMIFS('Salary_OTM Query'!$F:$F,'Salary_OTM Query'!$B:$B,$A910,'Salary_OTM Query'!$E:$E,"=3") -> 49.52 | I910: =SUMIFS('Salary_OTM Query'!$F:$F,'Salary_OTM Query'!$B:$B,$A910,'Salary_OTM Query'!$E:$E,"=4") -> 52.24 | J910: =SUMIFS('Salary_OTM Query'!$F:$F,'Salary_OTM Query'!$B:$B,$A910,'Salary_OTM Query'!$E:$E,"=5") -> 55.15 | K910: =SUMIFS('Salary_OTM Query'!$F:$F,'Salary_OTM Query'!$B:$B,$A910,'Salary_OTM Query'!$E:$E,"=6") -> 58.16 | L910: =SUMIFS('Salary_OTM Query'!$F:$F,'Salary_OTM Query'!$B:$B,$A910,'Salary_OTM Query'!$E:$E,"=7") -> 60.55 | M910: =SUMIFS('Salary_OTM Query'!$F:$F,'Salary_OTM Query'!$B:$B,$A910,'Salary_OTM Query'!$E:$E,"=8") -> 63.41 | N910: =SUMIFS('Salary_OTM Query'!$F:$F,'Salary_OTM Query'!$B:$B,$A910,'Salary_OTM Query'!$E:$E,"=9") -> 0
...

Sheet Instructions
A1: PayRange Booklet Update - Job Aid 1.26.24
AZ50: 12. Upload excel sheet to Cloudinary (My Resources)

Sheet Salary_OTM Query
A1: AC_SALARY_OTM | B1: 10822
A2: Set ID | B2: Job Code | C2: Descr | D2: Grade | E2: Step | F2: Hrly Rate
A3: STATE | B3: 12121 | C3: Statistics Clerk | D3: 027 | E3: 1 | F3: 22.59
A4: STATE | B4: 12121 | C4: Statistics Clerk | D4: 027 | E4: 2 | F4: 23.28
A5: STATE | B5: 12121 | C5: Statistics Clerk | D5: 027 | E5: 3 | F5: 23.65
A6: STATE | B6: 12121 | C6: Statistics Clerk | D6: 027 | E6: 4 | F6: 24.27
A7: STATE | B7: 12121 | C7: Statistics Clerk | D7: 027 | E7: 5 | F7: 24.88
A8: STATE | B8: 12121 | C8: Statistics Clerk | D8: 027 | E8: 6 | F8: 25.61
A9: STATE | B9: 12121 | C9: Statistics Clerk | D9: 027 | E9: 7 | F9: 26.54
A10: STATE | B10: 12131 | C10: Telephone Operator 1 | D10: 004 | E10: 1 | F10: 20.78
A11: STATE | B11: 12131 | C11: Telephone Operator 1 | D11: 004 | E11: 2 | F11: 21.28
A12: STATE | B12: 12131 | C12: Telephone Operator 1 | D12: 004 | E12: 3 | F12: 21.83
A13: STATE | B13: 12131 | C13: Telephone Operator 1 | D13: 004 | E13: 4 | F13: 22.29
A14: STATE | B14: 12132 | C14: Telephone Operator 2 | D14: 025 | E14: 1 | F14: 21.02
... A10837: STATE | B10837: 86341 | C10837: Dental Hygienist | D10837: 011 | E10837: 6 | F10837: 37.75

Sheet 2024- Change Log
A1: Effective Date | B1: Job code | C1: Classification | D1: BU | E1: Pay Range | F1: Action | G1: Specific Action
A2: 45305 | B2: 99520 | C2: Digital Academy Analyst | D2: 99 | E2: E3 | F2: New Class | G2: New Classification
A3: 45305 | B3: 61595 | C3: Health Care Facilities Officer Surveyor Supervisor 1 | D3: EX | E3: 14 | F3: MQ change | G3: Adding additional MQ & Changing internal MQ from 6 mos. exp. to 12 mos. exp.
A4: 45305 | B4: 61596 | C4: Health Care Facilities Officer Surveyor Supervisor 2 | D4: EX | E4: 15 | F4: MQ change | G4: Adding additional internal equivalencies MQs, changing 2nd MQ from 12 mos. exp. to 24 mos. exp.
A5: 45305 | B5: 26520 | C5: Fire Safety Inspector Trainee | D5: 7 | E5: 28 | F5: New class | G5: New Classification
A6: 45305 | B6: 26521 | C6: Fire Safety Inspector | D6: 7 | E6: 32 | F6: PR change/Revisions | G6: PR change from PR30 to PR32, general revisions and removal of Associate core program MQ.
A7: 45305 | B7: 26525 | C7: Fire Safety Inspector Supervisor | D7: EX | E7: 12 | F7: Revisions | G7: Minor revisions, wording.
A8: 45305 | B8: 26529 | C8: Inspection Bureau Chief | D8: EX | E8: 14 | F8: Revisions | G8: Minor revisions, wording.
A9: 45319 | B9: 22212 | C9: Wildlife Area Technician | D9: 13 | E9: 27 | F9: Deletion | G9: Deleting class, transfering duties to Coordinator level
A10: 45319 | B10: 22213 | C10: Wildlife Area Coordinator | D10: 13 | E10: 28 | F10: Revisions | G10: Updated job duties, MWCs, and adjustment of MQs (i.e., reordering, removal of internal MQ & addition of 24 mos. exp MQ).
A11: 45319 | B11: 26520 | C11: Fire Safety Inspector Trainee | D11: 7 | E11: 28 | F11: New class | G11: New Classification
A12: 45319 | B12: 26521 | C12: Fire Safety Inspector | D12: 7 | E12: 32 | F12: PR change/Revisions | G12: PR change from PR30 to PR32, general revisions and removal of Associate core program MQ.
A13: 45319 | B13: 26525 | C13: Fire Safety Inspector Supervisor | D13: EX | E13: 12 | F13: Revisions | G13: Minor revisions, wording.
A14: 45319 | B14: 26529 | C14: Inspection Bureau Chief | D14: EX | E14: 14 | F14: Revisions | G14: Minor revisions, wording.
A15: 45319 | B15: 63891 | C15: Assistant Public Defender | D15: EX | E15: 13 | F15: Revisions | G15: Minor revisions, wording in e.g. statements only - "Collaborates in areas of expertise with internal & external community and governmental parties to help indigent defense systems & litigate systemic issues (e.g., sets direction to assists county public defenders & members of the private bar in researching complex legal issues & preparing briefs, memoranda, & motions; independently renders legal advice to county public defenders & members of the private bar; plans & co/leads develops & delivers training for internal & external parties).
A16: 45319 | B16: 63892 | C16: Supervising Assistant Public Defender | D16: EX | E16: 14 | F16: Revisions | G16: Revisions to MQ's - Admission to Ohio Bar pursuant to Section 4705.01; 3 yrs. exp. as licensed attorney practicing criminal law; 6 mos. exp. in employee training & development. (changed from "6 mos. exp in supervisory principles & techniques")
A17: 45319 | B17: 63893 | C17: Managing Assistant Public Defender | D17: EX | E17: 15 | F17: Revisions | G17: Revisions to MQ's - Admission to Ohio Bar pursuant to Section 4705.01; 5 yrs. exp. as licensed attorney practicing criminal law; 6 mos. exp. in supervisory principles & techniques. (changed from "12 mos. exp in supervision")
A18: 45319 | B18: 64914 | C18: Disaster Services Supervisor | D18: EX | E18: 13 | F18: Revisions | G18: Revisions to MQs - Removal of "valid driver's license" NOTE: "must be able to provide own transportation" is NOT being removed.
A19: 45347 | B19: 22221 | C19: Fish Management Technician (Now Coordinator) | D19: 6 | E19: 27 | F19: Title Change/Revisions | G19: Title change to "FM Coordinator", Additional job duties & revisions to job duties, worker characteristics. MQ Changes: Added "6 mos exp" to associate core equivency. Reordered MQs (EO). "-Or completion of associate core program in fisheries science to include 1 course in chemistry; 6 mos. exp. conducting fish management surveys, data collection, operating fish sampling equipment & implementing fish management strategies; valid driver's license."
A20: 45347 | B20: 85760 | C20: Natural Resources Engineer Intern | D20: 13 | E20: 31 | F20: Deletion | G20: Deleting Class
A21: 45347 | B21: 85761 | C21: Natural Resources Engineer 1 | D21: 13 | E21: 32 | F21: MQ Changes | G21: MQ changed to "Engineering degree from recognized school or college which has been accredited by accreditation board for engineering & technology or that has been evaluated by National Council of Examiners for Engineering & Surveying (NCEES) Credentials Evaluations as meeting the NCEES Engineering Education Standard." Training & Development changes: "Must test & pass Fundamental of Engineering (FE) exam & be issued valid Engineer-In-Training (EIT) certificate by State Licensing Board within 180 days of start date."
A22: 45347 | B22: 85762 | C22: Natural Resources Engineer 2 | D22: 13 | E22: 33 | F22: MQ Changes | G22: MQ decreased to only require 1 yr of engineering exp. (was 2 yrs. exp.)
A23: 45361 | B23: 22356 | C23: Nursery Manager | D23: EX | E23: 12 | F23: Reactivation, job duties | G23: Reactivation of "Nursery Management" series (Manager level ONLY). Minor changes to old job duties.
A24: 45361 | B24: 66775 | C24: Insurance Licensing Supervisor | D24: EX | E24: 14 | F24: PR change, Job duties, MQS | G24: Job duties updated, Worker characteristics updated, PR increased from 11 to 14. MQ Changes: "5 yrs. exp. in insurance field" and "48 mos. exp. as Insurance Licensing Examiner, 66771."
A25: 45361 | B25: 66776 | C25: Insurance Licensing Manager 1 | D25: EX | E25: 13 | F25: Deletion | G25: Deleting Class
A26: 45361 | B26: 66776 | C26: Insurance Licensing Manager 2 (now Administrator) | D26: EX | E26: 16 | F26: Title change, PR update, Job Duties, MQS | G26: Title change to "Insurance Licensing Administrator", Revisions to job duties. PR increased from 15 to 16. MQ Changes: "Completion of undergraduate core program in business, insurance, criminal justice, law enforcement, computer science or liberal arts; 7 yrs. exp. in insurance field (i.e., regulatory, industry) (e.g., agent licensing, compliance, & legal) to include 24 mos. trg. or 24 mos. exp. in management &/or employee training & development and 12 mos. trg. or 12 mos. exp. in operation of personal computer." "-Or 24 months experience as Insurance Licensing Supervisor, 66755." "-Or equivalent of Minimum Class Qualifications For Employment noted above."
A27: 45375 | B27: 52471 | C27: Highway Patrol Electronic Technician 1 | D27: 1 | E27: 9 | F27: MQ Changes | G27: Changed exp from 24 to 18, added note about credit hours for technical program, removed training and development requirements. Language change in MQS.18 mos. exp. in installation, repair & workings of mobile communication equipment or vehicular electronics; for positions requiring travel, must possess & maintain valid driver’s license per Section 4507.02 (A)(1) of Revised Code.
A28: 45375 | B28: 52472 | C28: Highway Patrol Electronic Technician 2 | D28: 1 | E28: 11 | F28: MQ Changes | G28: Added associate core program MQ, Removed license requirement from MQ - moved to training and development. Language change in MQs. Added note about credit hours for technical program. Completion of two-year technical program in electronics or radio communications & 24 mos. exp. in electronics or radio communications position; for positions requiring travel, must possess & maintain valid driver’s license per Section 4507.02 (A)(1) of Revised Code. -Or completion of associate core program in electronic engineering & 24 mos. exp. in electronics, telecommunications, or radio communications position; for positions requiring travel, must possess & maintain valid driver’s license per Section 4507.02 (A)(1) of Revised Code. -Or equivalent of Minimum Class Qualification For Employment noted above. Note: To meet the minimum qualifications through completion of a 2 yr. technical program, applicants must be able to verify that the technical program consisted of a minimum of 21 credit hours upon completion.
A29: 45375 | B29: 52473 | C29: Highway Patrol Electronic Technician 3 | D29: 1 | E29: 12 | F29: MQ Changes | G29: Same changes as 2nd level
A30: 45375 | B30: 52475 | C30: Highway Patrol Electronic Technician Manager | D30: EX | E30: 14 | F30: MQ Changes | G30: Language changes in MQs, added note about technical program & credit hours. Completion of two-year technical program in electronics, telecommunications, or radio communications & 4 yrs. exp. in electronics, or radio communications position; hold General Radio Telephone Operator's License issued by Federal Communications Commission.; 3 courses or 9 mos. exp. in inventory control; 1 course or 3 mos. exp. in public relations; 1 course or 3 mos. exp. in finance or economics covering topics of budgeting. -Or equivalent of Minimum Class Qualification For Employment noted above. Note: To meet the minimum qualifications through completion of a 2 yr. technical program, applicants must be able to verify that the technical program consisted of a minimum of 21 credit hours upon completion.
A31: 45375 | B31: 26295 | C31: Healthcare Investigator Specialist Supervisor | D31: EX | E31: 14 | F31: Reactivation of supervisor level | G31: Bringing back supervisor level that was deleted (26295)
A32: 45389 | B32: 64623 | C32: Instructional Service Provider | D32: 12 | E32: 11 | F32: New Classification | G32: New Classification for OOD only
A33: 45389 | B33: 65732 | C33: Environmental Health Specialist 2 | D33: 13 | E33: 33 | F33: MQ changes | G33: Under "All Other Positions" Added college degree MQs: Graduated from an accredited college or university with at least a baccalaureate degree, including at least forty-five quarter units or thirty semester units of science courses approved by the director; and completed at least 30 months of full-time employment as an environmental health specialist; must be able to provide own transportation. -Or Graduated from an accredited college or university with at least a baccalaureate degree, completed a major in environmental health science which included an internship program approved by the director; and completed at least 18 months of full-time employment as an environmental health specialist; must be able to provide own transportation. -Or Graduated from an accredited college or university with a degree higher than a baccalaureate degree, including at least forty-five quarter units or thirty semester units of science courses approved by the director; and completed at least 18 months of full-time employment as an environmental health specialist; must be able to provide own transportation.
A34: 45389 | B34: 66722 | C34: Insurance Examiner/Analyst 2 | D34: 14 | E34: 32 | F34: MQ Changes | G34: Wording changes to MQ."Accredited Financial Examiner (i.e., AFE) designation by Society of Financial Examiners; 2 yrs. department of insurance exp. &/or consulting exp. for a department of insurance related to financial solvency regulation; must provide own transportation; valid driver’s license. -Or Certified Public Accountant (i.e., CPA) designation by state accountancy board; 3 yrs. exp. in accounting, internal auditing, finance, economics or insurance; must provide own transportation; valid driver’s license. -Or Certified Financial Examiner (i.e., CFE) designation by Society of Financial Examiners; 3 yrs. department of insurance exp. &/or consulting exp. for a department of insurance related to financial solvency regulation; must provide own transportation; valid driver’s license. -Or equivalent of Minimum Class Qualifications For Employment noted above may be substituted for experience but not for mandated licensure/designation."
A35: 45389 | B35: 67322 | C35: Housing Grant Analyst 2 | D35: 14 | E35: 32 | F35: MQ Changes | G35: Adding &/or Statement to MQ under OHFA MQs: "Completion of undergraduate core program in business administration/public administration, urban planning or political science; 4 courses or 12 mos. exp. performing in financial underwriting of multifamily &/or single-family housing loans or bonds & must be able to provide own transportation."
A36: 45403 | B36: 52151 | C36: ODOT Mechanic Trainee | D36: 6 | E36: 5 | F36: New Classification | G36: New Class Series
A37: 45403 | B37: 52152 | C37: ODOT Mechanic | D37: 6 | E37: 9 | F37: New Classification | G37: New Class Series
A38: 45403 | B38: 52153 | C38: ODOT Master Mechanic | D38: 6 | E38: 10 | F38: New Classification | G38: New Class Series
A39: 45403 | B39: 52521 | C39: Natural Resources Dispatcher 1 | D39: 9 | E39: 28 | F39: Title/Revisions/PR | G39: Title Change from "Telecommunications Operator" PR change to PR 28. MQ changes
A40: 45403 | B40: 52522 | C40: Natural Resources Dispatcher 2 | D40: 9 | E40: 29 | F40: Title/Revisions | G40: Title change, minor MQ changes, Job Duties & other general Revisions
A41: 45403 | B41: 52525 | C41: Natural Resources Dispatcher Supervisor | D41: EX | E41: 12 | F41: Title/Revisions | G41: Training & Development changes, Minor MQ changes, Title change
A42: 45403 | B42: 53211 | C42: Highway Maintenance Worker 1 | D42: 6 | E42: 5 | F42: Revisions | G42: MQ Reordering
A43: 45403 | B43: 53212 | C43: Highway Maintenance Worker 2 | D43: 6 | E43: 6 | F43: Deletion | G43: Deleting this level
A44: 45403 | B44: 53213 | C44: Highway Maintenance Worker 3 | D44: 6 | E44: 7 | F44: Revisions | G44: General Revisions, no MQ changes
A45: 45403 | B45: 53214 | C45: Highway Maintenance Worker 4 | D45: 6 | E45: 8 | F45: Revisions | G45: Revisions of job duties & MQs (removing I.e statement in MQs)
A46: 45389 | B46: 66331 | C46: Labor Market Analyst 1 | D46: 14 | E46: 28 | F46: Date Update | G46: Correcting date on class plan booklet (08/18/2019)
A47: 45389 | B47: 66332 | C47: Labor Market Analyst 2 | D47: 14 | E47: 30 | F47: Date Update | G47: Correcting date on class plan booklet (08/18/2019)
A48: 45389 | B48: 66333 | C48: Labor Market Analyst 3 | D48: 14 | E48: 31 | F48: Date Update | G48: Correcting date on class plan booklet (08/18/2019)
A49: 45389 | B49: 66336 | C49: Labor Market Program Supervisor 2 | D49: EX | E49: 14 | F49: Date Update | G49: Correcting date on class plan booklet (08/18/2019)
A50: 45389 | B50: 66337 | C50: Labor Market Program Administrator 1 | D50: EX | E50: 15 | F50: Date Update | G50: Correcting date on class plan booklet (08/18/2019)
A51: 45389 | B51: 66338 | C51: Labor Market Program Administrator 2 | D51: EX | E51: 16 | F51: Date Update | G51: Correcting date on class plan booklet (08/18/2019)
A52: 45389 | B52: 69481 | C52: Social Services Licensing Specialist | D52: 7 | E52: 28 | F52: Date Update | G52: Correcting date on class plan booklet (04/15/2018)
A53: 45389 | B53: 85742 | C53: Natural Resources Engineer 2 (EX) | D53: EX | E53: N/A | F53: Class plan Delete | G53: Deleting from class plan (NRE2 is only in NRE BU class series).
A54: 45389 | B54: 85743 | C54: Natural Resources Engineer 3 (EX) | D54: EX | E54: 14 | F54: Date Update | G54: Correcting Date on class plan booklet (12/27/2015)
A55: 45482 | C55: Sergeant/Counselors | D55: SGT
A57: 45571 | B57: 24981AG | C57: Medicaid Fraud Analyst | D57: 48 | E57: 12 | F57: Title Update | G57: Changing classification/series name to "Health Care Fraud Analyst"
A58: 45571 | B58: 26140AG | C58: Medicaid Fruad Intake Officer | D58: 46 | E58: 29 | F58: Title Update | G58: New Title: "Health Care Fraud Intake Officer" Series name: "Health Care Fraud Special Agent"
A59: 45571 | B59: 26141AG | C59: Medicaid Fraud Special Agent | D59: 46 | E59: 32 | F59: Title Update | G59: New Title: "Health Care Fraud Special Agent" Series name: "Health Care Fraud Special Agent"
A60: 45571 | B60: 26145AG | C60: Medicaid Fraud Special Agent Supervisor 1 | D60: 47 | E60: 15 | F60: Title Update | G60: New Title: "Health Care Fraud Special Agent Supervisor 1" Series name: "Health Care Fraud Special Agent"
A61: 45571 | B61: 26146AG | C61: Medicaid Fraud Special Agent Supervisor 2 | D61: 47 | E61: 16 | F61: Title Update | G61: New Title: "Health Care Fraud Special Agent Supervisor 2" Series name: "Health Care Fraud Special Agent"
A62: 45571 | B62: 62711 | C62: Business Analyst | D62: 12 | E62: 13 | F62: Major Agency/Revisions | G62: Added DCY to Major Agencies, Added DCY langague to series purpose/class concept.
A63: 45571 | B63: 64291 | C63: ODJFS Program Administrator 1 | D63: EX | E63: 15 | F63: Major Agency/MQs | G63: Added DCY to Major Agencies, Added DCY langague to series purpose/class concept. MQs reordered per EO
A64: 45571 | B64: 64292 | C64: ODJFS Program Administrator 2 | D64: EX | E64: 16 | F64: Major Agency/MQs | G64: Added DCY to Major Agencies, Added DCY langague to series purpose/class concept. MQs reordered per EO
A65: 45571 | B65: 65211 | C65: Health Services Policy Analyst | D65: 12 | E65: 13 | F65: Major Agency/MQs | G65: Added DCY to Major Agencies, MQs reordered per EO
A66: 45571 | B66: 65212 | C66: Health Services Policy Specialist | D66: 12 | E66: 14 | F66: Major Agency/MQs | G66: Added DCY to Major Agencies, MQs reordered per EO
A67: 45571 | B67: 65215 | C67: Health Services Policy Supervisor | D67: EX | E67: 15 | F67: Major Agency/MQs | G67: Added DCY to Major Agencies, MQs reordered per EO
A68: 45571 | B68: 65216 | C68: Health Services Policy Program Administrator | D68: EX | E68: 16 | F68: Major Agency/MQs | G68: Added DCY to Major Agencies, MQs reordered per EO
A69: 45571 | B69: 6526 (all levels) | C69: Social Sciences Research | D69: 14/EX | E69: N/A | F69: Major Agency | G69: Added DCY to series Major Agencies
A70: 45571 | B70: 6529 (all levels) | C70: Medicaid Health Systems | D70: 12/EX | E70: N/A | F70: Major Agency/Revisions | G70: Added DCY to Major Agencies, Added DCY langague to series purpose/class concept.
A71: 45571 | B71: 65384 | C71: Public Health Policy Advisor | D71: EX | E71: 45 | F71: Major Agency/MQs | G71: Added DCY to Major Agencies, Added DCY langague to series purpose/class concept. MQs reordered per EO
A72: 45571 | B72: 65385 | C72: Public Health Program Administrator | D72: EX | E72: 46 | F72: Major Agency/MQs | G72: Added DCY to Major Agencies, Added DCY langague to series purpose/class concept. MQs reordered per EO
A73: 45571 | B73: 65611 | C73: Regulatory Compliance Specialist | D73: 11 | E73: 12 | F73: New Classification | G73: New Classification
A74: 45571 | B74: 65615 | C74: Regulatory Compliance Supervisor | D74: EX | E74: 13 | F74: New Classification | G74: New Classification
A75: 45571 | B75: 65722 | C75: Public Health Consultant | D75: 11 | E75: 12 | F75: Major Agency/MQs | G75: Added DCY to Major Agencies, MQs reordered per EO
A76: 45571 | B76: 65724 | C76: Public Health Genetics Consultant | D76: 11 | E76: 12 | F76: Major Agency/MQs | G76: Added DCY to Major Agencies, MQs reordered per EO
A77: 45571 | B77: 65741 | C77: ODJFS Licensing/Certification Specialist | D77: 11 | E77: 12 | F77: Major Agency/MQs | G77: Added DCY to Major Agencies, MQs & MQs reordered per EO
A78: 45571 | B78: 65745 | C78: ODJFS Licensing/Certification Supervisor | D78: EX | E78: 13 | F78: Major Agency/MQs | G78: Added DCY to Major Agencies, MQs & MQs reordered per EO
A79: 45571 | B79: 6576 (all levels) | C79: Epidemoiolgy Investigator | D79: 13/EX | E79: N/A | F79: Major Agency/Revisions | G79: Added DCY to Major Agencies, Added DCY langague to series purpose/class concept.
A80: 45571 | B80: 66191 | C80: Provider Reimbursement Analyst 1 | D80: 14 | E80: 31 | F80: Major Agency/MQs | G80: Added DCY to Series Purpose, Glossary & Job Duties. MQs re-ordered per EO, Note within MQs moved to bottom of MQs
A81: 45571 | B81: 66192 | C81: Provider Reimbursement Analyst 2 | D81: 14 | E81: 32 | F81: Major Agency/MQs | G81: Added DCY to Series Purpose, Glossary & Job Duties. MQs re-ordered per EO, Note within MQs moved to bottom of MQs
A82: 45571 | B82: 69415 | C82: Human Services Program Administrator 1 | D82: EX | E82: 12 | F82: Major Agency/Revisions/MQs | G82: Changed supervision requirements within class concept. MQs re-ordered per EO
A83: 45571 | B83: 69416 | C83: Human Services Program Administrator 2 | D83: EX | E83: 13 | F83: Major Agency/Revisions/MQs | G83: Changed supervision requirements within class concept. Added DCY langague to job duties. MQs re-ordered per EO
A84: 45571 | B84: 69417 | C84: Human Services Program Administrator 3 | D84: EX | E84: 14 | F84: Major Agency/Revisions/MQs | G84: DCY added to class concept & job duties. MQs re-ordered per EO
A85: 45571 | B85: 69418 | C85: Human Services Program Administrator 4 | D85: EX | E85: 16 | F85: Major Agency/Revisions/MQs | G85: MQs re-ordered per EO
A86: 45571 | B86: 69451 | C86: Health Services Specialist 1 | D86: 12 | E86: 10 | F86: Major Agency/MQs | G86: DCY added to major agency/series purpose. MQs re-ordered per EO
A87: 45571 | B87: 69462 | C87: Human Services Developer 2 | D87: 13 | E87: 12 | F87: Major Agency/MQs | G87: DCY added to major agency/series purpose. MQs re-ordered per EO
A88: 45571 | B88: 69471 | C88: Case Management Analyst | D88: 14 | E88: 32 | F88: Major Agnecy/Revisions/MQs | G88: Added DCY programs, removed some JFS wording/programs. Moved JFS programs to DCY. MQs re-ordered per EO
A89: 45571 | B89: 69711 | C89: Early Intervention Specialist | D89: 12 | E89: 13 | F89: Major Agnecy/Revisions/MQs | G89: Added DCY language, IDEA Lead Agency & DCY, class concept updates, Added job duties, Added MQ equivocates, Updated working conditions. Removed county board of DD in class concept, DOH rules on EI Added Fidelity Coach training under Training & Development. MQs re-ordered per EO EB EI certification language added under training & Development

Sheet 2022-2023 Change Log
A1: Effective Date | B1: Job code | C1: Classification | D1: BU | E1: Pay Grade | F1: Action | G1: Change to Pay Range?
A2: 44759 | B2: 66136 | C2: Unemployment Compensation Quality Assurance Specialist | D2: 22 | E2: 12 | F2: New Classification
A3: 44773 | B3: 66721 | C3: Insurance Examiner/Analyst 1 | D3: 14 | E3: 31 | F3: New Classification
A4: 44773 | B4: 66722 | C4: Insurance Examiner/Analyst 2 | D4: 14 | E4: 32 | F4: Classification Revised
A5: 44773 | B5: 66725 | C5: Insurance Examiner/Analyst Supervisor | D5: 22 | E5: 13 | F5: Classification Revised
A6: 44773 | B6: 66726 | C6: Insurance Examiner/Analyst Administrator | D6: 22 | E6: 15 | F6: Classification Revised
A7: 44787 | B7: 44111 | C7: Hospital Aide | D7: 4 | E7: 4 | F7: Removed
A8: 44787 | B8: 44113 | C8: Hospital Aide Coordinator 1 | D8: 4 | E8: 26 | F8: Removed
A9: 44787 | B9: 44112 | C9: Therapeutic Program Worker | D9: 4 | E9: 7 | F9: Classification Revised
A10: 44787 | B10: 44114 | C10: Hospital Aide Coordinator 2 | D10: 4 | E10: 27 | F10: Classification Revised
A11: 44787 | B11: 26711 | C11: Highway Patrol Trooper | D11: 1 | E11: 12 | F11: Classification Revised
A12: 44801 | B12: 85561 | C12: Surveyor 1 | D12: 7 | E12: 31 | F12: Classification Revised
A13: 44801 | B13: 85562 | C13: Surveyor 2 | D13: 7 | E13: 32 | F13: Classification Revised
... A31: 45053 | B31: 83281 | C31: Public Health Laboratory Administrator | D31: 22 | E31: 47 | F31: Classification Revised
A32: 45067 | B32: 85645 | C32: Transportation Engineer 5 | D32: 22 | E32: 16 | F32: Classification Revised | G32: No
A33: 45081 | B33: 66484 | C33: IT Internal Auditor | D33: 14 | E33: 34 | F33: Classification Revised | G33: Yes
A34: 45109 | B34: 61581 | C34: Health Care Facilities Field Surveyor- Entry | D34: 11 | E34: 12 | F34: Classification Revised | G34: No
A35: 45109 | B35: 61582 | C35: Health Care Facilities Field Surveyor- Independent | D35: 11 | E35: 13 | F35: Classification Revised | G35: No
A36: 45109 | B36: 61585 | C36: Health Care Facilities Field Surveyor Supervisor 1 | D36: 22 | E36: 14 | F36: Classification Revised | G36: No
A37: 45109 | B37: 61586 | C37: Health Care Facilities Field Surveyor Supervisor 2 | D37: 22 | E37: 15 | F37: Classification Revised | G37: No
A38: 45109 | B38: 69632 | C38: Teaching Supervisor 2 | D38: 22 | E38: 12 | F38: Classification Revised | G38: No
A39: 45109 | B39: 26713 | C39: Highway Patrol Sergeant | D39: 15 | E39: 14 | F39: Classification Revised | G39: Yes | H39: LOA pay rate change
A40: 45108 | B40: 26714 | C40: Highway Patrol Lieutenant | D40: 22 | E40: 15 | F40: Classification Revised | G40: Yes | H40: LOA pay rate change
A41: 45108 | B41: 26715 | C41: Highway Patrol Staff Lieutenant | D41: 22 | E41: 16 | F41: Classification Revised | G41: Yes | H41: LOA pay rate change
A42: 45108 | B42: 26716 | C42: Highway Patrol Captain | D42: 22 | E42: 17 | F42: Classification Revised | G42: Yes | H42: LOA pay rate change
A43: 45108 | B43: 26717 | C43: Highway Patrol Major | D43: 22 | E43: 18 | F43: Classification Revised | G43: Yes | H43: LOA pay rate change
A44: 45108 | B44: 26718 | C44: Highway Patrol Lieutenant Colonel | D44: 22 | E44: 19 | F44: Classification Revised | G44: Yes | H44: LOA pay rate change
A45: 45137 | B45: 65755 | C45: Oral Health Supervisor | D45: 22 | E45: 13 | F45: Classification Revised | G45: No | H45: Removed title language
A46: 45193 | B46: 64936 | C46: Public Safety Intelligence Administrator | D46: 22 | E46: 15 | F46: New Classification | G46: No - new | H46: Administrator level added to series
A47: 45193 | B47: 65735 | C47: Environmental Health Specialist Supervisor | D47: 22 | E47: 13 | F47: Title changed | G47: No | H47: Formerly Sanitarian specialist sup
A48: 45193 | B48: 65736 | C48: Environmental Health Specialist Administrator 1 | D48: 22 | E48: 14 | F48: Title changed | G48: No | H48: Formerly Sanitarian PA1
A49: 45193 | B49: 65737 | C49: Environmental Health Specialist Administrator 2 | D49: 22 | E49: 15 | F49: Title changed | G49: No | H49: Formerly Sanitarian PA 2
A50: 45193 | B50: 63521 | C50: BWC Employer Service Representative | D50: 9 | E50: 28 | F50: deleted | G50: No
A51: 45193 | B51: 24334 | C51: Driver License Examiner Field Representative | D51: 7 | E51: 29 | F51: new classificiation | G51: No - new
A52: 45193 | B52: 24162 | C52: Plumbing Inspector Trainee | D52: 7 | E52: 28 | F52: Title changed; new PR | G52: Yes | H52: Plumbing Inspector 1
A53: 45193 | B53: 24161 | C53: Plumbing Inspector | D53: 7 | E53: 32 | F53: Title changed; new PR | G53: Yes | H53: Plumbing Inspector 2
A54: 45193 | B54: 65731 | C54: Environmental Health Specialist 1 | D54: 13 | F54: Title changed | G54: No | H54: Sanitarian Program Specialist 1
A55: 45193 | B55: 65732 | C55: Environmental Health Specialist 2 | D55: 13 | F55: Title changed | G55: No | H55: Sanitarian Program Specialist
A56: 45193 | B56: 64451 | C56: BWC Customer Service Representative | D56: 8 | E56: 28 | F56: Classification Revised | G56: No | H56: merged with another spec
A57: 45193 | B57: 24333 | C57: Driver License Examiner 2 (Lead Worker) | F57: Classification Revised | G57: No | H57: language changes
A58: 45193 | B58: 24331 | C58: Driver License Examiner 1 | D58: 7 | E58: 29 | F58: Classification Revised | G58: No | H58: language changes
A59: 45193 | B59: 24332 | C59: CDL Field Representative | F59: Classification Revised | G59: No | H59: language changes
A60: 45193 | B60: 64931 | C60: Public Safety Intelligence Analyst | F60: Classification Revised | G60: No | H60: language changes
A61: 45193 | B61: 64935 | C61: Public Safety Intelligence Manager | F61: Classification Revised | G61: No | H61: language changes
A62: 45221 | B62: 16749 | C62: Unemployment Compensation Manager 2 | D62: 22 | F62: deleted | G62: No | H62: Deleted
A63: 45221 | B63: 66127 | C63: Unemployment Contribution Supervisor | D63: 22 | F63: deleted | G63: No | H63: Deleted
A64: 45249 | B64: 53261 | C64: Soils & Foundation Technician | D64: 6 | E64: 28 | F64: Class revision | G64: No | H64: removed the Class A CDL requirement from minimum qualification statement and replace it with a Class B CDL requirement, and allow for employees to obtain a Class A CDL during initial probationary period for both the bargaining unit and exempt classification levels.
A65: 45249 | B65: 53265 | C65: Soils & Foundation Supervisor | D65: 22 (Exempt) | E65: 10 | F65: Class revision | G65: No | H65: removed the Class A CDL requirement from minimum qualification statement and replace it with a Class B CDL requirement, and allow for employees to obtain a Class A CDL during initial probationary period for both the bargaining unit and exempt classification levels.
A66: 45249 | B66: 64171 | C66: Information Technology Procurement Analyst 1 | D66: 14 | E66: 34 | F66: Class revision & Title Change | H66: Title change from "Computer Acquisition Analyst 1". Added requirement to obtain Certified Professional Public Buyer (CPPB) or Certified Ohio Procurement Agent (COPA) within 1 year of eligibility or within 4 years of accepting position in the classification. Minor edits to job duties to reflect title change
A67: 45249 | B67: 64172 | C67: Information Technology Procurement Analyst 2 | D67: 14 | E67: 35 | F67: Class revision & Title Change | H67: Title change from "Computer Acquisition Analyst 2". Added requirement to obtain Certified Professional Public Buyer (CPPB) or Certified Ohio Procurement Agent (COPA) within 1 year of eligibility or within 4 years of accepting position in the classification. Minor edits to MQs to reflect title change
A68: 45249 | B68: 64173 | C68: Information Technology Procurement Analyst 3 | D68: 14 | E68: 36 | F68: Class revision & Title Change | H68: Title change from "Computer Acquisition Analyst 3". Added requirement to obtain Certified Professional Public Buyer (CPPB) or Certified Ohio Procurement Agent (COPA) within 1 year of eligibility or within 4 years of accepting position in the classification. Minor edits to job duties & MQs to reflect title change
A69: 45249 | B69: 64175 | C69: Information Technology Procurement Supervisor | D69: Exempt | E69: 17 | F69: Class revision & Title Change | H69: Title change from "Computer Acquisition Supervisor". Added requirement to obtain Certified Professional Public Buyer (CPPB) or Certified Ohio Procurement Agent (COPA) within 1 year of eligibility or within 4 years of accepting position in the classification. Minor edits to job duties & MQs to reflect title change
A70: 45249 | B70: 24320 | C70: BMV Investigator Associate | D70: 14 | E70: 28 | F70: Class revision & Title Change | H70: Title change & minor edits to spec (i.e., formatting, grammar, spelling, etc..).
A71: 45249 | B71: 24321 | C71: BMV Investigator | D71: 14 | E71: 31 | F71: Class revision & Title Change | H71: Title change, edits to job duties to reflect the position's change into a more complex & independently performed role (e.g., independently conducts investigations, analyzes complaints/data, assists &/or conducts joint investigations, provides subject matter testimony, collects & maintains investigation records, represents assigned division at meetings, etc..). Additional Major Worker Characteristics. Edits to MQs such as increased MQs and removal of MQs. Edits to Unusual working conditions (i.e., added "angry, hostile or violent persons; work in remote or metro areas, conduct surveillance for extended periods of time, etc..").
A72: 45249 | B72: 66931 | C72: Data Analytics Specialist | D72: 14 | E72: 33 | F72: Class revision | H72: Series update, job code update (Old: 66932), Added internal MQ to account for auto progression from "Data Analytics Associates" after 36 mos.
A73: 45249 | B73: 66930 | C73: Data Analytics Associate | D73: 14 | E73: 28 | F73: New Classification | H73: New Classification
A74: 45249 | B74: 66932 | C74: Senior Data Analytics Specialist | D74: 14 | E74: 34 | F74: New Classification | H74: New Classification
A75: 45249 | B75: 66935 | C75: Data Scientist | D75: Exempt | E75: 14 | F75: New Classification | H75: New Classification
A76: 45249 | B76: 66936 | C76: Data Analytics Supervisor/Lead | D76: Exempt | E76: 15 | F76: New Classification | H76: New Classification
A77: 45249 | B77: 66937 | C77: Data Analytics Manager | D77: Exempt | E77: 16 | F77: New Classification | H77: New Classification
A78: 45249 | B78: 66938 | C78: Data Analytics Administrator | D78: Exempt | E78: 17 | F78: New Classification | H78: New Classification
A79: 45249 | B79: 69991 | C79: Agency Information Security Professional 1 | D79: 14 | E79: 34 | F79: New Classification | H79: New Classification
A80: 45249 | B80: 69992 | C80: Agency Information Security Professional 2 | D80: 14 | E80: 35 | F80: New Classification | H80: New Classification
A81: 12.17.2023 | B81: 23455 | C81: Cannabis/Marijuana Compliance Supervisor | D81: EX | E81: 12 | F81: New Classification | G81: New Classification | H81: Yes | I81: N/A
A82: 12.17.2026 | B82: 22265 | C82: Wildlife District Manager | D82: EX | E82: 15 | F82: Pay Grade Change | G82: PR change (PR 14 to PR 15) | H82: No | I82: No
A83: 12.17.2027 | B83: 22295 | C83: Wildlife Officer Supervisor | D83: EX | E83: 14 | F83: Pay Grade Change | G83: PR change (PR 13 to PR 14) | H83: No | I83: No
A84: 12.17.2028 | B84: 22297 | C84: Wildlife Officer Program Manager | D84: EX | E84: 15 | F84: Pay Grade Change | G84: PR change (PR 14 to PR 15) | H84: No | I84: No
A85: 12.17.2029 | B85: 22525 | C85: Natural Resources Lieutenant | D85: EX | E85: 13 | F85: Pay Grade Change | G85: Pay range change (PR 12 to PR 13) | H85: No | I85: No
A86: 12.17.2030 | B86: 22526 | C86: Natural Resources Captain | D86: EX | E86: 14 | F86: Pay Grade Change | G86: Additional job duties: Direct/coordinate a statewide division law enforcement program. Pay range change (PR 13 to PR 14) | H86: No | I86: No
A87: 12.17.2031 | B87: 22527 | C87: Natural Resources Major | D87: EX | E87: 15 | F87: Pay Grade Change | G87: Additional job duties: Administer a statewide division law enforcement program. Pay range change (PR 14 to PR 15) | H87: No | I87: No
A88: 12.17.2032 | B88: 22921 | C88: Natural Resources Staff Officer 1 | D88: EX | E88: 13 | F88: Pay Grade Change | G88: PR Change (PR 12 to PR 13) | H88: No | I88: No
A89: 12.17.2033 | B89: 22922 | C89: Natural Resources Staff Officer 2 | D89: EX | E89: 14 | F89: Pay Grade Change | G89: PR Change (PR 13 to PR 14) | H89: No | I89: No
A90: 12.17.2034 | B90: 22923 | C90: Natural Resources Staff Officer 3 | D90: EX | E90: 15 | F90: Pay Grade Change | G90: PR Change (PR 14 to PR 15) | H90: No | I90: No
A91: 12.17.2035 | B91: 22924 | C91: Natural Resources Staff Officer 4 | D91: EX | E91: 16 | F91: Pay Grade Change | G91: PR Change (PR 15 to PR 16) | H91: No | I91: No
A92: 12.17.2036 | B92: 22925 | C92: Natural Resources Staff Administrator | D92: EX | E92: 17 | F92: Pay Grade Change | G92: PR Change (PR 16 to PR 17) | H92: No | I92: No
... A97: 12.17.2036 | B97: 66938 | C97: Data Analytics Administrator | D97: EX | E97: 17 | F97: Revision | G97: Fixing typo of job code number within spec | H97: No | I97: No
A98: 12.17.2037 | B98: 23451 | C98: Cannabis/Marijuana Compliance Inspector | D98: 7 | E98: 31 | F98: New Classification | G98: New Classification | H98: Yes | I98: N/A
A99: 12.17.2038 | B99: 54421 | C99: Dredge Operator 1 | D99: 6 | E99: 6 | F99: Revision | G99: Change to developmental level, Added job duties, MWCs. Added 6 mos. exp. in equipment safety to MQs and auto-progression to DO 2 upon obtaining a valid CDL and probationary period. | H99: Yes | I99: Yes
A100: 12.17.2039 | B100: 54422 | C100: Dredge Operator 2 | D100: 6 | E100: 7 | F100: Revision | G100: Removed Lead work, added job duties, changes to MWCs. Added 6 mos. exp. in equipment safety to MQs and internal MQ to account for auto-progression | H100: Yes | I100: Yes
A101: 12.17.2034 | B101: 54423 | C101: Dredge Operator 3 | D101: 6 | E101: 8 | F101: Revision/New Classification | G101: New Classification in series, lead worker | H101: Yes | I101: N/A
A102: 12.17.2035 | B102: 66421 | C102: Internal EDP Auditor 1 | D102: 14 | E102: 30 | F102: Revision | G102: Removed COBOL & generalized language in MQs to now read: Completion of undergraduate core coursework in computer science including at least 2 courses in computer programming language (e.g., C++, PYTHON, LISP, JAVA, and/or Advanced C Programming). | H102: Yes | I102: No
A103: 12.17.2036 | B103: 69604 | C103: Education Program Specialist | D103: 14 | E103: E3 | F103: Major Agencies Update | G103: Added Ohio State Board of Education AND Department of Child and Youth Services to list of agencies that can use classification series. | H103: No | I103: No

Sheet 2025 Change Log
A1: Effective Date | B1: Job code | C1: Classification | D1: BU | E1: Pay range | F1: Action | G1: Specific Action
A2: 45725 | B2: 61910 | C2: Transportation Construction Manager | D2: EX | E2: 12 | F2: New Classification | G2: New Class
A3: 45725 | B3: 61911 | C3: Transportation Administrator | D3: EX | E3: 14 | F3: Revisions/MQ changes | G3: Revised job duties to include Complex constrctuon project require, in addition to "&/Or" statement for overall county projects. MQ changes: Added "in County/Highway Operations:" to first MQ. Added "In Construction:" to second MQ, Added "Construction Engineering Technology" to list of UG core programs. Mos. Exp. or Trg. changed from 36 to 24.Added "12 mos. trg. or exp. in critcal path method scheduling software"
A4: 45725 | B4: 64331 | C4: Cancer Registrar | D4: 14 | E4: 29 | F4: Revisions | G4: Training & Development: Removed "5% pay supplement language. Changed National borad for certification of registrars to National Cancer Registrars association.
A5: 45725 | B5: 66563T | C5: Senior Financial Analyst | D5: 55 | E5: 32 | F5: New Classification | G5: New Class for Ohio Treasurer of State (TOS)
A13: 45935 | B13: 69462 | C13: Human Services Developer 2 | D13: 1199 | E13: 13 | F13: Deletion | G13: Deleting classification & moving it to Human Services Specialist class series
A14: 45935 | B14: 69453 | C14: Human Services Developer | D14: 1199 | E14: 13 | F14: New Classification | G14: Moved classification to Human Services Specialist class series. No MQ Changes
A15: 45935 | B15: 69456 | C15: Human Services Manager | D15: EX | E15: 14 | F15: New Classification | G15: New Classification
A16: 45935 | B16: 69457 | C16: Human Servces Administrator 1 | D16: EX | E16: 15 | F16: New Classification | G16: New Classification
A17: 45935 | B17: 69458 | C17: Human Services Administrator 2 | D17: EX | E17: 16 | F17: New Classification | G17: New Classification
A18: 45935 | B18: 69930 | C18: Infrastructure Specialist Associate | D18: 14 | E18: 30 | F18: New Classification | G18: New Classification
A19: 45935 | B19: 69940 | C19: Software Development Associate | D19: 14 | E19: 30 | F19: New Classification | G19: New Classification
A20: 45935 | B20: 69950 | C20: Database Administration Associate | D20: 14 | E20: 30 | F20: New Classification | G20: New Classification
A21: 45935 | B21: 69910 | C21: Information Technology Apprentice | D21: 14 | E21: 29 | F21: New Classification | G21: New Classification
